Workbook
Name y: INDIRECT(#REF!)
Name ウェイト: #REF!
Name 客観指標: #REF!
Name 客観指標: #REF!
Name 客観指標: #REF!
Name 市民実感: #REF!
Name 市民実感: #REF!
Name 市民実感: #REF!
Name 重み付け: #REF!
Name 評価: #REF!
Name 矢印: INDIRECT(#REF!)
Name 矢印: INDIRECT(#REF!)
Name 矢印: INDIRECT(#REF!)

Sheet 01政策評価 (見方)
A2: 政策 番号 | B2: 政策分野名 | C2: 基本情報 | G2: 令和3年度 | CF2: 令和8年度 | FE2: 令和5年度 | ID2: 令和6年度 | LC2: 令和7年度
C3: 基本方針 | D3: 担当局 | E3: 共管局 | F3: 政策に関係する主な分野別計画等 | G3: 政策の評価 | BW3: 今後の方向性の検討 | CF3: 政策の評価 | EV3: 今後の方向性の検討 | FE3: 政策の評価 | HU3: 今後の方向性の検討 | ID3: 政策の評価 | KT3: 今後の方向性の検討 | LC3: 政策の評価 | NS3: 今後の方向性の検討
G4: 政策の客観指標評価 | Q4: 政策の客観指標評価計算 | AA4: 施策の客観指標評価 | AJ4: 政策の客観指標評価計算 | AS4: 政策の 客観指標 総合評価 (ｱ):(ｲ)=1:0.5 | AT4: 政策の客観指標総合評価計算 | AW4: 市民生活実感評価 | BF4: 市民生活実感評価計算 | BO4: 政策の重要度 | BQ4: 総合評価 | BS4: 総合評価の判断理由 | BU4: 現状・原因分析 | BW4: 施策の総合評価 | CE4: 今後の方向性 | CF4: 政策の客観指標評価 | CP4: 政策の客観指標評価計算 | CZ4: 施策の客観指標評価 | DI4: 施策の客観指標評価計算 | DR4: 政策の 客観指標 総合評価 (ｱ):(ｲ)=1:0.5 | DS4: 政策の客観指標総合評価計算 | DV4: 市民生活実感評価 | EE4: 市民生活実感評価計算 | EN4: 政策の重要度 | EP4: 総合評価 | ER4: 総合評価の判断理由 | ET4: 現状・原因分析 | EV4: 施策の総合評価 | FD4: 今後の方向性 | FE4: 政策の客観指標評価 | FO4: 政策の客観指標評価計算 | FY4: 施策の客観指標評価 | GH4: 施策の客観指標評価計算 | GQ4: 政策の 客観指標 総合評価 (ｱ):(ｲ)=1:0.5 | GR4: 政策の客観指標総合評価計算 | GU4: 市民生活実感評価 | HD4: 市民生活実感評価計算 | HM4: 政策の重要度 | HO4: 総合評価 | HQ4: 総合評価の判断理由 | HS4: 現状・原因分析 | HU4: 施策の総合評価 | IC4: 今後の方向性 | ID4: 政策の客観指標評価 | IN4: 政策の客観指標評価計算 | IX4: 施策の客観指標評価 | JG4: 施策の客観指標評価計算 | JP4: 政策の 客観指標 総合評価 (ｱ):(ｲ)=1:0.5 | JQ4: 政策の客観指標総合評価計算 | JT4: 市民生活実感評価 | KC4: 市民生活実感評価計算 | KL4: 政策の重要度 | KN4: 総合評価 | KP4: 総合評価の判断理由 | KR4: 現状・原因分析 | KT4: 施策の総合評価 | LB4: 今後の方向性 | LC4: 政策の客観指標評価 | LM4: 政策の客観指標評価計算 | LW4: 施策の客観指標評価 | MF4: 施策の客観指標評価計算 | MO4: 政策の 客観指標 総合評価 (ｱ):(ｲ)=1:0.5 | MP4: 政策の客観指標総合評価計算 | MS4: 市民生活実感評価 | NB4: 市民生活実感評価計算 | NK4: 政策の重要度 | NM4: 総合評価 | NO4: 総合評価の判断理由 | NQ4: 現状・原因分析 | NS4: 施策の総合評価 | OA4: 今後の方向性
G5: 1 | H5: 2 | I5: 3 | J5: 4 | K5: 5 | L5: 6 | M5: 7 | N5: 8 | O5: 9 | P5: 平均 (ｱ) | Q5: 1 | R5: 2 | S5: 3 | T5: 4 | U5: 5 | V5: 6 | W5: 7 | X5: 8 | Y5: 9 | Z5: 得点率 | AA5: 1 | AB5: 2 | AC5: 3 | AD5: 4 | AE5: 5 | AF5: 6 | AG5: 7 | AH5: 8 | AI5: 平均 (ｲ) | AJ5: 1 | AK5: 2 | AL5: 3 | AM5: 4 | AN5: 5 | AO5: 6 | AP5: 7 | AQ5: 8 | AR5: 得点率 | AT5: 政策 | AU5: 施策 | AV5: 総合 | AW5: 1 | AX5: 2 | AY5: 3 | AZ5: 4 | BA5: 5 | BB5: 6 | BC5: 7 | BD5: 8 | BE5: 平均 | BF5: 1 | BG5: 2 | BH5: 3 | BI5: 4 | BJ5: 5 | BK5: 6 | BL5: 7 | BM5: 8 | BN5: 得点率 | BO5: 順位 | BP5: ％ | BQ5: 評価 | BR5: 評語 | BS5: 重み付け | BT5: 理由 | BU5: 客観指標評価 | BV5: 市民生活実感評価 | BW5: 1 | BX5: 2 | BY5: 3 | BZ5: 4 | CA5: 5 | CB5: 6 | CC5: 7 | CD5: 8 | CF5: 1 | CG5: 2 | CH5: 3 | CI5: 4 | CJ5: 5 | CK5: 6 | CL5: 7 | CM5: 8 | CN5: 9 | CO5: 平均 (ｱ) | CP5: 1 | CQ5: 2 | CR5: 3 | CS5: 4 | CT5: 5 | CU5: 6 | CV5: 7 | CW5: 8 | CX5: 9 | CY5: 得点率 | CZ5: 1 | DA5: 2 | DB5: 3 | DC5: 4 | DD5: 5 | DE5: 6 | DF5: 7 | DG5: 8 | DH5: 平均 (ｲ) | DI5: 1 | DJ5: 2 | DK5: 3 | DL5: 4 | DM5: 5 | DN5: 6 | DO5: 7 | DP5: 8 | DQ5: 得点率 | DS5: 政策 | DT5: 施策 | DU5: 総合 | DV5: 1 | DW5: 2 | DX5: 3 | DY5: 4 | DZ5: 5 | EA5: 6 | EB5: 7 | EC5: 8 | ED5: 平均 | EE5: 1 | EF5: 2 | EG5: 3 | EH5: 4 | EI5: 5 | EJ5: 6 | EK5: 7 | EL5: 8 | EM5: 得点率 | EN5: 順位 | EO5: ％ | EP5: 評価 | EQ5: 評語 | ER5: 重み付け | ES5: 理由 | ET5: 客観指標評価 | EU5: 市民生活実感評価 | EV5: 1 | EW5: 2 | EX5: 3 | EY5: 4 | EZ5: 5 | FA5: 6 | FB5: 7 | FC5: 8 | FE5: 1 | FF5: 2 | FG5: 3 | FH5: 4 | FI5: 5 | FJ5: 6 | FK5: 7 | FL5: 8 | FM5: 9 | FN5: 平均 (ｱ) | FO5: 1 | FP5: 2 | FQ5: 3 | FR5: 4 | FS5: 5 | FT5: 6 | FU5: 7 | FV5: 8 | FW5: 9 | FX5: 得点率 | FY5: 1 | FZ5: 2 | GA5: 3 | GB5: 4 | GC5: 5 | GD5: 6 | GE5: 7 | GF5: 8 | GG5: 平均 (ｲ) | GH5: 1 | GI5: 2 | GJ5: 3 | GK5: 4 | GL5: 5 | GM5: 6 | GN5: 7 | GO5: 8 | GP5: 得点率 | GR5: 政策 | GS5: 施策 | GT5: 総合 | GU5: 1 | GV5: 2 | GW5: 3 | GX5: 4 | GY5: 5 | GZ5: 6 | HA5: 7 | HB5: 8 | HC5: 平均 | HD5: 1 | HE5: 2 | HF5: 3 | HG5: 4 | HH5: 5 | HI5: 6 | HJ5: 7 | HK5: 8 | HL5: 得点率 | HM5: 順位 | HN5: ％ | HO5: 評価 | HP5: 評語 | HQ5: 重み付け | HR5: 理由 | HS5: 客観指標評価 | HT5: 市民生活実感評価 | HU5: 1 | HV5: 2 | HW5: 3 | HX5: 4 | HY5: 5 | HZ5: 6 | IA5: 7 | IB5: 8 | ID5: 1 | IE5: 2 | IF5: 3 | IG5: 4 | IH5: 5 | II5: 6 | IJ5: 7 | IK5: 8 | IL5: 9 | IM5: 平均 (ｱ) | IN5: 1 | IO5: 2 | IP5: 3 | IQ5: 4 | IR5: 5 | IS5: 6 | IT5: 7 | IU5: 8 | IV5: 9 | IW5: 得点率 | IX5: 1 | IY5: 2 | IZ5: 3 | JA5: 4 | JB5: 5 | JC5: 6 | JD5: 7 | JE5: 8 | JF5: 平均 (ｲ) | JG5: 1 | JH5: 2 | JI5: 3 | JJ5: 4 | JK5: 5 | JL5: 6 | JM5: 7 | JN5: 8 | JO5: 得点率 | JQ5: 政策 | JR5: 施策 | JS5: 総合 | JT5: 1 | JU5: 2 | JV5: 3 | JW5: 4 | JX5: 5 | JY5: 6 | JZ5: 7 | KA5: 8 | KB5: 平均 | KC5: 1 | KD5: 2 | KE5: 3 | KF5: 4 | KG5: 5 | KH5: 6 | KI5: 7 | KJ5: 8 | KK5: 得点率 | KL5: 順位 | KM5: ％ | KN5: 評価 | KO5: 評語 | KP5: 重み付け | KQ5: 理由 | KR5: 客観指標評価 | KS5: 市民生活実感評価 | KT5: 1 | KU5: 2 | KV5: 3 | KW5: 4 | KX5: 5 | KY5: 6 | KZ5: 7 | LA5: 8 | LC5: 1 | LD5: 2 | LE5: 3 | LF5: 4 | LG5: 5 | LH5: 6 | LI5: 7 | LJ5: 8 | LK5: 9 | LL5: 平均 (ｱ) | LM5: 1 | LN5: 2 | LO5: 3 | LP5: 4 | LQ5: 5 | LR5: 6 | LS5: 7 | LT5: 8 | LU5: 9 | LV5: 得点率 | LW5: 1 | LX5: 2 | LY5: 3 | LZ5: 4 | MA5: 5 | MB5: 6 | MC5: 7 | MD5: 8 | ME5: 平均 (ｲ) | MF5: 1 | MG5: 2 | MH5: 3 | MI5: 4 | MJ5: 5 | MK5: 6 | ML5: 7 | MM5: 8 | MN5: 得点率 | MP5: 政策 | MQ5: 施策 | MR5: 総合 | MS5: 1 | MT5: 2 | MU5: 3 | MV5: 4 | MW5: 5 | MX5: 6 | MY5: 7 | MZ5: 8 | NA5: 平均 | NB5: 1 | NC5: 2 | ND5: 3 | NE5: 4 | NF5: 5 | NG5: 6 | NH5: 7 | NI5: 8 | NJ5: 得点率 | NK5: 順位 | NL5: ％ | NM5: 評価 | NN5: 評語 | NO5: 重み付け | NP5: 理由 | NQ5: 客観指標評価 | NR5: 市民生活実感評価 | NS5: 1 | NT5: 2 | NU5: 3 | NV5: 4 | NW5: 5 | NX5: 6 | NY5: 7 | NZ5: 8
A6: 1 | B6: 環境 | C6: 豊かな地球環境を未来へ引き継ぐために、地球温暖化対策、生物多様性保全、ごみ減量等の課題に対し市民、事業者、地域団体、行政等のオール京都で、これまでの延長にとどまらない取組を実践し、2050年までの二酸化炭素排出量「正味ゼロ」等の目標達成に向け、さまざまな政策分野において、自然との共生を楽しむ環境と調和した持続可能な社会の実現をめざす。 | D6: 環境政策局 | G6: =VLOOKUP($A6&"-"&G$5,#REF!,COLUMN(#REF!),FALSE) -> #REF! | H6: =VLOOKUP($A6&"-"&H$5,#REF!,COLUMN(#REF!),FALSE) -> #REF! | I6: =VLOOKUP($A6&"-"&I$5,#REF!,COLUMN(#REF!),FALSE) -> #REF! | J6: =VLOOKUP($A6&"-"&J$5,#REF!,COLUMN(#REF!),FALSE) -> #REF! | K6: =VLOOKUP($A6&"-"&K$5,#REF!,COLUMN(#REF!),FALSE) -> #REF! | L6: =VLOOKUP($A6&"-"&L$5,#REF!,COLUMN(#REF!),FALSE) -> #REF! | M6: =VLOOKUP($A6&"-"&M$5,#REF!,COLUMN(#REF!),FALSE) -> #REF! | N6: =VLOOKUP($A6&"-"&N$5,#REF!,COLUMN(#REF!),FALSE) -> #REF! | O6: =VLOOKUP($A6&"-"&O$5,#REF!,COLUMN(#REF!),FALSE) -> #REF! | P6: =_xlfn.IFS(Z6="-","-",Z6>=0.8,"a",Z6>=0.6,"b",Z6>=0.4,"c",Z6>=0.2,"d",Z6<0.2,"e") -> - | Q6: =_xlfn.SWITCH(G6,"a",4,"b",3,"c",2,"d",1,"e",0,"-","") -> #REF! | R6: =_xlfn.SWITCH(H6,"a",4,"b",3,"c",2,"d",1,"e",0,"-","") -> #REF! | S6: =_xlfn.SWITCH(I6,"a",4,"b",3,"c",2,"d",1,"e",0,"-","") -> #REF! | T6: =_xlfn.SWITCH(J6,"a",4,"b",3,"c",2,"d",1,"e",0,"-","") -> #REF! | U6: =_xlfn.SWITCH(K6,"a",4,"b",3,"c",2,"d",1,"e",0,"-","") -> #REF! | V6: =_xlfn.SWITCH(L6,"a",4,"b",3,"c",2,"d",1,"e",0,"-","") -> #REF! | W6: =_xlfn.SWITCH(M6,"a",4,"b",3,"c",2,"d",1,"e",0,"-","") -> #REF! | X6: =_xlfn.SWITCH(N6,"a",4,"b",3,"c",2,"d",1,"e",0,"-","") -> #REF! | Y6: =_xlfn.SWITCH(O6,"a",4,"b",3,"c",2,"d",1,"e",0,"-","") -> #REF! | Z6: =IF(COUNT(Q6:Y6)=0,"-",SUM(Q6:Y6)/COUNT(Q6:Y6)/4) -> - | AA6: =IFERROR(VLOOKUP($A6*100+AA$5,#REF!,COLUMN(#REF!),FALSE),"-") -> - | AB6: =IFERROR(VLOOKUP($A6*100+AB$5,#REF!,COLUMN(#REF!),FALSE),"-") -> - | AC6: =IFERROR(VLOOKUP($A6*100+AC$5,#REF!,COLUMN(#REF!),FALSE),"-") -> - | AD6: =IFERROR(VLOOKUP($A6*100+AD$5,#REF!,COLUMN(#REF!),FALSE),"-") -> - | AE6: =IFERROR(VLOOKUP($A6*100+AE$5,#REF!,COLUMN(#REF!),FALSE),"-") -> - | AF6: =IFERROR(VLOOKUP($A6*100+AF$5,#REF!,COLUMN(#REF!),FALSE),"-") -> - | AG6: =IFERROR(VLOOKUP($A6*100+AG$5,#REF!,COLUMN(#REF!),FALSE),"-") -> - | AH6: =IFERROR(VLOOKUP($A6*100+AH$5,#REF!,COLUMN(#REF!),FALSE),"-") -> - | AI6: =_xlfn.IFS(AR6="-","-",AR6>=0.8,"a",AR6>=0.6,"b",AR6>=0.4,"c",AR6>=0.2,"d",AR6<0.2,"e") -> - | AJ6: =_xlfn.SWITCH(AA6,"a",4,"b",3,"c",2,"d",1,"e",0,"-","") | AK6: =_xlfn.SWITCH(AB6,"a",4,"b",3,"c",2,"d",1,"e",0,"-","") | AL6: =_xlfn.SWITCH(AC6,"a",4,"b",3,"c",2,"d",1,"e",0,"-","") | AM6: =_xlfn.SWITCH(AD6,"a",4,"b",3,"c",2,"d",1,"e",0,"-","") | AN6: =_xlfn.SWITCH(AE6,"a",4,"b",3,"c",2,"d",1,"e",0,"-","") | AO6: =_xlfn.SWITCH(AF6,"a",4,"b",3,"c",2,"d",1,"e",0,"-","") | AP6: =_xlfn.SWITCH(AG6,"a",4,"b",3,"c",2,"d",1,"e",0,"-","") | AQ6: =_xlfn.SWITCH(AH6,"a",4,"b",3,"c",2,"d",1,"e",0,"-","") | AR6: =IF(COUNT(AJ6:AQ6)=0,"-",SUM(AJ6:AQ6)/COUNT(AJ6:AQ6)/4) -> - | AS6: =_xlfn.IFS(AV6="-","-",AV6>=0.8,"a",AV6>=0.6,"b",AV6>=0.4,"c",AV6>=0.2,"d",AV6<0.2,"e") -> - | AT6: =_xlfn.SWITCH(P6,"a",4,"b",3,"c",2,"d",1,"e",0,"-","") | AU6: =_xlfn.SWITCH(AI6,"a",4/2,"b",3/2,"c",2/2,"d",1/2,"e",0,"-","") | AV6: {=_xlfn.IFS(COUNT(AT6:AU6)=2,SUM(AT6:AU6)/6,COUNT(AT6:AU6)=0,"-",AT6="",AR6,AU6="",Z6)} -> - | AW6: =VLOOKUP($A6&"-"&AW$5,#REF!,COLUMN(#REF!),FALSE) -> #REF! | AX6: =VLOOKUP($A6&"-"&AX$5,#REF!,COLUMN(#REF!),FALSE) -> #REF! | AY6: =VLOOKUP($A6&"-"&AY$5,#REF!,COLUMN(#REF!),FALSE) -> #REF! | AZ6: =VLOOKUP($A6&"-"&AZ$5,#REF!,COLUMN(#REF!),FALSE) -> #REF! | BA6: =VLOOKUP($A6&"-"&BA$5,#REF!,COLUMN(#REF!),FALSE) -> #REF! | BB6: =VLOOKUP($A6&"-"&BB$5,#REF!,COLUMN(#REF!),FALSE) -> #REF! | BC6: =VLOOKUP($A6&"-"&BC$5,#REF!,COLUMN(#REF!),FALSE) -> #REF! | BD6: =VLOOKUP($A6&"-"&BD$5,#REF!,COLUMN(#REF!),FALSE) -> #REF! | BE6: =_xlfn.IFS(BN6>=0.8,"a",BN6>=0.6,"b",BN6>=0.4,"c",BN6>=0.2,"d",BN6<0.2,"e") -> #REF! | BF6: =_xlfn.SWITCH(AW6,"a",4,"b",3,"c",2,"d",1,"e",0,"-","") -> #REF! | BG6: =_xlfn.SWITCH(AX6,"a",4,"b",3,"c",2,"d",1,"e",0,"-","") -> #REF! | BH6: =_xlfn.SWITCH(AY6,"a",4,"b",3,"c",2,"d",1,"e",0,"-","") -> #REF! | BI6: =_xlfn.SWITCH(AZ6,"a",4,"b",3,"c",2,"d",1,"e",0,"-","") -> #REF! | BJ6: =_xlfn.SWITCH(BA6,"a",4,"b",3,"c",2,"d",1,"e",0,"-","") -> #REF! | BK6: =_xlfn.SWITCH(BB6,"a",4,"b",3,"c",2,"d",1,"e",0,"-","") -> #REF! | BL6: =_xlfn.SWITCH(BC6,"a",4,"b",3,"c",2,"d",1,"e",0,"-","") -> #REF! | BM6: =_xlfn.SWITCH(BD6,"a",4,"b",3,"c",2,"d",1,"e",0,"-","") -> #REF! | BN6: =SUM(BF6:BM6)/COUNT(BF6:BM6)/4 -> #REF! | BO6: =VLOOKUP($A6,#REF!,3,FALSE) -> #REF! | BP6: =VLOOKUP($A6,#REF!,4,FALSE) -> #REF! | BQ6: A | BR6: 政策の目的が十分に達成されている | BS6: 客観指標 | BT6: ２０５０年までの二酸化炭素排出量「正味ゼロ」等の目標達成を目指しており，効果測定に客観指標の数値が直結するため，客観指標評価を重視する。 | BU6: 市民・事業者の皆様による節電をはじめとする省エネルギーの取組，太陽光発電等の再生可能エネルギーの導入拡大により，温室効果ガス排出量，エネルギー消費量共に前年度から削減が進み，ごみ量についても着実に減少したことからａ評価となったと考えられる。 | BV6: 「マイバッグの利用やごみの分別・リサイクルの徹底など，ごみの出ないくらしと事業活動が広がっている。」という生活実感がｂ評価となっていることをはじめ，全体的に高い評価となっていることから，施策の周知が行き渡っており，またその効果が市民の実感にも表れていると考えられる。 | BW6: =IFERROR(VLOOKUP($A6*100+BW$5,#REF!,COLUMN(#REF!),FALSE),"-") -> - | BX6: =IFERROR(VLOOKUP($A6*100+BX$5,#REF!,COLUMN(#REF!),FALSE),"-") -> - | BY6: =IFERROR(VLOOKUP($A6*100+BY$5,#REF!,COLUMN(#REF!),FALSE),"-") -> - | BZ6: =IFERROR(VLOOKUP($A6*100+BZ$5,#REF!,COLUMN(#REF!),FALSE),"-") -> - | CA6: =IFERROR(VLOOKUP($A6*100+CA$5,#REF!,COLUMN(#REF!),FALSE),"-") -> - | CB6: =IFERROR(VLOOKUP($A6*100+CB$5,#REF!,COLUMN(#REF!),FALSE),"-") -> - | CC6: =IFERROR(VLOOKUP($A6*100+CC$5,#REF!,COLUMN(#REF!),FALSE),"-") -> - | CD6: =IFERROR(VLOOKUP($A6*100+CD$5,#REF!,COLUMN(#REF!),FALSE),"-") -> - | CE6: 客観指標評価が高評価となったことから，総合評価結果はＡ評価となった。温室効果ガス排出量については，京都市地球温暖化対策計画に基づき，ライフスタイル，ビジネス，エネルギー，モビリティの４つの分野の転換や，森林・農地等の二酸化炭素の吸収源対策の強化等を図ることで，2050年「正味ゼロ」を目指す。また，ごみ焼却量については，引き続き，京都市循環型社会推進基本計画に基づき，市民・事業者の皆様と共に２Ｒ及び分別リサイクルの推進等に取り組むことで，更なる削減を進める。これらにより，基本方針にある環境と調和した持続可能な社会の実現を目指していく。 | CF6: c | CG6: a | CH6: - | CI6: - | CJ6: - | CK6: - | CL6: - | CM6: - | CN6: - | CO6: b | CP6: 2 | CQ6: 4 | CY6: 0.75 | CZ6: b | DA6: b | DB6: a | DC6: a | DD6: - | DE6: - | DF6: - | DG6: - | DH6: a | DI6: 3 | DJ6: 3 | DK6: 4 | DL6: 4 | DQ6: 0.875 | DR6: a | DS6: =_xlfn.SWITCH(CO6,"a",4,"b",3,"c",2,"d",1,"e",0,"-","") -> 3 | DT6: =_xlfn.SWITCH(DH6,"a",4/2,"b",3/2,"c",2/2,"d",1/2,"e",0,"-","") -> 2 | DU6: {=_xlfn.IFS(COUNT(DS6:DT6)=2,SUM(DS6:DT6)/6,COUNT(DS6:DT6)=0,"-",DS6="",DQ6,DT6="",CY6)} -> 0.83333333 | DV6: c | DW6: c | DX6: b | DY6: c | DZ6: - | EA6: - | EB6: - | EC6: - | ED6: c | EE6: 2 | EF6: 2 | EG6: 3 | EH6: 2 | EM6: 0.5625 | EN6: 5 | EO6: 76.487455 | EP6: B | EQ6: 政策の目的がかなり達成されている | ER6: 客観指標 | ES6: 2050年までの二酸化炭素排出量「正味ゼロ」等の目標達成を目指しており、効果測定に客観指標の数値が直結するため、客観指標評価を重視する。 | ET6: 政策の指標である「温室効果ガス排出量削減率」は、前年度比でエネルギー消費量が増加し、温室効果ガス排出量がほぼ横ばいとなったため、ｃ評価となった。一方、「ごみ焼却量の削減量」について、ごみ量が着実に減少し、ａ評価となった等の理由により、全体でａ評価となった。 | EU6: 「マイバッグの利用やごみの分別を徹底する」という実感は概ね肯定的に評価されているが、「環境に配慮した行動を実践する社会になっている」や「暮らしの中で、環境について学び、実践する人が増加している」という実感を得にくかったこと等から、全体ではｃ評価になったと考えられる。 | EV6: C | EW6: B | EX6: A | EY6: B | EZ6: - | FA6: - | FB6: - | FC6: - | FD6: 客観指標評価がａ評価となり、市民生活実感評価がｃ評価となったことから、総合評価結果はＢ評価となった。 令和8年3月に改定した環境基本計画に基づき、再生可能エネルギーの普及拡大と省エネ対策の促進等による「脱炭素社会づくり」、生活環境の保全や生物多様性豊かな自然環境の持続可能な利用と保全等による「自然共生社会づくり」、2Rや分別リサイクルの推進等による資源の有効活用と環境負荷の低減を図る「循環型社会づくり」を三位一体で進めるとともに、環境教育・学習を通じた行動促進・人材育成などの「ひと・しくみづくり」に横断的に取り組むことで、基本方針にある環境と調和した持続可能な社会の実現を目指していく。 | FE6: =VLOOKUP($A6&"-"&FE$5,#REF!,COLUMN(#REF!),FALSE) -> #REF! | FF6: =VLOOKUP($A6&"-"&FF$5,#REF!,COLUMN(#REF!),FALSE) -> #REF! | FG6: =VLOOKUP($A6&"-"&FG$5,#REF!,COLUMN(#REF!),FALSE) -> #REF! | FH6: =VLOOKUP($A6&"-"&FH$5,#REF!,COLUMN(#REF!),FALSE) -> #REF! | FI6: =VLOOKUP($A6&"-"&FI$5,#REF!,COLUMN(#REF!),FALSE) -> #REF! | FJ6: =VLOOKUP($A6&"-"&FJ$5,#REF!,COLUMN(#REF!),FALSE) -> #REF! | FK6: =VLOOKUP($A6&"-"&FK$5,#REF!,COLUMN(#REF!),FALSE) -> #REF! | FL6: =VLOOKUP($A6&"-"&FL$5,#REF!,COLUMN(#REF!),FALSE) -> #REF! | FM6: =VLOOKUP($A6&"-"&FM$5,#REF!,COLUMN(#REF!),FALSE) -> #REF! | FN6: =_xlfn.IFS(FX6="-","-",FX6>=0.8,"a",FX6>=0.6,"b",FX6>=0.4,"c",FX6>=0.2,"d",FX6<0.2,"e") -> - | FO6: =_xlfn.SWITCH(FE6,"a",4,"b",3,"c",2,"d",1,"e",0,"-","") -> #REF! | FP6: =_xlfn.SWITCH(FF6,"a",4,"b",3,"c",2,"d",1,"e",0,"-","") -> #REF! | FQ6: =_xlfn.SWITCH(FG6,"a",4,"b",3,"c",2,"d",1,"e",0,"-","") -> #REF! | FR6: =_xlfn.SWITCH(FH6,"a",4,"b",3,"c",2,"d",1,"e",0,"-","") -> #REF! | FS6: =_xlfn.SWITCH(FI6,"a",4,"b",3,"c",2,"d",1,"e",0,"-","") -> #REF! | FT6: =_xlfn.SWITCH(FJ6,"a",4,"b",3,"c",2,"d",1,"e",0,"-","") -> #REF! | FU6: =_xlfn.SWITCH(FK6,"a",4,"b",3,"c",2,"d",1,"e",0,"-","") -> #REF! | FV6: =_xlfn.SWITCH(FL6,"a",4,"b",3,"c",2,"d",1,"e",0,"-","") -> #REF! | FW6: =_xlfn.SWITCH(FM6,"a",4,"b",3,"c",2,"d",1,"e",0,"-","") -> #REF! | FX6: =IF(COUNT(FO6:FW6)=0,"-",SUM(FO6:FW6)/COUNT(FO6:FW6)/4) -> - | FY6: =IFERROR(VLOOKUP($A6*100+FY$5,#REF!,COLUMN(#REF!),FALSE),"-") -> - | FZ6: =IFERROR(VLOOKUP($A6*100+FZ$5,#REF!,COLUMN(#REF!),FALSE),"-") -> - | GA6: =IFERROR(VLOOKUP($A6*100+GA$5,#REF!,COLUMN(#REF!),FALSE),"-") -> - | GB6: =IFERROR(VLOOKUP($A6*100+GB$5,#REF!,COLUMN(#REF!),FALSE),"-") -> - | GC6: =IFERROR(VLOOKUP($A6*100+GC$5,#REF!,COLUMN(#REF!),FALSE),"-") -> - | GD6: =IFERROR(VLOOKUP($A6*100+GD$5,#REF!,COLUMN(#REF!),FALSE),"-") -> - | GE6: =IFERROR(VLOOKUP($A6*100+GE$5,#REF!,COLUMN(#REF!),FALSE),"-") -> - | GF6: =IFERROR(VLOOKUP($A6*100+GF$5,#REF!,COLUMN(#REF!),FALSE),"-") -> - | GG6: =_xlfn.IFS(GP6="-","-",GP6>=0.8,"a",GP6>=0.6,"b",GP6>=0.4,"c",GP6>=0.2,"d",GP6<0.2,"e") -> - | GH6: =_xlfn.SWITCH(FY6,"a",4,"b",3,"c",2,"d",1,"e",0,"-","") | GI6: =_xlfn.SWITCH(FZ6,"a",4,"b",3,"c",2,"d",1,"e",0,"-","") | GJ6: =_xlfn.SWITCH(GA6,"a",4,"b",3,"c",2,"d",1,"e",0,"-","") | GK6: =_xlfn.SWITCH(GB6,"a",4,"b",3,"c",2,"d",1,"e",0,"-","") | GL6: =_xlfn.SWITCH(GC6,"a",4,"b",3,"c",2,"d",1,"e",0,"-","") | GM6: =_xlfn.SWITCH(GD6,"a",4,"b",3,"c",2,"d",1,"e",0,"-","") | GN6: =_xlfn.SWITCH(GE6,"a",4,"b",3,"c",2,"d",1,"e",0,"-","") | GO6: =_xlfn.SWITCH(GF6,"a",4,"b",3,"c",2,"d",1,"e",0,"-","") | GP6: =IF(COUNT(GH6:GO6)=0,"-",SUM(GH6:GO6)/COUNT(GH6:GO6)/4) -> - | GQ6: =_xlfn.IFS(GT6="-","-",GT6>=0.8,"a",GT6>=0.6,"b",GT6>=0.4,"c",GT6>=0.2,"d",GT6<0.2,"e") -> - | GR6: =_xlfn.SWITCH(FN6,"a",4,"b",3,"c",2,"d",1,"e",0,"-","") | GS6: =_xlfn.SWITCH(GG6,"a",4/2,"b",3/2,"c",2/2,"d",1/2,"e",0,"-","") | GT6: {=_xlfn.IFS(COUNT(GR6:GS6)=2,SUM(GR6:GS6)/6,COUNT(GR6:GS6)=0,"-",GR6="",GP6,GS6="",FX6)} -> - | GU6: =VLOOKUP($A6&"-"&GU$5,#REF!,COLUMN(#REF!),FALSE) -> #REF! | GV6: =VLOOKUP($A6&"-"&GV$5,#REF!,COLUMN(#REF!),FALSE) -> #REF! | GW6: =VLOOKUP($A6&"-"&GW$5,#REF!,COLUMN(#REF!),FALSE) -> #REF! | GX6: =VLOOKUP($A6&"-"&GX$5,#REF!,COLUMN(#REF!),FALSE) -> #REF! | GY6: =VLOOKUP($A6&"-"&GY$5,#REF!,COLUMN(#REF!),FALSE) -> #REF! | GZ6: =VLOOKUP($A6&"-"&GZ$5,#REF!,COLUMN(#REF!),FALSE) -> #REF! | HA6: =VLOOKUP($A6&"-"&HA$5,#REF!,COLUMN(#REF!),FALSE) -> #REF! | HB6: =VLOOKUP($A6&"-"&HB$5,#REF!,COLUMN(#REF!),FALSE) -> #REF! | HC6: =_xlfn.IFS(HL6>=0.8,"a",HL6>=0.6,"b",HL6>=0.4,"c",HL6>=0.2,"d",HL6<0.2,"e") -> #REF! | HD6: =_xlfn.SWITCH(GU6,"a",4,"b",3,"c",2,"d",1,"e",0,"-","") -> #REF! | HE6: =_xlfn.SWITCH(GV6,"a",4,"b",3,"c",2,"d",1,"e",0,"-","") -> #REF! | HF6: =_xlfn.SWITCH(GW6,"a",4,"b",3,"c",2,"d",1,"e",0,"-","") -> #REF! | HG6: =_xlfn.SWITCH(GX6,"a",4,"b",3,"c",2,"d",1,"e",0,"-","") -> #REF! | HH6: =_xlfn.SWITCH(GY6,"a",4,"b",3,"c",2,"d",1,"e",0,"-","") -> #REF! | HI6: =_xlfn.SWITCH(GZ6,"a",4,"b",3,"c",2,"d",1,"e",0,"-","") -> #REF! | HJ6: =_xlfn.SWITCH(HA6,"a",4,"b",3,"c",2,"d",1,"e",0,"-","") -> #REF! | HK6: =_xlfn.SWITCH(HB6,"a",4,"b",3,"c",2,"d",1,"e",0,"-","") -> #REF! | HL6: =SUM(HD6:HK6)/COUNT(HD6:HK6)/4 -> #REF! | HM6: =VLOOKUP($A6,#REF!,7,FALSE) -> #REF! | HN6: =VLOOKUP($A6,#REF!,8,FALSE) -> #REF! | HO6: - | HP6: =VLOOKUP(HO6,#REF!,2,FALSE) -> #REF! | HQ6: - | HU6: =IFERROR(VLOOKUP($A6*100+HU$5,#REF!,COLUMN(#REF!),FALSE),"-") -> - | HV6: =IFERROR(VLOOKUP($A6*100+HV$5,#REF!,COLUMN(#REF!),FALSE),"-") -> - | HW6: =IFERROR(VLOOKUP($A6*100+HW$5,#REF!,COLUMN(#REF!),FALSE),"-") -> - | HX6: =IFERROR(VLOOKUP($A6*100+HX$5,#REF!,COLUMN(#REF!),FALSE),"-") -> - | HY6: =IFERROR(VLOOKUP($A6*100+HY$5,#REF!,COLUMN(#REF!),FALSE),"-") -> - | HZ6: =IFERROR(VLOOKUP($A6*100+HZ$5,#REF!,COLUMN(#REF!),FALSE),"-") -> - | IA6: =IFERROR(VLOOKUP($A6*100+IA$5,#REF!,COLUMN(#REF!),FALSE),"-") -> - | IB6: =IFERROR(VLOOKUP($A6*100+IB$5,#REF!,COLUMN(#REF!),FALSE),"-") -> - | ID6: =VLOOKUP($A6&"-"&ID$5,#REF!,COLUMN(#REF!),FALSE) -> #REF! | IE6: =VLOOKUP($A6&"-"&IE$5,#REF!,COLUMN(#REF!),FALSE) -> #REF! | IF6: =VLOOKUP($A6&"-"&IF$5,#REF!,COLUMN(#REF!),FALSE) -> #REF! | IG6: =VLOOKUP($A6&"-"&IG$5,#REF!,COLUMN(#REF!),FALSE) -> #REF! | IH6: =VLOOKUP($A6&"-"&IH$5,#REF!,COLUMN(#REF!),FALSE) -> #REF! | II6: =VLOOKUP($A6&"-"&II$5,#REF!,COLUMN(#REF!),FALSE) -> #REF! | IJ6: =VLOOKUP($A6&"-"&IJ$5,#REF!,COLUMN(#REF!),FALSE) -> #REF! | IK6: =VLOOKUP($A6&"-"&IK$5,#REF!,COLUMN(#REF!),FALSE) -> #REF! | IL6: =VLOOKUP($A6&"-"&IL$5,#REF!,COLUMN(#REF!),FALSE) -> #REF! | IM6: =_xlfn.IFS(IW6="-","-",IW6>=0.8,"a",IW6>=0.6,"b",IW6>=0.4,"c",IW6>=0.2,"d",IW6<0.2,"e") -> - | IN6: =_xlfn.SWITCH(ID6,"a",4,"b",3,"c",2,"d",1,"e",0,"-","") -> #REF! | IO6: =_xlfn.SWITCH(IE6,"a",4,"b",3,"c",2,"d",1,"e",0,"-","") -> #REF! | IP6: =_xlfn.SWITCH(IF6,"a",4,"b",3,"c",2,"d",1,"e",0,"-","") -> #REF! | IQ6: =_xlfn.SWITCH(IG6,"a",4,"b",3,"c",2,"d",1,"e",0,"-","") -> #REF! | IR6: =_xlfn.SWITCH(IH6,"a",4,"b",3,"c",2,"d",1,"e",0,"-","") -> #REF! | IS6: =_xlfn.SWITCH(II6,"a",4,"b",3,"c",2,"d",1,"e",0,"-","") -> #REF! | IT6: =_xlfn.SWITCH(IJ6,"a",4,"b",3,"c",2,"d",1,"e",0,"-","") -> #REF! | IU6: =_xlfn.SWITCH(IK6,"a",4,"b",3,"c",2,"d",1,"e",0,"-","") -> #REF! | IV6: =_xlfn.SWITCH(IL6,"a",4,"b",3,"c",2,"d",1,"e",0,"-","") -> #REF! | IW6: =IF(COUNT(IN6:IV6)=0,"-",SUM(IN6:IV6)/COUNT(IN6:IV6)/4) -> - | IX6: =IFERROR(VLOOKUP($A6*100+IX$5,#REF!,COLUMN(#REF!),FALSE),"-") -> - | IY6: =IFERROR(VLOOKUP($A6*100+IY$5,#REF!,COLUMN(#REF!),FALSE),"-") -> - | IZ6: =IFERROR(VLOOKUP($A6*100+IZ$5,#REF!,COLUMN(#REF!),FALSE),"-") -> - | JA6: =IFERROR(VLOOKUP($A6*100+JA$5,#REF!,COLUMN(#REF!),FALSE),"-") -> - | JB6: =IFERROR(VLOOKUP($A6*100+JB$5,#REF!,COLUMN(#REF!),FALSE),"-") -> - | JC6: =IFERROR(VLOOKUP($A6*100+JC$5,#REF!,COLUMN(#REF!),FALSE),"-") -> - | JD6: =IFERROR(VLOOKUP($A6*100+JD$5,#REF!,COLUMN(#REF!),FALSE),"-") -> - | JE6: =IFERROR(VLOOKUP($A6*100+JE$5,#REF!,COLUMN(#REF!),FALSE),"-") -> - | JF6: =_xlfn.IFS(JO6="-","-",JO6>=0.8,"a",JO6>=0.6,"b",JO6>=0.4,"c",JO6>=0.2,"d",JO6<0.2,"e") -> - | JG6: =_xlfn.SWITCH(IX6,"a",4,"b",3,"c",2,"d",1,"e",0,"-","") | JH6: =_xlfn.SWITCH(IY6,"a",4,"b",3,"c",2,"d",1,"e",0,"-","") | JI6: =_xlfn.SWITCH(IZ6,"a",4,"b",3,"c",2,"d",1,"e",0,"-","") | JJ6: =_xlfn.SWITCH(JA6,"a",4,"b",3,"c",2,"d",1,"e",0,"-","") | JK6: =_xlfn.SWITCH(JB6,"a",4,"b",3,"c",2,"d",1,"e",0,"-","") | JL6: =_xlfn.SWITCH(JC6,"a",4,"b",3,"c",2,"d",1,"e",0,"-","") | JM6: =_xlfn.SWITCH(JD6,"a",4,"b",3,"c",2,"d",1,"e",0,"-","") | JN6: =_xlfn.SWITCH(JE6,"a",4,"b",3,"c",2,"d",1,"e",0,"-","") | JO6: =IF(COUNT(JG6:JN6)=0,"-",SUM(JG6:JN6)/COUNT(JG6:JN6)/4) -> - | JP6: =_xlfn.IFS(JS6="-","-",JS6>=0.8,"a",JS6>=0.6,"b",JS6>=0.4,"c",JS6>=0.2,"d",JS6<0.2,"e") -> - | JQ6: =_xlfn.SWITCH(IM6,"a",4,"b",3,"c",2,"d",1,"e",0,"-","") | JR6: =_xlfn.SWITCH(JF6,"a",4/2,"b",3/2,"c",2/2,"d",1/2,"e",0,"-","") | JS6: {=_xlfn.IFS(COUNT(JQ6:JR6)=2,SUM(JQ6:JR6)/6,COUNT(JQ6:JR6)=0,"-",JQ6="",JO6,JR6="",IW6)} -> - | JT6: =VLOOKUP($A6&"-"&JT$5,#REF!,COLUMN(#REF!),FALSE) -> #REF! | JU6: =VLOOKUP($A6&"-"&JU$5,#REF!,COLUMN(#REF!),FALSE) -> #REF! | JV6: =VLOOKUP($A6&"-"&JV$5,#REF!,COLUMN(#REF!),FALSE) -> #REF! | JW6: =VLOOKUP($A6&"-"&JW$5,#REF!,COLUMN(#REF!),FALSE) -> #REF! | JX6: =VLOOKUP($A6&"-"&JX$5,#REF!,COLUMN(#REF!),FALSE) -> #REF! | JY6: =VLOOKUP($A6&"-"&JY$5,#REF!,COLUMN(#REF!),FALSE) -> #REF! | JZ6: =VLOOKUP($A6&"-"&JZ$5,#REF!,COLUMN(#REF!),FALSE) -> #REF! | KA6: =VLOOKUP($A6&"-"&KA$5,#REF!,COLUMN(#REF!),FALSE) -> #REF! | KB6: =_xlfn.IFS(KK6>=0.8,"a",KK6>=0.6,"b",KK6>=0.4,"c",KK6>=0.2,"d",KK6<0.2,"e") -> #REF! | KC6: =_xlfn.SWITCH(JT6,"a",4,"b",3,"c",2,"d",1,"e",0,"-","") -> #REF! | KD6: =_xlfn.SWITCH(JU6,"a",4,"b",3,"c",2,"d",1,"e",0,"-","") -> #REF! | KE6: =_xlfn.SWITCH(JV6,"a",4,"b",3,"c",2,"d",1,"e",0,"-","") -> #REF! | KF6: =_xlfn.SWITCH(JW6,"a",4,"b",3,"c",2,"d",1,"e",0,"-","") -> #REF! | KG6: =_xlfn.SWITCH(JX6,"a",4,"b",3,"c",2,"d",1,"e",0,"-","") -> #REF! | KH6: =_xlfn.SWITCH(JY6,"a",4,"b",3,"c",2,"d",1,"e",0,"-","") -> #REF! | KI6: =_xlfn.SWITCH(JZ6,"a",4,"b",3,"c",2,"d",1,"e",0,"-","") -> #REF! | KJ6: =_xlfn.SWITCH(KA6,"a",4,"b",3,"c",2,"d",1,"e",0,"-","") -> #REF! | KK6: =SUM(KC6:KJ6)/COUNT(KC6:KJ6)/4 -> #REF! | KL6: =VLOOKUP($A6,#REF!,9,FALSE) -> #REF! | KM6: =VLOOKUP($A6,#REF!,10,FALSE) -> #REF! | KN6: - | KO6: =VLOOKUP(KN6,#REF!,2,FALSE) -> #REF! | KP6: - | KT6: =IFERROR(VLOOKUP($A6*100+KT$5,#REF!,COLUMN(#REF!),FALSE),"-") -> - | KU6: =IFERROR(VLOOKUP($A6*100+KU$5,#REF!,COLUMN(#REF!),FALSE),"-") -> - | KV6: =IFERROR(VLOOKUP($A6*100+KV$5,#REF!,COLUMN(#REF!),FALSE),"-") -> - | KW6: =IFERROR(VLOOKUP($A6*100+KW$5,#REF!,COLUMN(#REF!),FALSE),"-") -> - | KX6: =IFERROR(VLOOKUP($A6*100+KX$5,#REF!,COLUMN(#REF!),FALSE),"-") -> - | KY6: =IFERROR(VLOOKUP($A6*100+KY$5,#REF!,COLUMN(#REF!),FALSE),"-") -> - | KZ6: =IFERROR(VLOOKUP($A6*100+KZ$5,#REF!,COLUMN(#REF!),FALSE),"-") -> - | LA6: =IFERROR(VLOOKUP($A6*100+LA$5,#REF!,COLUMN(#REF!),FALSE),"-") -> - | LC6: =VLOOKUP($A6&"-"&LC$5,#REF!,COLUMN(#REF!),FALSE) -> #REF! | LD6: =VLOOKUP($A6&"-"&LD$5,#REF!,COLUMN(#REF!),FALSE) -> #REF! | LE6: =VLOOKUP($A6&"-"&LE$5,#REF!,COLUMN(#REF!),FALSE) -> #REF! | LF6: =VLOOKUP($A6&"-"&LF$5,#REF!,COLUMN(#REF!),FALSE) -> #REF! | LG6: =VLOOKUP($A6&"-"&LG$5,#REF!,COLUMN(#REF!),FALSE) -> #REF! | LH6: =VLOOKUP($A6&"-"&LH$5,#REF!,COLUMN(#REF!),FALSE) -> #REF! | LI6: =VLOOKUP($A6&"-"&LI$5,#REF!,COLUMN(#REF!),FALSE) -> #REF! | LJ6: =VLOOKUP($A6&"-"&LJ$5,#REF!,COLUMN(#REF!),FALSE) -> #REF! | LK6: =VLOOKUP($A6&"-"&LK$5,#REF!,COLUMN(#REF!),FALSE) -> #REF! | LL6: =_xlfn.IFS(LV6="-","-",LV6>=0.8,"a",LV6>=0.6,"b",LV6>=0.4,"c",LV6>=0.2,"d",LV6<0.2,"e") -> - | LM6: =_xlfn.SWITCH(LC6,"a",4,"b",3,"c",2,"d",1,"e",0,"-","") -> #REF! | LN6: =_xlfn.SWITCH(LD6,"a",4,"b",3,"c",2,"d",1,"e",0,"-","") -> #REF! | LO6: =_xlfn.SWITCH(LE6,"a",4,"b",3,"c",2,"d",1,"e",0,"-","") -> #REF! | LP6: =_xlfn.SWITCH(LF6,"a",4,"b",3,"c",2,"d",1,"e",0,"-","") -> #REF! | LQ6: =_xlfn.SWITCH(LG6,"a",4,"b",3,"c",2,"d",1,"e",0,"-","") -> #REF! | LR6: =_xlfn.SWITCH(LH6,"a",4,"b",3,"c",2,"d",1,"e",0,"-","") -> #REF! | LS6: =_xlfn.SWITCH(LI6,"a",4,"b",3,"c",2,"d",1,"e",0,"-","") -> #REF! | LT6: =_xlfn.SWITCH(LJ6,"a",4,"b",3,"c",2,"d",1,"e",0,"-","") -> #REF! | LU6: =_xlfn.SWITCH(LK6,"a",4,"b",3,"c",2,"d",1,"e",0,"-","") -> #REF! | LV6: =IF(COUNT(LM6:LU6)=0,"-",SUM(LM6:LU6)/COUNT(LM6:LU6)/4) -> - | LW6: =IFERROR(VLOOKUP($A6*100+LW$5,#REF!,COLUMN(#REF!),FALSE),"-") -> - | LX6: =IFERROR(VLOOKUP($A6*100+LX$5,#REF!,COLUMN(#REF!),FALSE),"-") -> - | LY6: =IFERROR(VLOOKUP($A6*100+LY$5,#REF!,COLUMN(#REF!),FALSE),"-") -> - | LZ6: =IFERROR(VLOOKUP($A6*100+LZ$5,#REF!,COLUMN(#REF!),FALSE),"-") -> - | MA6: =IFERROR(VLOOKUP($A6*100+MA$5,#REF!,COLUMN(#REF!),FALSE),"-") -> - | MB6: =IFERROR(VLOOKUP($A6*100+MB$5,#REF!,COLUMN(#REF!),FALSE),"-") -> - | MC6: =IFERROR(VLOOKUP($A6*100+MC$5,#REF!,COLUMN(#REF!),FALSE),"-") -> - | MD6: =IFERROR(VLOOKUP($A6*100+MD$5,#REF!,COLUMN(#REF!),FALSE),"-") -> - | ME6: =_xlfn.IFS(MN6="-","-",MN6>=0.8,"a",MN6>=0.6,"b",MN6>=0.4,"c",MN6>=0.2,"d",MN6<0.2,"e") -> - | MF6: =_xlfn.SWITCH(LW6,"a",4,"b",3,"c",2,"d",1,"e",0,"-","") | MG6: =_xlfn.SWITCH(LX6,"a",4,"b",3,"c",2,"d",1,"e",0,"-","") | MH6: =_xlfn.SWITCH(LY6,"a",4,"b",3,"c",2,"d",1,"e",0,"-","") | MI6: =_xlfn.SWITCH(LZ6,"a",4,"b",3,"c",2,"d",1,"e",0,"-","") | MJ6: =_xlfn.SWITCH(MA6,"a",4,"b",3,"c",2,"d",1,"e",0,"-","") | MK6: =_xlfn.SWITCH(MB6,"a",4,"b",3,"c",2,"d",1,"e",0,"-","") | ML6: =_xlfn.SWITCH(MC6,"a",4,"b",3,"c",2,"d",1,"e",0,"-","") | MM6: =_xlfn.SWITCH(MD6,"a",4,"b",3,"c",2,"d",1,"e",0,"-","") | MN6: =IF(COUNT(MF6:MM6)=0,"-",SUM(MF6:MM6)/COUNT(MF6:MM6)/4) -> - | MO6: =_xlfn.IFS(MR6="-","-",MR6>=0.8,"a",MR6>=0.6,"b",MR6>=0.4,"c",MR6>=0.2,"d",MR6<0.2,"e") -> - | MP6: =_xlfn.SWITCH(LL6,"a",4,"b",3,"c",2,"d",1,"e",0,"-","") | MQ6: =_xlfn.SWITCH(ME6,"a",4/2,"b",3/2,"c",2/2,"d",1/2,"e",0,"-","") | MR6: {=_xlfn.IFS(COUNT(MP6:MQ6)=2,SUM(MP6:MQ6)/6,COUNT(MP6:MQ6)=0,"-",MP6="",MN6,MQ6="",LV6)} -> - | MS6: =VLOOKUP($A6&"-"&MS$5,#REF!,COLUMN(#REF!),FALSE) -> #REF! | MT6: =VLOOKUP($A6&"-"&MT$5,#REF!,COLUMN(#REF!),FALSE) -> #REF! | MU6: =VLOOKUP($A6&"-"&MU$5,#REF!,COLUMN(#REF!),FALSE) -> #REF! | MV6: =VLOOKUP($A6&"-"&MV$5,#REF!,COLUMN(#REF!),FALSE) -> #REF! | MW6: =VLOOKUP($A6&"-"&MW$5,#REF!,COLUMN(#REF!),FALSE) -> #REF! | MX6: =VLOOKUP($A6&"-"&MX$5,#REF!,COLUMN(#REF!),FALSE) -> #REF! | MY6: =VLOOKUP($A6&"-"&MY$5,#REF!,COLUMN(#REF!),FALSE) -> #REF! | MZ6: =VLOOKUP($A6&"-"&MZ$5,#REF!,COLUMN(#REF!),FALSE) -> #REF! | NA6: =_xlfn.IFS(NJ6>=0.8,"a",NJ6>=0.6,"b",NJ6>=0.4,"c",NJ6>=0.2,"d",NJ6<0.2,"e") -> #REF! | NB6: =_xlfn.SWITCH(MS6,"a",4,"b",3,"c",2,"d",1,"e",0,"-","") -> #REF! | NC6: =_xlfn.SWITCH(MT6,"a",4,"b",3,"c",2,"d",1,"e",0,"-","") -> #REF! | ND6: =_xlfn.SWITCH(MU6,"a",4,"b",3,"c",2,"d",1,"e",0,"-","") -> #REF! | NE6: =_xlfn.SWITCH(MV6,"a",4,"b",3,"c",2,"d",1,"e",0,"-","") -> #REF! | NF6: =_xlfn.SWITCH(MW6,"a",4,"b",3,"c",2,"d",1,"e",0,"-","") -> #REF! | NG6: =_xlfn.SWITCH(MX6,"a",4,"b",3,"c",2,"d",1,"e",0,"-","") -> #REF! | NH6: =_xlfn.SWITCH(MY6,"a",4,"b",3,"c",2,"d",1,"e",0,"-","") -> #REF! | NI6: =_xlfn.SWITCH(MZ6,"a",4,"b",3,"c",2,"d",1,"e",0,"-","") -> #REF! | NJ6: =SUM(NB6:NI6)/COUNT(NB6:NI6)/4 -> #REF! | NK6: =VLOOKUP($A6,#REF!,11,FALSE) -> #REF! | NL6: =VLOOKUP($A6,#REF!,12,FALSE) -> #REF! | NM6: - | NN6: =VLOOKUP(NM6,#REF!,2,FALSE) -> #REF! | NO6: - | NS6: =IFERROR(VLOOKUP($A6*100+NS$5,#REF!,COLUMN(#REF!),FALSE),"-") -> - | NT6: =IFERROR(VLOOKUP($A6*100+NT$5,#REF!,COLUMN(#REF!),FALSE),"-") -> - | NU6: =IFERROR(VLOOKUP($A6*100+NU$5,#REF!,COLUMN(#REF!),FALSE),"-") -> - | NV6: =IFERROR(VLOOKUP($A6*100+NV$5,#REF!,COLUMN(#REF!),FALSE),"-") -> - | NW6: =IFERROR(VLOOKUP($A6*100+NW$5,#REF!,COLUMN(#REF!),FALSE),"-") -> - | NX6: =IFERROR(VLOOKUP($A6*100+NX$5,#REF!,COLUMN(#REF!),FALSE),"-") -> - | NY6: =IFERROR(VLOOKUP($A6*100+NY$5,#REF!,COLUMN(#REF!),FALSE),"-") -> - | NZ6: =IFERROR(VLOOKUP($A6*100+NZ$5,#REF!,COLUMN(#REF!),FALSE),"-") -> -

Sheet 01政策評価
A1: 政策 番号 | B1: 政策分野名 | C1: 基本情報 | G1: 令和3年度 | CF1: 令和4年度 | FE1: 令和5年度 | ID1: 令和6年度 | LC1: 令和7年度 | OB1: 令和8年度
C2: 基本方針 | D2: 担当局 | E2: 共管局 | F2: 政策に関係する主な分野別計画等 | G2: 政策の評価 | BW2: 今後の方向性の検討 | CF2: 政策の評価 | EV2: 今後の方向性の検討 | FE2: 政策の評価 | HU2: 今後の方向性の検討 | ID2: 政策の評価 | KT2: 今後の方向性の検討 | LC2: 政策の評価 | NS2: 今後の方向性の検討 | OB2: 政策の評価 | QR2: 今後の方向性の検討
G3: 政策の客観指標評価 | Q3: 政策の客観指標評価計算 | AA3: 施策の客観指標評価 | AJ3: 政策の客観指標評価計算 | AS3: 政策の 客観指標 総合評価 (ｱ):(ｲ)=1:0.5 | AT3: 政策の客観指標総合評価計算 | AW3: 市民生活実感評価 | BF3: 市民生活実感評価計算 | BO3: 政策の重要度 | BQ3: 総合評価 | BS3: 総合評価の判断理由 | BU3: 現状・原因分析 | BW3: 施策の総合評価 | CE3: 今後の方向性 | CF3: 政策の客観指標評価 | CP3: 政策の客観指標評価計算 | CZ3: 施策の客観指標評価 | DI3: 施策の客観指標評価計算 | DR3: 政策の 客観指標 総合評価 (ｱ):(ｲ)=1:0.5 | DS3: 政策の客観指標総合評価計算 | DV3: 市民生活実感評価 | EE3: 市民生活実感評価計算 | EN3: 政策の重要度 | EP3: 総合評価 | ER3: 総合評価の判断理由 | ET3: 現状・原因分析 | EV3: 施策の総合評価 | FD3: 今後の方向性 | FE3: 政策の客観指標評価 | FO3: 政策の客観指標評価計算 | FY3: 施策の客観指標評価 | GH3: 施策の客観指標評価計算 | GQ3: 政策の 客観指標 総合評価 (ｱ):(ｲ)=1:0.5 | GR3: 政策の客観指標総合評価計算 | GU3: 市民生活実感評価 | HD3: 市民生活実感評価計算 | HM3: 政策の重要度 | HO3: 総合評価 | HQ3: 総合評価の判断理由 | HS3: 現状・原因分析 | HU3: 施策の総合評価 | IC3: 今後の方向性 | ID3: 政策の客観指標評価 | IN3: 政策の客観指標評価計算 | IX3: 施策の客観指標評価 | JG3: 施策の客観指標評価計算 | JP3: 政策の 客観指標 総合評価 (ｱ):(ｲ)=1:0.5 | JQ3: 政策の客観指標総合評価計算 | JT3: 市民生活実感評価 | KC3: 市民生活実感評価計算 | KL3: 政策の重要度 | KN3: 総合評価 | KP3: 総合評価の判断理由 | KR3: 現状・原因分析 | KT3: 施策の総合評価 | LB3: 今後の方向性 | LC3: 政策の客観指標評価 | LM3: 政策の客観指標評価計算 | LW3: 施策の客観指標評価 | MF3: 施策の客観指標評価計算 | MO3: 政策の 客観指標 総合評価 (ｱ):(ｲ)=1:0.5 | MP3: 政策の客観指標総合評価計算 | MS3: 市民生活実感評価 | NB3: 市民生活実感評価計算 | NK3: 政策の重要度 | NM3: 総合評価 | NO3: 総合評価の判断理由 | NQ3: 現状・原因分析 | NS3: 施策の総合評価 | OA3: 今後の方向性 | OB3: 政策の客観指標評価 | OL3: 政策の客観指標評価計算 | OV3: 施策の客観指標評価 | PE3: 施策の客観指標評価計算 | PN3: 政策の 客観指標 総合評価 (ｱ):(ｲ)=1:0.5 | PO3: 政策の客観指標総合評価計算 | PR3: 市民生活実感評価 | QA3: 市民生活実感評価計算 | QJ3: 政策の重要度 | QL3: 総合評価 | QN3: 総合評価の判断理由 | QP3: 現状・原因分析 | QR3: 施策の総合評価 | QZ3: 今後の方向性
G4: 1 | H4: 2 | I4: 3 | J4: 4 | K4: 5 | L4: 6 | M4: 7 | N4: 8 | O4: 9 | P4: 平均 (ｱ) | Q4: 1 | R4: 2 | S4: 3 | T4: 4 | U4: 5 | V4: 6 | W4: 7 | X4: 8 | Y4: 9 | Z4: 得点率 | AA4: 1 | AB4: 2 | AC4: 3 | AD4: 4 | AE4: 5 | AF4: 6 | AG4: 7 | AH4: 8 | AI4: 平均 (ｲ) | AJ4: 1 | AK4: 2 | AL4: 3 | AM4: 4 | AN4: 5 | AO4: 6 | AP4: 7 | AQ4: 8 | AR4: 得点率 | AT4: 政策 | AU4: 施策 | AV4: 総合 | AW4: 1 | AX4: 2 | AY4: 3 | AZ4: 4 | BA4: 5 | BB4: 6 | BC4: 7 | BD4: 8 | BE4: 平均 | BF4: 1 | BG4: 2 | BH4: 3 | BI4: 4 | BJ4: 5 | BK4: 6 | BL4: 7 | BM4: 8 | BN4: 得点率 | BO4: 順位 | BP4: ％ | BQ4: 評価 | BR4: 評語 | BS4: 重み付け | BT4: 理由 | BU4: 客観指標評価 | BV4: 市民生活実感評価 | BW4: 1 | BX4: 2 | BY4: 3 | BZ4: 4 | CA4: 5 | CB4: 6 | CC4: 7 | CD4: 8 | CF4: 1 | CG4: 2 | CH4: 3 | CI4: 4 | CJ4: 5 | CK4: 6 | CL4: 7 | CM4: 8 | CN4: 9 | CO4: 平均 (ｱ) | CP4: 1 | CQ4: 2 | CR4: 3 | CS4: 4 | CT4: 5 | CU4: 6 | CV4: 7 | CW4: 8 | CX4: 9 | CY4: 得点率 | CZ4: 1 | DA4: 2 | DB4: 3 | DC4: 4 | DD4: 5 | DE4: 6 | DF4: 7 | DG4: 8 | DH4: 平均 (ｲ) | DI4: 1 | DJ4: 2 | DK4: 3 | DL4: 4 | DM4: 5 | DN4: 6 | DO4: 7 | DP4: 8 | DQ4: 得点率 | DS4: 政策 | DT4: 施策 | DU4: 総合 | DV4: 1 | DW4: 2 | DX4: 3 | DY4: 4 | DZ4: 5 | EA4: 6 | EB4: 7 | EC4: 8 | ED4: 平均 | EE4: 1 | EF4: 2 | EG4: 3 | EH4: 4 | EI4: 5 | EJ4: 6 | EK4: 7 | EL4: 8 | EM4: 得点率 | EN4: 順位 | EO4: ％ | EP4: 評価 | EQ4: 評語 | ER4: 重み付け | ES4: 理由 | ET4: 客観指標評価 | EU4: 市民生活実感評価 | EV4: 1 | EW4: 2 | EX4: 3 | EY4: 4 | EZ4: 5 | FA4: 6 | FB4: 7 | FC4: 8 | FE4: 1 | FF4: 2 | FG4: 3 | FH4: 4 | FI4: 5 | FJ4: 6 | FK4: 7 | FL4: 8 | FM4: 9 | FN4: 平均 (ｱ) | FO4: 1 | FP4: 2 | FQ4: 3 | FR4: 4 | FS4: 5 | FT4: 6 | FU4: 7 | FV4: 8 | FW4: 9 | FX4: 得点率 | FY4: 1 | FZ4: 2 | GA4: 3 | GB4: 4 | GC4: 5 | GD4: 6 | GE4: 7 | GF4: 8 | GG4: 平均 (ｲ) | GH4: 1 | GI4: 2 | GJ4: 3 | GK4: 4 | GL4: 5 | GM4: 6 | GN4: 7 | GO4: 8 | GP4: 得点率 | GR4: 政策 | GS4: 施策 | GT4: 総合 | GU4: 1 | GV4: 2 | GW4: 3 | GX4: 4 | GY4: 5 | GZ4: 6 | HA4: 7 | HB4: 8 | HC4: 平均 | HD4: 1 | HE4: 2 | HF4: 3 | HG4: 4 | HH4: 5 | HI4: 6 | HJ4: 7 | HK4: 8 | HL4: 得点率 | HM4: 順位 | HN4: ％ | HO4: 評価 | HP4: 評語 | HQ4: 重み付け | HR4: 理由 | HS4: 客観指標評価 | HT4: 市民生活実感評価 | HU4: 1 | HV4: 2 | HW4: 3 | HX4: 4 | HY4: 5 | HZ4: 6 | IA4: 7 | IB4: 8 | ID4: 1 | IE4: 2 | IF4: 3 | IG4: 4 | IH4: 5 | II4: 6 | IJ4: 7 | IK4: 8 | IL4: 9 | IM4: 平均 (ｱ) | IN4: 1 | IO4: 2 | IP4: 3 | IQ4: 4 | IR4: 5 | IS4: 6 | IT4: 7 | IU4: 8 | IV4: 9 | IW4: 得点率 | IX4: 1 | IY4: 2 | IZ4: 3 | JA4: 4 | JB4: 5 | JC4: 6 | JD4: 7 | JE4: 8 | JF4: 平均 (ｲ) | JG4: 1 | JH4: 2 | JI4: 3 | JJ4: 4 | JK4: 5 | JL4: 6 | JM4: 7 | JN4: 8 | JO4: 得点率 | JQ4: 政策 | JR4: 施策 | JS4: 総合 | JT4: 1 | JU4: 2 | JV4: 3 | JW4: 4 | JX4: 5 | JY4: 6 | JZ4: 7 | KA4: 8 | KB4: 平均 | KC4: 1 | KD4: 2 | KE4: 3 | KF4: 4 | KG4: 5 | KH4: 6 | KI4: 7 | KJ4: 8 | KK4: 得点率 | KL4: 順位 | KM4: ％ | KN4: 評価 | KO4: 評語 | KP4: 重み付け | KQ4: 理由 | KR4: 客観指標評価 | KS4: 市民生活実感評価 | KT4: 1 | KU4: 2 | KV4: 3 | KW4: 4 | KX4: 5 | KY4: 6 | KZ4: 7 | LA4: 8 | LC4: 1 | LD4: 2 | LE4: 3 | LF4: 4 | LG4: 5 | LH4: 6 | LI4: 7 | LJ4: 8 | LK4: 9 | LL4: 平均 (ｱ) | LM4: 1 | LN4: 2 | LO4: 3 | LP4: 4 | LQ4: 5 | LR4: 6 | LS4: 7 | LT4: 8 | LU4: 9 | LV4: 得点率 | LW4: 1 | LX4: 2 | LY4: 3 | LZ4: 4 | MA4: 5 | MB4: 6 | MC4: 7 | MD4: 8 | ME4: 平均 (ｲ) | MF4: 1 | MG4: 2 | MH4: 3 | MI4: 4 | MJ4: 5 | MK4: 6 | ML4: 7 | MM4: 8 | MN4: 得点率 | MP4: 政策 | MQ4: 施策 | MR4: 総合 | MS4: 1 | MT4: 2 | MU4: 3 | MV4: 4 | MW4: 5 | MX4: 6 | MY4: 7 | MZ4: 8 | NA4: 平均 | NB4: 1 | NC4: 2 | ND4: 3 | NE4: 4 | NF4: 5 | NG4: 6 | NH4: 7 | NI4: 8 | NJ4: 得点率 | NK4: 順位 | NL4: ％ | NM4: 評価 | NN4: 評語 | NO4: 重み付け | NP4: 理由 | NQ4: 客観指標評価 | NR4: 市民生活実感評価 | NS4: 1 | NT4: 2 | NU4: 3 | NV4: 4 | NW4: 5 | NX4: 6 | NY4: 7 | NZ4: 8 | OB4: 1 | OC4: 2 | OD4: 3 | OE4: 4 | OF4: 5 | OG4: 6 | OH4: 7 | OI4: 8 | OJ4: 9 | OK4: 平均 (ｱ) | OL4: 1 | OM4: 2 | ON4: 3 | OO4: 4 | OP4: 5 | OQ4: 6 | OR4: 7 | OS4: 8 | OT4: 9 | OU4: 得点率 | OV4: 1 | OW4: 2 | OX4: 3 | OY4: 4 | OZ4: 5 | PA4: 6 | PB4: 7 | PC4: 8 | PD4: 平均 (ｲ) | PE4: 1 | PF4: 2 | PG4: 3 | PH4: 4 | PI4: 5 | PJ4: 6 | PK4: 7 | PL4: 8 | PM4: 得点率 | PO4: 政策 | PP4: 施策 | PQ4: 総合 | PR4: 1 | PS4: 2 | PT4: 3 | PU4: 4 | PV4: 5 | PW4: 6 | PX4: 7 | PY4: 8 | PZ4: 平均 | QA4: 1 | QB4: 2 | QC4: 3 | QD4: 4 | QE4: 5 | QF4: 6 | QG4: 7 | QH4: 8 | QI4: 得点率 | QJ4: 順位 | QK4: ％ | QL4: 評価 | QM4: 評語 | QN4: 重み付け | QO4: 理由 | QP4: 客観指標評価 | QQ4: 市民生活実感評価 | QR4: 1 | QS4: 2 | QT4: 3 | QU4: 4 | QV4: 5 | QW4: 6 | QX4: 7 | QY4: 8
A5: 1 | B5: 環境 | C5: 豊かな地球環境を未来へ引き継ぐために、地球温暖化対策、生物多様性保全、ごみ減量等の課題に対し市民、事業者、地域団体、行政等のオール京都で、これまでの延長にとどまらない取組を実践し、2050年までの二酸化炭素排出量「正味ゼロ」等の目標達成に向け、さまざまな政策分野において、自然との共生を楽しむ環境と調和した持続可能な社会の実現をめざす。 | D5: 環境政策局 | G5: =VLOOKUP($A5&"-"&G$4,'02政策の客観指標'!$A$4:$AY$246,COLUMN('02政策の客観指標'!$AT:$AT),FALSE) -> - | H5: =VLOOKUP($A5&"-"&H$4,'02政策の客観指標'!$A$4:$AY$246,COLUMN('02政策の客観指標'!$AT:$AT),FALSE) -> a | I5: =VLOOKUP($A5&"-"&I$4,'02政策の客観指標'!$A$4:$AY$246,COLUMN('02政策の客観指標'!$AT:$AT),FALSE) -> - | J5: =VLOOKUP($A5&"-"&J$4,'02政策の客観指標'!$A$4:$AY$246,COLUMN('02政策の客観指標'!$AT:$AT),FALSE) -> - | K5: =VLOOKUP($A5&"-"&K$4,'02政策の客観指標'!$A$4:$AY$246,COLUMN('02政策の客観指標'!$AT:$AT),FALSE) -> - | L5: =VLOOKUP($A5&"-"&L$4,'02政策の客観指標'!$A$4:$AY$246,COLUMN('02政策の客観指標'!$AT:$AT),FALSE) -> - | M5: =VLOOKUP($A5&"-"&M$4,'02政策の客観指標'!$A$4:$AY$246,COLUMN('02政策の客観指標'!$AT:$AT),FALSE) -> - | N5: =VLOOKUP($A5&"-"&N$4,'02政策の客観指標'!$A$4:$AY$246,COLUMN('02政策の客観指標'!$AT:$AT),FALSE) -> - | O5: =VLOOKUP($A5&"-"&O$4,'02政策の客観指標'!$A$4:$AY$246,COLUMN('02政策の客観指標'!$AT:$AT),FALSE) -> - | P5: =_xlfn.IFS(Z5="-","-",Z5>=0.8,"a",Z5>=0.6,"b",Z5>=0.4,"c",Z5>=0.2,"d",Z5<0.2,"e") -> a | Q5: =_xlfn.SWITCH(G5,"a",4,"b",3,"c",2,"d",1,"e",0,"-","") | R5: =_xlfn.SWITCH(H5,"a",4,"b",3,"c",2,"d",1,"e",0,"-","") -> 4 | S5: =_xlfn.SWITCH(I5,"a",4,"b",3,"c",2,"d",1,"e",0,"-","") | T5: =_xlfn.SWITCH(J5,"a",4,"b",3,"c",2,"d",1,"e",0,"-","") | U5: =_xlfn.SWITCH(K5,"a",4,"b",3,"c",2,"d",1,"e",0,"-","") | V5: =_xlfn.SWITCH(L5,"a",4,"b",3,"c",2,"d",1,"e",0,"-","") | W5: =_xlfn.SWITCH(M5,"a",4,"b",3,"c",2,"d",1,"e",0,"-","") | X5: =_xlfn.SWITCH(N5,"a",4,"b",3,"c",2,"d",1,"e",0,"-","") | Y5: =_xlfn.SWITCH(O5,"a",4,"b",3,"c",2,"d",1,"e",0,"-","") | Z5: =IF(COUNT(Q5:Y5)=0,"-",SUM(Q5:Y5)/COUNT(Q5:Y5)/4) -> 1 | AA5: =IFERROR(VLOOKUP($A5*100+AA$4,'03施策評価'!$A$5:$KD$118,COLUMN('03施策評価'!$AB:$AB),FALSE),"-") -> a | AB5: =IFERROR(VLOOKUP($A5*100+AB$4,'03施策評価'!$A$5:$KD$118,COLUMN('03施策評価'!$AB:$AB),FALSE),"-") -> b | AC5: =IFERROR(VLOOKUP($A5*100+AC$4,'03施策評価'!$A$5:$KD$118,COLUMN('03施策評価'!$AB:$AB),FALSE),"-") -> a | AD5: =IFERROR(VLOOKUP($A5*100+AD$4,'03施策評価'!$A$5:$KD$118,COLUMN('03施策評価'!$AB:$AB),FALSE),"-") -> d | AE5: =IFERROR(VLOOKUP($A5*100+AE$4,'03施策評価'!$A$5:$KD$118,COLUMN('03施策評価'!$AB:$AB),FALSE),"-") -> - | AF5: =IFERROR(VLOOKUP($A5*100+AF$4,'03施策評価'!$A$5:$KD$118,COLUMN('03施策評価'!$AB:$AB),FALSE),"-") -> - | AG5: =IFERROR(VLOOKUP($A5*100+AG$4,'03施策評価'!$A$5:$KD$118,COLUMN('03施策評価'!$AB:$AB),FALSE),"-") -> - | AH5: =IFERROR(VLOOKUP($A5*100+AH$4,'03施策評価'!$A$5:$KD$118,COLUMN('03施策評価'!$AB:$AB),FALSE),"-") -> - | AI5: =_xlfn.IFS(AR5="-","-",AR5>=0.8,"a",AR5>=0.6,"b",AR5>=0.4,"c",AR5>=0.2,"d",AR5<0.2,"e") -> b | AJ5: =_xlfn.SWITCH(AA5,"a",4,"b",3,"c",2,"d",1,"e",0,"-","") -> 4 | AK5: =_xlfn.SWITCH(AB5,"a",4,"b",3,"c",2,"d",1,"e",0,"-","") -> 3 | AL5: =_xlfn.SWITCH(AC5,"a",4,"b",3,"c",2,"d",1,"e",0,"-","") -> 4 | AM5: =_xlfn.SWITCH(AD5,"a",4,"b",3,"c",2,"d",1,"e",0,"-","") -> 1 | AN5: =_xlfn.SWITCH(AE5,"a",4,"b",3,"c",2,"d",1,"e",0,"-","") | AO5: =_xlfn.SWITCH(AF5,"a",4,"b",3,"c",2,"d",1,"e",0,"-","") | AP5: =_xlfn.SWITCH(AG5,"a",4,"b",3,"c",2,"d",1,"e",0,"-","") | AQ5: =_xlfn.SWITCH(AH5,"a",4,"b",3,"c",2,"d",1,"e",0,"-","") | AR5: =IF(COUNT(AJ5:AQ5)=0,"-",SUM(AJ5:AQ5)/COUNT(AJ5:AQ5)/4) -> 0.75 | AS5: =_xlfn.IFS(AV5="-","-",AV5>=0.8,"a",AV5>=0.6,"b",AV5>=0.4,"c",AV5>=0.2,"d",AV5<0.2,"e") -> a | AT5: =_xlfn.SWITCH(P5,"a",4,"b",3,"c",2,"d",1,"e",0,"-","") -> 4 | AU5: =_xlfn.SWITCH(AI5,"a",4/2,"b",3/2,"c",2/2,"d",1/2,"e",0,"-","") -> 1.5 | AV5: {=_xlfn.IFS(COUNT(AT5:AU5)=2,SUM(AT5:AU5)/6,COUNT(AT5:AU5)=0,"-",AT5="",AR5,AU5="",Z5)} -> 0.91666667 | AW5: =VLOOKUP($A5&"-"&AW$4,'05市民生活実感調査'!$A$3:$BC$218,COLUMN('05市民生活実感調査'!$O:$O),FALSE) -> b | AX5: =VLOOKUP($A5&"-"&AX$4,'05市民生活実感調査'!$A$3:$BC$218,COLUMN('05市民生活実感調査'!$O:$O),FALSE) -> b | AY5: =VLOOKUP($A5&"-"&AY$4,'05市民生活実感調査'!$A$3:$BC$218,COLUMN('05市民生活実感調査'!$O:$O),FALSE) -> b | AZ5: =VLOOKUP($A5&"-"&AZ$4,'05市民生活実感調査'!$A$3:$BC$218,COLUMN('05市民生活実感調査'!$O:$O),FALSE) -> c | BA5: =VLOOKUP($A5&"-"&BA$4,'05市民生活実感調査'!$A$3:$BC$218,COLUMN('05市民生活実感調査'!$O:$O),FALSE) -> - | BB5: =VLOOKUP($A5&"-"&BB$4,'05市民生活実感調査'!$A$3:$BC$218,COLUMN('05市民生活実感調査'!$O:$O),FALSE) -> - | BC5: =VLOOKUP($A5&"-"&BC$4,'05市民生活実感調査'!$A$3:$BC$218,COLUMN('05市民生活実感調査'!$O:$O),FALSE) -> - | BD5: =VLOOKUP($A5&"-"&BD$4,'05市民生活実感調査'!$A$3:$BC$218,COLUMN('05市民生活実感調査'!$O:$O),FALSE) -> - | BE5: =_xlfn.IFS(BN5>=0.8,"a",BN5>=0.6,"b",BN5>=0.4,"c",BN5>=0.2,"d",BN5<0.2,"e") -> b | BF5: =_xlfn.SWITCH(AW5,"a",4,"b",3,"c",2,"d",1,"e",0,"-","") -> 3 | BG5: =_xlfn.SWITCH(AX5,"a",4,"b",3,"c",2,"d",1,"e",0,"-","") -> 3 | BH5: =_xlfn.SWITCH(AY5,"a",4,"b",3,"c",2,"d",1,"e",0,"-","") -> 3 | BI5: =_xlfn.SWITCH(AZ5,"a",4,"b",3,"c",2,"d",1,"e",0,"-","") -> 2 | BJ5: =_xlfn.SWITCH(BA5,"a",4,"b",3,"c",2,"d",1,"e",0,"-","") | BK5: =_xlfn.SWITCH(BB5,"a",4,"b",3,"c",2,"d",1,"e",0,"-","") | BL5: =_xlfn.SWITCH(BC5,"a",4,"b",3,"c",2,"d",1,"e",0,"-","") | BM5: =_xlfn.SWITCH(BD5,"a",4,"b",3,"c",2,"d",1,"e",0,"-","") | BN5: =SUM(BF5:BM5)/COUNT(BF5:BM5)/4 -> 0.6875 | BO5: =VLOOKUP($A5,'05市民生活実感調査'!$D$223:$O$249,3,FALSE) -> 6 | BP5: =VLOOKUP($A5,'05市民生活実感調査'!$D$223:$O$249,4,FALSE) -> 0.90438596 | BQ5: A | BR5: 政策の目的が十分に達成されている | BS5: 客観指標 | BT5: ２０５０年までの二酸化炭素排出量「正味ゼロ」等の目標達成を目指しており，効果測定に客観指標の数値が直結するため，客観指標評価を重視する。 | BU5: 市民・事業者の皆様による節電をはじめとする省エネルギーの取組，太陽光発電等の再生可能エネルギーの導入拡大により，温室効果ガス排出量，エネルギー消費量共に前年度から削減が進み，ごみ量についても着実に減少したことからａ評価となったと考えられる。 | BV5: 「マイバッグの利用やごみの分別・リサイクルの徹底など，ごみの出ないくらしと事業活動が広がっている。」という生活実感がｂ評価となっていることをはじめ，全体的に高い評価となっていることから，施策の周知が行き渡っており，またその効果が市民の実感にも表れていると考えられる。 | BW5: =IFERROR(VLOOKUP($A5*100+BW$4,'03施策評価'!$A$5:$KD$118,COLUMN('03施策評価'!$BQ:$BQ),FALSE),"-") -> B | BX5: =IFERROR(VLOOKUP($A5*100+BX$4,'03施策評価'!$A$5:$KD$118,COLUMN('03施策評価'!$BQ:$BQ),FALSE),"-") -> - | BY5: =IFERROR(VLOOKUP($A5*100+BY$4,'03施策評価'!$A$5:$KD$118,COLUMN('03施策評価'!$BQ:$BQ),FALSE),"-") -> A | BZ5: =IFERROR(VLOOKUP($A5*100+BZ$4,'03施策評価'!$A$5:$KD$118,COLUMN('03施策評価'!$BQ:$BQ),FALSE),"-") -> D | CA5: =IFERROR(VLOOKUP($A5*100+CA$4,'03施策評価'!$A$5:$KD$118,COLUMN('03施策評価'!$BQ:$BQ),FALSE),"-") -> - | CB5: =IFERROR(VLOOKUP($A5*100+CB$4,'03施策評価'!$A$5:$KD$118,COLUMN('03施策評価'!$BQ:$BQ),FALSE),"-") -> - | CC5: =IFERROR(VLOOKUP($A5*100+CC$4,'03施策評価'!$A$5:$KD$118,COLUMN('03施策評価'!$BQ:$BQ),FALSE),"-") -> - | CD5: =IFERROR(VLOOKUP($A5*100+CD$4,'03施策評価'!$A$5:$KD$118,COLUMN('03施策評価'!$BQ:$BQ),FALSE),"-") -> - | CE5: 客観指標評価が高評価となったことから，総合評価結果はＡ評価となった。温室効果ガス排出量については，京都市地球温暖化対策計画に基づき，ライフスタイル，ビジネス，エネルギー，モビリティの４つの分野の転換や，森林・農地等の二酸化炭素の吸収源対策の強化等を図ることで，2050年「正味ゼロ」を目指す。また，ごみ焼却量については，引き続き，京都市循環型社会推進基本計画に基づき，市民・事業者の皆様と共に２Ｒ及び分別リサイクルの推進等に取り組むことで，更なる削減を進める。これらにより，基本方針にある環境と調和した持続可能な社会の実現を目指していく。 | CF5: =VLOOKUP($A5&"-"&CF$4,'02政策の客観指標'!$A$4:$AY$246,COLUMN('02政策の客観指標'!$AU:$AU),FALSE) -> d | CG5: =VLOOKUP($A5&"-"&CG$4,'02政策の客観指標'!$A$4:$AY$246,COLUMN('02政策の客観指標'!$AU:$AU),FALSE) -> a | CH5: =VLOOKUP($A5&"-"&CH$4,'02政策の客観指標'!$A$4:$AY$246,COLUMN('02政策の客観指標'!$AU:$AU),FALSE) -> - | CI5: =VLOOKUP($A5&"-"&CI$4,'02政策の客観指標'!$A$4:$AY$246,COLUMN('02政策の客観指標'!$AU:$AU),FALSE) -> - | CJ5: =VLOOKUP($A5&"-"&CJ$4,'02政策の客観指標'!$A$4:$AY$246,COLUMN('02政策の客観指標'!$AU:$AU),FALSE) -> - | CK5: =VLOOKUP($A5&"-"&CK$4,'02政策の客観指標'!$A$4:$AY$246,COLUMN('02政策の客観指標'!$AU:$AU),FALSE) -> - | CL5: =VLOOKUP($A5&"-"&CL$4,'02政策の客観指標'!$A$4:$AY$246,COLUMN('02政策の客観指標'!$AU:$AU),FALSE) -> - | CM5: =VLOOKUP($A5&"-"&CM$4,'02政策の客観指標'!$A$4:$AY$246,COLUMN('02政策の客観指標'!$AU:$AU),FALSE) -> - | CN5: =VLOOKUP($A5&"-"&CN$4,'02政策の客観指標'!$A$4:$AY$246,COLUMN('02政策の客観指標'!$AU:$AU),FALSE) -> - | CO5: =_xlfn.IFS(CY5="-","-",CY5>=0.8,"a",CY5>=0.6,"b",CY5>=0.4,"c",CY5>=0.2,"d",CY5<0.2,"e") -> b | CP5: =_xlfn.SWITCH(CF5,"a",4,"b",3,"c",2,"d",1,"e",0,"-","") -> 1 | CQ5: =_xlfn.SWITCH(CG5,"a",4,"b",3,"c",2,"d",1,"e",0,"-","") -> 4 | CR5: =_xlfn.SWITCH(CH5,"a",4,"b",3,"c",2,"d",1,"e",0,"-","") | CS5: =_xlfn.SWITCH(CI5,"a",4,"b",3,"c",2,"d",1,"e",0,"-","") | CT5: =_xlfn.SWITCH(CJ5,"a",4,"b",3,"c",2,"d",1,"e",0,"-","") | CU5: =_xlfn.SWITCH(CK5,"a",4,"b",3,"c",2,"d",1,"e",0,"-","") | CV5: =_xlfn.SWITCH(CL5,"a",4,"b",3,"c",2,"d",1,"e",0,"-","") | CW5: =_xlfn.SWITCH(CM5,"a",4,"b",3,"c",2,"d",1,"e",0,"-","") | CX5: =_xlfn.SWITCH(CN5,"a",4,"b",3,"c",2,"d",1,"e",0,"-","") | CY5: =IF(COUNT(CP5:CX5)=0,"-",SUM(CP5:CX5)/COUNT(CP5:CX5)/4) -> 0.625 | CZ5: =IFERROR(VLOOKUP($A5*100+CZ$4,'03施策評価'!$A$5:$KD$118,COLUMN('03施策評価'!$CF:$CF),FALSE),"-") -> b | DA5: =IFERROR(VLOOKUP($A5*100+DA$4,'03施策評価'!$A$5:$KD$118,COLUMN('03施策評価'!$CF:$CF),FALSE),"-") -> b | DB5: =IFERROR(VLOOKUP($A5*100+DB$4,'03施策評価'!$A$5:$KD$118,COLUMN('03施策評価'!$CF:$CF),FALSE),"-") -> a | DC5: =IFERROR(VLOOKUP($A5*100+DC$4,'03施策評価'!$A$5:$KD$118,COLUMN('03施策評価'!$CF:$CF),FALSE),"-") -> d | DD5: =IFERROR(VLOOKUP($A5*100+DD$4,'03施策評価'!$A$5:$KD$118,COLUMN('03施策評価'!$CF:$CF),FALSE),"-") -> - | DE5: =IFERROR(VLOOKUP($A5*100+DE$4,'03施策評価'!$A$5:$KD$118,COLUMN('03施策評価'!$CF:$CF),FALSE),"-") -> - | DF5: =IFERROR(VLOOKUP($A5*100+DF$4,'03施策評価'!$A$5:$KD$118,COLUMN('03施策評価'!$CF:$CF),FALSE),"-") -> - | DG5: =IFERROR(VLOOKUP($A5*100+DG$4,'03施策評価'!$A$5:$KD$118,COLUMN('03施策評価'!$CF:$CF),FALSE),"-") -> - | DH5: =_xlfn.IFS(DQ5="-","-",DQ5>=0.8,"a",DQ5>=0.6,"b",DQ5>=0.4,"c",DQ5>=0.2,"d",DQ5<0.2,"e") -> b | DI5: =_xlfn.SWITCH(CZ5,"a",4,"b",3,"c",2,"d",1,"e",0,"-","") -> 3 | DJ5: =_xlfn.SWITCH(DA5,"a",4,"b",3,"c",2,"d",1,"e",0,"-","") -> 3 | DK5: =_xlfn.SWITCH(DB5,"a",4,"b",3,"c",2,"d",1,"e",0,"-","") -> 4 | DL5: =_xlfn.SWITCH(DC5,"a",4,"b",3,"c",2,"d",1,"e",0,"-","") -> 1 | DM5: =_xlfn.SWITCH(DD5,"a",4,"b",3,"c",2,"d",1,"e",0,"-","") | DN5: =_xlfn.SWITCH(DE5,"a",4,"b",3,"c",2,"d",1,"e",0,"-","") | DO5: =_xlfn.SWITCH(DF5,"a",4,"b",3,"c",2,"d",1,"e",0,"-","") | DP5: =_xlfn.SWITCH(DG5,"a",4,"b",3,"c",2,"d",1,"e",0,"-","") | DQ5: =IF(COUNT(DI5:DP5)=0,"-",SUM(DI5:DP5)/COUNT(DI5:DP5)/4) -> 0.6875 | DR5: =_xlfn.IFS(DU5="-","-",DU5>=0.8,"a",DU5>=0.6,"b",DU5>=0.4,"c",DU5>=0.2,"d",DU5<0.2,"e") -> b | DS5: =_xlfn.SWITCH(CO5,"a",4,"b",3,"c",2,"d",1,"e",0,"-","") -> 3 | DT5: =_xlfn.SWITCH(DH5,"a",4/2,"b",3/2,"c",2/2,"d",1/2,"e",0,"-","") -> 1.5 | DU5: {=_xlfn.IFS(COUNT(DS5:DT5)=2,SUM(DS5:DT5)/6,COUNT(DS5:DT5)=0,"-",DS5="",DQ5,DT5="",CY5)} -> 0.75 | DV5: =VLOOKUP($A5&"-"&DV$4,'05市民生活実感調査'!$A$3:$BC$218,COLUMN('05市民生活実感調査'!$Y:$Y),FALSE) -> c | DW5: =VLOOKUP($A5&"-"&DW$4,'05市民生活実感調査'!$A$3:$BC$218,COLUMN('05市民生活実感調査'!$Y:$Y),FALSE) -> c | DX5: =VLOOKUP($A5&"-"&DX$4,'05市民生活実感調査'!$A$3:$BC$218,COLUMN('05市民生活実感調査'!$Y:$Y),FALSE) -> b | DY5: =VLOOKUP($A5&"-"&DY$4,'05市民生活実感調査'!$A$3:$BC$218,COLUMN('05市民生活実感調査'!$Y:$Y),FALSE) -> c | DZ5: =VLOOKUP($A5&"-"&DZ$4,'05市民生活実感調査'!$A$3:$BC$218,COLUMN('05市民生活実感調査'!$Y:$Y),FALSE) -> - | EA5: =VLOOKUP($A5&"-"&EA$4,'05市民生活実感調査'!$A$3:$BC$218,COLUMN('05市民生活実感調査'!$Y:$Y),FALSE) -> - | EB5: =VLOOKUP($A5&"-"&EB$4,'05市民生活実感調査'!$A$3:$BC$218,COLUMN('05市民生活実感調査'!$Y:$Y),FALSE) -> - | EC5: =VLOOKUP($A5&"-"&EC$4,'05市民生活実感調査'!$A$3:$BC$218,COLUMN('05市民生活実感調査'!$Y:$Y),FALSE) -> - | ED5: =_xlfn.IFS(EM5>=0.8,"a",EM5>=0.6,"b",EM5>=0.4,"c",EM5>=0.2,"d",EM5<0.2,"e") -> c | EE5: =_xlfn.SWITCH(DV5,"a",4,"b",3,"c",2,"d",1,"e",0,"-","") -> 2 | EF5: =_xlfn.SWITCH(DW5,"a",4,"b",3,"c",2,"d",1,"e",0,"-","") -> 2 | EG5: =_xlfn.SWITCH(DX5,"a",4,"b",3,"c",2,"d",1,"e",0,"-","") -> 3 | EH5: =_xlfn.SWITCH(DY5,"a",4,"b",3,"c",2,"d",1,"e",0,"-","") -> 2 | EI5: =_xlfn.SWITCH(DZ5,"a",4,"b",3,"c",2,"d",1,"e",0,"-","") | EJ5: =_xlfn.SWITCH(EA5,"a",4,"b",3,"c",2,"d",1,"e",0,"-","") | EK5: =_xlfn.SWITCH(EB5,"a",4,"b",3,"c",2,"d",1,"e",0,"-","") | EL5: =_xlfn.SWITCH(EC5,"a",4,"b",3,"c",2,"d",1,"e",0,"-","") | EM5: =SUM(EE5:EL5)/COUNT(EE5:EL5)/4 -> 0.5625 | EN5: =VLOOKUP($A5,'05市民生活実感調査'!$D$223:$O$249,5,FALSE) -> 5 | EO5: =VLOOKUP($A5,'05市民生活実感調査'!$D$223:$O$249,6,FALSE) -> 0.774 | EP5: B | EQ5: =VLOOKUP(EP5,プルダウン!$A$1:$B$6,2,FALSE) -> 政策の目的がかなり達成されている | ER5: 客観指標 | ES5: ２０５０年までの二酸化炭素排出量「正味ゼロ」等の目標達成を目指しており、効果測定に客観指標の数値が直結するため、客観指標評価を重視する。 | ET5: 政策及び施策の「温室効果ガス排出量削減率」に関する客観指標は、新型コロナウイルス感染症の影響により、主に事業者から排出される温室効果ガスが減少したものの、在宅勤務の定着等により、家庭からの排出量が増加したため、評価が悪化した。一方、「ごみ焼却量の削減量」は、ごみ量が着実に減少し、全体ではｂ評価となった。 | EU5: 「マイバッグの利用やごみの分別・リサイクルの徹底など、ごみの出ないくらしと事業活動が広がっている。」という生活実感はｂ評価と概ね肯定的に評価されているが、新型コロナウイルス感染症の影響により、自然環境を実感する機会や美化活動等の環境に配慮した行動を実践する機会が減少したこと等から、全体ではｃ評価となったと考えられる。 | EV5: =IFERROR(VLOOKUP($A5*100+EV$4,'03施策評価'!$A$5:$KD$118,COLUMN('03施策評価'!$DU:$DU),FALSE),"-") -> C | EW5: =IFERROR(VLOOKUP($A5*100+EW$4,'03施策評価'!$A$5:$KD$118,COLUMN('03施策評価'!$DU:$DU),FALSE),"-") -> B | EX5: =IFERROR(VLOOKUP($A5*100+EX$4,'03施策評価'!$A$5:$KD$118,COLUMN('03施策評価'!$DU:$DU),FALSE),"-") -> A | EY5: =IFERROR(VLOOKUP($A5*100+EY$4,'03施策評価'!$A$5:$KD$118,COLUMN('03施策評価'!$DU:$DU),FALSE),"-") -> D | EZ5: =IFERROR(VLOOKUP($A5*100+EZ$4,'03施策評価'!$A$5:$KD$118,COLUMN('03施策評価'!$DU:$DU),FALSE),"-") -> - | FA5: =IFERROR(VLOOKUP($A5*100+FA$4,'03施策評価'!$A$5:$KD$118,COLUMN('03施策評価'!$DU:$DU),FALSE),"-") -> - | FB5: =IFERROR(VLOOKUP($A5*100+FB$4,'03施策評価'!$A$5:$KD$118,COLUMN('03施策評価'!$DU:$DU),FALSE),"-") -> - | FC5: =IFERROR(VLOOKUP($A5*100+FC$4,'03施策評価'!$A$5:$KD$118,COLUMN('03施策評価'!$DU:$DU),FALSE),"-") -> - | FD5: 客観指標評価がｂ評価となったことから、総合評価結果はＢ評価となった。温室効果ガス排出量については、京都市地球温暖化対策計画に基づき、ライフスタイル、ビジネス、エネルギー、モビリティの４つの分野の転換や、森林・農地等の二酸化炭素の吸収源対策の強化等を図ることで、2050年「正味ゼロ」を目指す。また、ごみ焼却量については、引き続き、京都市循環型社会推進基本計画に基づき、市民・事業者の皆様と共に２Ｒ及び分別リサイクルの推進等に取り組むことで、更なる削減を進める。これらにより、基本方針にある環境と調和した持続可能な社会の実現を目指していく。 | FE5: =VLOOKUP($A5&"-"&FE$4,'02政策の客観指標'!$A$4:$AY$246,COLUMN('02政策の客観指標'!$AV:$AV),FALSE) -> c | FF5: =VLOOKUP($A5&"-"&FF$4,'02政策の客観指標'!$A$4:$AY$246,COLUMN('02政策の客観指標'!$AV:$AV),FALSE) -> a | FG5: =VLOOKUP($A5&"-"&FG$4,'02政策の客観指標'!$A$4:$AY$246,COLUMN('02政策の客観指標'!$AV:$AV),FALSE) -> - | FH5: =VLOOKUP($A5&"-"&FH$4,'02政策の客観指標'!$A$4:$AY$246,COLUMN('02政策の客観指標'!$AV:$AV),FALSE) -> - | FI5: =VLOOKUP($A5&"-"&FI$4,'02政策の客観指標'!$A$4:$AY$246,COLUMN('02政策の客観指標'!$AV:$AV),FALSE) -> - | FJ5: =VLOOKUP($A5&"-"&FJ$4,'02政策の客観指標'!$A$4:$AY$246,COLUMN('02政策の客観指標'!$AV:$AV),FALSE) -> - | FK5: =VLOOKUP($A5&"-"&FK$4,'02政策の客観指標'!$A$4:$AY$246,COLUMN('02政策の客観指標'!$AV:$AV),FALSE) -> - | FL5: =VLOOKUP($A5&"-"&FL$4,'02政策の客観指標'!$A$4:$AY$246,COLUMN('02政策の客観指標'!$AV:$AV),FALSE) -> - | FM5: =VLOOKUP($A5&"-"&FM$4,'02政策の客観指標'!$A$4:$AY$246,COLUMN('02政策の客観指標'!$AV:$AV),FALSE) -> - | FN5: =_xlfn.IFS(FX5="-","-",FX5>=0.8,"a",FX5>=0.6,"b",FX5>=0.4,"c",FX5>=0.2,"d",FX5<0.2,"e") -> b | FO5: =_xlfn.SWITCH(FE5,"a",4,"b",3,"c",2,"d",1,"e",0,"-","") -> 2 | FP5: =_xlfn.SWITCH(FF5,"a",4,"b",3,"c",2,"d",1,"e",0,"-","") -> 4 | FQ5: =_xlfn.SWITCH(FG5,"a",4,"b",3,"c",2,"d",1,"e",0,"-","") | FR5: =_xlfn.SWITCH(FH5,"a",4,"b",3,"c",2,"d",1,"e",0,"-","") | FS5: =_xlfn.SWITCH(FI5,"a",4,"b",3,"c",2,"d",1,"e",0,"-","") | FT5: =_xlfn.SWITCH(FJ5,"a",4,"b",3,"c",2,"d",1,"e",0,"-","") | FU5: =_xlfn.SWITCH(FK5,"a",4,"b",3,"c",2,"d",1,"e",0,"-","") | FV5: =_xlfn.SWITCH(FL5,"a",4,"b",3,"c",2,"d",1,"e",0,"-","") | FW5: =_xlfn.SWITCH(FM5,"a",4,"b",3,"c",2,"d",1,"e",0,"-","") | FX5: =IF(COUNT(FO5:FW5)=0,"-",SUM(FO5:FW5)/COUNT(FO5:FW5)/4) -> 0.75 | FY5: =IFERROR(VLOOKUP($A5*100+FY$4,'03施策評価'!$A$5:$KD$118,COLUMN('03施策評価'!$EH:$EH),FALSE),"-") -> c | FZ5: =IFERROR(VLOOKUP($A5*100+FZ$4,'03施策評価'!$A$5:$KD$118,COLUMN('03施策評価'!$EH:$EH),FALSE),"-") -> b | GA5: =IFERROR(VLOOKUP($A5*100+GA$4,'03施策評価'!$A$5:$KD$118,COLUMN('03施策評価'!$EH:$EH),FALSE),"-") -> a | GB5: =IFERROR(VLOOKUP($A5*100+GB$4,'03施策評価'!$A$5:$KD$118,COLUMN('03施策評価'!$EH:$EH),FALSE),"-") -> c | GC5: =IFERROR(VLOOKUP($A5*100+GC$4,'03施策評価'!$A$5:$KD$118,COLUMN('03施策評価'!$EH:$EH),FALSE),"-") -> - | GD5: =IFERROR(VLOOKUP($A5*100+GD$4,'03施策評価'!$A$5:$KD$118,COLUMN('03施策評価'!$EH:$EH),FALSE),"-") -> - | GE5: =IFERROR(VLOOKUP($A5*100+GE$4,'03施策評価'!$A$5:$KD$118,COLUMN('03施策評価'!$EH:$EH),FALSE),"-") -> - | GF5: =IFERROR(VLOOKUP($A5*100+GF$4,'03施策評価'!$A$5:$KD$118,COLUMN('03施策評価'!$EH:$EH),FALSE),"-") -> - | GG5: =_xlfn.IFS(GP5="-","-",GP5>=0.8,"a",GP5>=0.6,"b",GP5>=0.4,"c",GP5>=0.2,"d",GP5<0.2,"e") -> b | GH5: =_xlfn.SWITCH(FY5,"a",4,"b",3,"c",2,"d",1,"e",0,"-","") -> 2 | GI5: =_xlfn.SWITCH(FZ5,"a",4,"b",3,"c",2,"d",1,"e",0,"-","") -> 3 | GJ5: =_xlfn.SWITCH(GA5,"a",4,"b",3,"c",2,"d",1,"e",0,"-","") -> 4 | GK5: =_xlfn.SWITCH(GB5,"a",4,"b",3,"c",2,"d",1,"e",0,"-","") -> 2 | GL5: =_xlfn.SWITCH(GC5,"a",4,"b",3,"c",2,"d",1,"e",0,"-","") | GM5: =_xlfn.SWITCH(GD5,"a",4,"b",3,"c",2,"d",1,"e",0,"-","") | GN5: =_xlfn.SWITCH(GE5,"a",4,"b",3,"c",2,"d",1,"e",0,"-","") | GO5: =_xlfn.SWITCH(GF5,"a",4,"b",3,"c",2,"d",1,"e",0,"-","") | GP5: =IF(COUNT(GH5:GO5)=0,"-",SUM(GH5:GO5)/COUNT(GH5:GO5)/4) -> 0.6875 | GQ5: =_xlfn.IFS(GT5="-","-",GT5>=0.8,"a",GT5>=0.6,"b",GT5>=0.4,"c",GT5>=0.2,"d",GT5<0.2,"e") -> b | GR5: =_xlfn.SWITCH(FN5,"a",4,"b",3,"c",2,"d",1,"e",0,"-","") -> 3 | GS5: =_xlfn.SWITCH(GG5,"a",4/2,"b",3/2,"c",2/2,"d",1/2,"e",0,"-","") -> 1.5 | GT5: {=_xlfn.IFS(COUNT(GR5:GS5)=2,SUM(GR5:GS5)/6,COUNT(GR5:GS5)=0,"-",GR5="",GP5,GS5="",FX5)} -> 0.75 | GU5: =VLOOKUP($A5&"-"&GU$4,'05市民生活実感調査'!$A$3:$BC$218,COLUMN('05市民生活実感調査'!$AI:$AI),FALSE) -> c | GV5: =VLOOKUP($A5&"-"&GV$4,'05市民生活実感調査'!$A$3:$BC$218,COLUMN('05市民生活実感調査'!$AI:$AI),FALSE) -> c | GW5: =VLOOKUP($A5&"-"&GW$4,'05市民生活実感調査'!$A$3:$BC$218,COLUMN('05市民生活実感調査'!$AI:$AI),FALSE) -> b | GX5: =VLOOKUP($A5&"-"&GX$4,'05市民生活実感調査'!$A$3:$BC$218,COLUMN('05市民生活実感調査'!$AI:$AI),FALSE) -> c | GY5: =VLOOKUP($A5&"-"&GY$4,'05市民生活実感調査'!$A$3:$BC$218,COLUMN('05市民生活実感調査'!$AI:$AI),FALSE) -> - | GZ5: =VLOOKUP($A5&"-"&GZ$4,'05市民生活実感調査'!$A$3:$BC$218,COLUMN('05市民生活実感調査'!$AI:$AI),FALSE) -> - | HA5: =VLOOKUP($A5&"-"&HA$4,'05市民生活実感調査'!$A$3:$BC$218,COLUMN('05市民生活実感調査'!$AI:$AI),FALSE) -> - | HB5: =VLOOKUP($A5&"-"&HB$4,'05市民生活実感調査'!$A$3:$BC$218,COLUMN('05市民生活実感調査'!$AI:$AI),FALSE) -> - | HC5: =_xlfn.IFS(HL5>=0.8,"a",HL5>=0.6,"b",HL5>=0.4,"c",HL5>=0.2,"d",HL5<0.2,"e") -> c | HD5: =_xlfn.SWITCH(GU5,"a",4,"b",3,"c",2,"d",1,"e",0,"-","") -> 2 | HE5: =_xlfn.SWITCH(GV5,"a",4,"b",3,"c",2,"d",1,"e",0,"-","") -> 2 | HF5: =_xlfn.SWITCH(GW5,"a",4,"b",3,"c",2,"d",1,"e",0,"-","") -> 3 | HG5: =_xlfn.SWITCH(GX5,"a",4,"b",3,"c",2,"d",1,"e",0,"-","") -> 2 | HH5: =_xlfn.SWITCH(GY5,"a",4,"b",3,"c",2,"d",1,"e",0,"-","") | HI5: =_xlfn.SWITCH(GZ5,"a",4,"b",3,"c",2,"d",1,"e",0,"-","") | HJ5: =_xlfn.SWITCH(HA5,"a",4,"b",3,"c",2,"d",1,"e",0,"-","") | HK5: =_xlfn.SWITCH(HB5,"a",4,"b",3,"c",2,"d",1,"e",0,"-","") | HL5: =SUM(HD5:HK5)/COUNT(HD5:HK5)/4 -> 0.5625 | HM5: =VLOOKUP($A5,'05市民生活実感調査'!$D$223:$O$249,7,FALSE) -> 6 | HN5: =VLOOKUP($A5,'05市民生活実感調査'!$D$223:$O$249,8,FALSE) -> 74.639175 | HO5: B | HP5: =VLOOKUP(HO5,プルダウン!$A$1:$B$6,2,FALSE) -> 政策の目的がかなり達成されている | HQ5: 客観指標 | HR5: 2050年までの二酸化炭素排出量「正味ゼロ」等の目標達成を目指しており、効果測定に客観指標の数値が直結するため、客観指標評価を重視する。 | HS5: 政策の客観指標である「温室効果ガス排出量削減率」については、主に産業部門及び業務部門のエネルギー消費量が増加したこと等により伸び悩み、c評価となった。一方で、「ごみ焼却量の削減量」については、ごみ量が着実に減少しており、全体ではｂ評価となった。 | HT5: 「マイバッグの利用やごみの分別・リサイクルの徹底など、ごみの出ないくらしと事業活動が広がっている。」という生活実感はｂ評価と概ね肯定的に評価されているが、新型コロナウイルス感染症の影響により、良好な自然環境が保たれているという実感や美化活動等の環境に配慮した行動を実践できている実感を得にくかったこと等から、全体ではｃ評価となったと考えられる。 | HU5: =IFERROR(VLOOKUP($A5*100+HU$4,'03施策評価'!$A$5:$KD$118,COLUMN('03施策評価'!$FW:$FW),FALSE),"-") -> C | HV5: =IFERROR(VLOOKUP($A5*100+HV$4,'03施策評価'!$A$5:$KD$118,COLUMN('03施策評価'!$FW:$FW),FALSE),"-") -> B | HW5: =IFERROR(VLOOKUP($A5*100+HW$4,'03施策評価'!$A$5:$KD$118,COLUMN('03施策評価'!$FW:$FW),FALSE),"-") -> A | HX5: =IFERROR(VLOOKUP($A5*100+HX$4,'03施策評価'!$A$5:$KD$118,COLUMN('03施策評価'!$FW:$FW),FALSE),"-") -> C | HY5: =IFERROR(VLOOKUP($A5*100+HY$4,'03施策評価'!$A$5:$KD$118,COLUMN('03施策評価'!$FW:$FW),FALSE),"-") -> - | HZ5: =IFERROR(VLOOKUP($A5*100+HZ$4,'03施策評価'!$A$5:$KD$118,COLUMN('03施策評価'!$FW:$FW),FALSE),"-") -> - | IA5: =IFERROR(VLOOKUP($A5*100+IA$4,'03施策評価'!$A$5:$KD$118,COLUMN('03施策評価'!$FW:$FW),FALSE),"-") -> - | IB5: =IFERROR(VLOOKUP($A5*100+IB$4,'03施策評価'!$A$5:$KD$118,COLUMN('03施策評価'!$FW:$FW),FALSE),"-") -> - | IC5: 客観指標評価がｂ評価となり、市民生活実感評価がｃ評価となったことから、総合評価結果はＢ評価となった。温室効果ガス排出量については、京都市地球温暖化対策計画に基づき、ライフスタイル、ビジネス、エネルギー、モビリティの4つの分野の転換や、森林・農地等の二酸化炭素の吸収源対策の強化等を図ることで、2050年「正味ゼロ」を目指す。また、ごみ焼却量については、引き続き、京都市循環型社会推進基本計画に基づき、市民・事業者の皆様と共に2R及び分別リサイクルの推進等に取り組むことで、更なる削減を進める。これらにより、基本方針にある環境と調和した持続可能な社会の実現を目指していく。 | ID5: =VLOOKUP($A5&"-"&ID$4,'02政策の客観指標'!$A$4:$AY$246,COLUMN('02政策の客観指標'!$AW:$AW),FALSE) -> c | IE5: =VLOOKUP($A5&"-"&IE$4,'02政策の客観指標'!$A$4:$AY$246,COLUMN('02政策の客観指標'!$AW:$AW),FALSE) -> a | IF5: =VLOOKUP($A5&"-"&IF$4,'02政策の客観指標'!$A$4:$AY$246,COLUMN('02政策の客観指標'!$AW:$AW),FALSE) -> - | IG5: =VLOOKUP($A5&"-"&IG$4,'02政策の客観指標'!$A$4:$AY$246,COLUMN('02政策の客観指標'!$AW:$AW),FALSE) -> - | IH5: =VLOOKUP($A5&"-"&IH$4,'02政策の客観指標'!$A$4:$AY$246,COLUMN('02政策の客観指標'!$AW:$AW),FALSE) -> - | II5: =VLOOKUP($A5&"-"&II$4,'02政策の客観指標'!$A$4:$AY$246,COLUMN('02政策の客観指標'!$AW:$AW),FALSE) -> - | IJ5: =VLOOKUP($A5&"-"&IJ$4,'02政策の客観指標'!$A$4:$AY$246,COLUMN('02政策の客観指標'!$AW:$AW),FALSE) -> - | IK5: =VLOOKUP($A5&"-"&IK$4,'02政策の客観指標'!$A$4:$AY$246,COLUMN('02政策の客観指標'!$AW:$AW),FALSE) -> - | IL5: =VLOOKUP($A5&"-"&IL$4,'02政策の客観指標'!$A$4:$AY$246,COLUMN('02政策の客観指標'!$AW:$AW),FALSE) -> - | IM5: =_xlfn.IFS(IW5="-","-",IW5>=0.8,"a",IW5>=0.6,"b",IW5>=0.4,"c",IW5>=0.2,"d",IW5<0.2,"e") -> b | IN5: =_xlfn.SWITCH(ID5,"a",4,"b",3,"c",2,"d",1,"e",0,"-","") -> 2 | IO5: =_xlfn.SWITCH(IE5,"a",4,"b",3,"c",2,"d",1,"e",0,"-","") -> 4 | IP5: =_xlfn.SWITCH(IF5,"a",4,"b",3,"c",2,"d",1,"e",0,"-","") | IQ5: =_xlfn.SWITCH(IG5,"a",4,"b",3,"c",2,"d",1,"e",0,"-","") | IR5: =_xlfn.SWITCH(IH5,"a",4,"b",3,"c",2,"d",1,"e",0,"-","") | IS5: =_xlfn.SWITCH(II5,"a",4,"b",3,"c",2,"d",1,"e",0,"-","") | IT5: =_xlfn.SWITCH(IJ5,"a",4,"b",3,"c",2,"d",1,"e",0,"-","") | IU5: =_xlfn.SWITCH(IK5,"a",4,"b",3,"c",2,"d",1,"e",0,"-","") | IV5: =_xlfn.SWITCH(IL5,"a",4,"b",3,"c",2,"d",1,"e",0,"-","") | IW5: =IF(COUNT(IN5:IV5)=0,"-",SUM(IN5:IV5)/COUNT(IN5:IV5)/4) -> 0.75 | IX5: =IFERROR(VLOOKUP($A5*100+IX$4,'03施策評価'!$A$5:$KD$118,COLUMN('03施策評価'!$GJ:$GJ),FALSE),"-") -> c | IY5: =IFERROR(VLOOKUP($A5*100+IY$4,'03施策評価'!$A$5:$KD$118,COLUMN('03施策評価'!$GJ:$GJ),FALSE),"-") -> b | IZ5: =IFERROR(VLOOKUP($A5*100+IZ$4,'03施策評価'!$A$5:$KD$118,COLUMN('03施策評価'!$GJ:$GJ),FALSE),"-") -> a | JA5: =IFERROR(VLOOKUP($A5*100+JA$4,'03施策評価'!$A$5:$KD$118,COLUMN('03施策評価'!$GJ:$GJ),FALSE),"-") -> b | JB5: =IFERROR(VLOOKUP($A5*100+JB$4,'03施策評価'!$A$5:$KD$118,COLUMN('03施策評価'!$GJ:$GJ),FALSE),"-") -> - | JC5: =IFERROR(VLOOKUP($A5*100+JC$4,'03施策評価'!$A$5:$KD$118,COLUMN('03施策評価'!$GJ:$GJ),FALSE),"-") -> - | JD5: =IFERROR(VLOOKUP($A5*100+JD$4,'03施策評価'!$A$5:$KD$118,COLUMN('03施策評価'!$GJ:$GJ),FALSE),"-") -> - | JE5: =IFERROR(VLOOKUP($A5*100+JE$4,'03施策評価'!$A$5:$KD$118,COLUMN('03施策評価'!$GJ:$GJ),FALSE),"-") -> - | JF5: =_xlfn.IFS(JO5="-","-",JO5>=0.8,"a",JO5>=0.6,"b",JO5>=0.4,"c",JO5>=0.2,"d",JO5<0.2,"e") -> b | JG5: =_xlfn.SWITCH(IX5,"a",4,"b",3,"c",2,"d",1,"e",0,"-","") -> 2 | JH5: =_xlfn.SWITCH(IY5,"a",4,"b",3,"c",2,"d",1,"e",0,"-","") -> 3 | JI5: =_xlfn.SWITCH(IZ5,"a",4,"b",3,"c",2,"d",1,"e",0,"-","") -> 4 | JJ5: =_xlfn.SWITCH(JA5,"a",4,"b",3,"c",2,"d",1,"e",0,"-","") -> 3 | JK5: =_xlfn.SWITCH(JB5,"a",4,"b",3,"c",2,"d",1,"e",0,"-","") | JL5: =_xlfn.SWITCH(JC5,"a",4,"b",3,"c",2,"d",1,"e",0,"-","") | JM5: =_xlfn.SWITCH(JD5,"a",4,"b",3,"c",2,"d",1,"e",0,"-","") | JN5: =_xlfn.SWITCH(JE5,"a",4,"b",3,"c",2,"d",1,"e",0,"-","") | JO5: =IF(COUNT(JG5:JN5)=0,"-",SUM(JG5:JN5)/COUNT(JG5:JN5)/4) -> 0.75 | JP5: =_xlfn.IFS(JS5="-","-",JS5>=0.8,"a",JS5>=0.6,"b",JS5>=0.4,"c",JS5>=0.2,"d",JS5<0.2,"e") -> b | JQ5: =_xlfn.SWITCH(IM5,"a",4,"b",3,"c",2,"d",1,"e",0,"-","") -> 3 | JR5: =_xlfn.SWITCH(JF5,"a",4/2,"b",3/2,"c",2/2,"d",1/2,"e",0,"-","") -> 1.5 | JS5: {=_xlfn.IFS(COUNT(JQ5:JR5)=2,SUM(JQ5:JR5)/6,COUNT(JQ5:JR5)=0,"-",JQ5="",JO5,JR5="",IW5)} -> 0.75 | JT5: =VLOOKUP($A5&"-"&JT$4,'05市民生活実感調査'!$A$3:$BC$218,COLUMN('05市民生活実感調査'!$AS:$AS),FALSE) -> c | JU5: =VLOOKUP($A5&"-"&JU$4,'05市民生活実感調査'!$A$3:$BC$218,COLUMN('05市民生活実感調査'!$AS:$AS),FALSE) -> c | JV5: =VLOOKUP($A5&"-"&JV$4,'05市民生活実感調査'!$A$3:$BC$218,COLUMN('05市民生活実感調査'!$AS:$AS),FALSE) -> b | JW5: =VLOOKUP($A5&"-"&JW$4,'05市民生活実感調査'!$A$3:$BC$218,COLUMN('05市民生活実感調査'!$AS:$AS),FALSE) -> c | JX5: =VLOOKUP($A5&"-"&JX$4,'05市民生活実感調査'!$A$3:$BC$218,COLUMN('05市民生活実感調査'!$AS:$AS),FALSE) -> - | JY5: =VLOOKUP($A5&"-"&JY$4,'05市民生活実感調査'!$A$3:$BC$218,COLUMN('05市民生活実感調査'!$AS:$AS),FALSE) -> - | JZ5: =VLOOKUP($A5&"-"&JZ$4,'05市民生活実感調査'!$A$3:$BC$218,COLUMN('05市民生活実感調査'!$AS:$AS),FALSE) -> - | KA5: =VLOOKUP($A5&"-"&KA$4,'05市民生活実感調査'!$A$3:$BC$218,COLUMN('05市民生活実感調査'!$AS:$AS),FALSE) -> - | KB5: =_xlfn.IFS(KK5>=0.8,"a",KK5>=0.6,"b",KK5>=0.4,"c",KK5>=0.2,"d",KK5<0.2,"e") -> c | KC5: =_xlfn.SWITCH(JT5,"a",4,"b",3,"c",2,"d",1,"e",0,"-","") -> 2 | KD5: =_xlfn.SWITCH(JU5,"a",4,"b",3,"c",2,"d",1,"e",0,"-","") -> 2 | KE5: =_xlfn.SWITCH(JV5,"a",4,"b",3,"c",2,"d",1,"e",0,"-","") -> 3 | KF5: =_xlfn.SWITCH(JW5,"a",4,"b",3,"c",2,"d",1,"e",0,"-","") -> 2 | KG5: =_xlfn.SWITCH(JX5,"a",4,"b",3,"c",2,"d",1,"e",0,"-","") | KH5: =_xlfn.SWITCH(JY5,"a",4,"b",3,"c",2,"d",1,"e",0,"-","") | KI5: =_xlfn.SWITCH(JZ5,"a",4,"b",3,"c",2,"d",1,"e",0,"-","") | KJ5: =_xlfn.SWITCH(KA5,"a",4,"b",3,"c",2,"d",1,"e",0,"-","") | KK5: =SUM(KC5:KJ5)/COUNT(KC5:KJ5)/4 -> 0.5625 | KL5: =VLOOKUP($A5,'05市民生活実感調査'!$D$223:$O$249,9,FALSE) -> 6 | KM5: =VLOOKUP($A5,'05市民生活実感調査'!$D$223:$O$249,10,FALSE) -> 73.668033 | KN5: B | KO5: =VLOOKUP(KN5,プルダウン!$A$1:$B$6,2,FALSE) -> 政策の目的がかなり達成されている | KP5: 客観指標 | KQ5: 2050年までの二酸化炭素排出量「正味ゼロ」等の目標達成を目指しており、効果測定に客観指標の数値が直結するため、客観指標評価を重視する。 | KR5: 政策の指標である「温室効果ガス排出量削減率」については、主に産業部門及び業務部門のエネルギー消費量が増加したこと等により伸び悩んだ。一方で、「ごみ焼却量の削減量」については、ごみ量が着実に減少しており、全体ではｂ評価となった。 | KS5: 「マイバッグの利用やごみの分別・リサイクルの徹底など、ごみの出ないくらしと事業活動が広がっている。」という生活実感はｂ評価と概ね肯定的に評価されているが、環境に配慮した行動を実践する社会になっているという実感や暮らしの中で、環境について学び、実践する人が増加しているという実感を得にくかったこと等から、全体ではｃ評価となったと考えられる。 | KT5: =IFERROR(VLOOKUP($A5*100+KT$4,'03施策評価'!$A$5:$KD$118,COLUMN('03施策評価'!$HY:$HY),FALSE),"-") -> C | KU5: =IFERROR(VLOOKUP($A5*100+KU$4,'03施策評価'!$A$5:$KD$118,COLUMN('03施策評価'!$HY:$HY),FALSE),"-") -> B | KV5: =IFERROR(VLOOKUP($A5*100+KV$4,'03施策評価'!$A$5:$KD$118,COLUMN('03施策評価'!$HY:$HY),FALSE),"-") -> A | KW5: =IFERROR(VLOOKUP($A5*100+KW$4,'03施策評価'!$A$5:$KD$118,COLUMN('03施策評価'!$HY:$HY),FALSE),"-") -> B | KX5: =IFERROR(VLOOKUP($A5*100+KX$4,'03施策評価'!$A$5:$KD$118,COLUMN('03施策評価'!$HY:$HY),FALSE),"-") -> - | KY5: =IFERROR(VLOOKUP($A5*100+KY$4,'03施策評価'!$A$5:$KD$118,COLUMN('03施策評価'!$HY:$HY),FALSE),"-") -> - | KZ5: =IFERROR(VLOOKUP($A5*100+KZ$4,'03施策評価'!$A$5:$KD$118,COLUMN('03施策評価'!$HY:$HY),FALSE),"-") -> - | LA5: =IFERROR(VLOOKUP($A5*100+LA$4,'03施策評価'!$A$5:$KD$118,COLUMN('03施策評価'!$HY:$HY),FALSE),"-") -> - | LB5: 客観指標評価がｂ評価となり、市民生活実感評価がｃ評価となったことから、総合評価結果はＢ評価となった。 地球温暖化対策については、ライフスタイル、ビジネス、エネルギー、モビリティの4つの分野の転換を図ることで、2050年「正味ゼロ」を目指すほか、循環型社会の構築については、地域・民間回収拠点の拡大など、地域に根差した資源循環の仕組みを充実させていく。また、生物多様性について、府市で共同設置した「きょうと生物多様性センター」の取組を通じて、更なる機運醸成に向けた取組を推進する。これらに加え、市民ぐるみ・地域ぐるみで環境保全を進めるための担い手育成等の取組を総合的に展開することにより、基本方針にある環境と調和した持続可能な社会の実現を目指していく。 | LC5: =VLOOKUP($A5&"-"&LC$4,'02政策の客観指標'!$A$4:$AX$246,COLUMN('02政策の客観指標'!$AX:$AX),FALSE) -> b | LD5: =VLOOKUP($A5&"-"&LD$4,'02政策の客観指標'!$A$4:$AX$246,COLUMN('02政策の客観指標'!$AX:$AX),FALSE) -> a | LE5: =VLOOKUP($A5&"-"&LE$4,'02政策の客観指標'!$A$4:$AX$246,COLUMN('02政策の客観指標'!$AX:$AX),FALSE) -> - | LF5: =VLOOKUP($A5&"-"&LF$4,'02政策の客観指標'!$A$4:$AX$246,COLUMN('02政策の客観指標'!$AX:$AX),FALSE) -> - | LG5: =VLOOKUP($A5&"-"&LG$4,'02政策の客観指標'!$A$4:$AX$246,COLUMN('02政策の客観指標'!$AX:$AX),FALSE) -> - | LH5: =VLOOKUP($A5&"-"&LH$4,'02政策の客観指標'!$A$4:$AX$246,COLUMN('02政策の客観指標'!$AX:$AX),FALSE) -> - | LI5: =VLOOKUP($A5&"-"&LI$4,'02政策の客観指標'!$A$4:$AX$246,COLUMN('02政策の客観指標'!$AX:$AX),FALSE) -> - | LJ5: =VLOOKUP($A5&"-"&LJ$4,'02政策の客観指標'!$A$4:$AX$246,COLUMN('02政策の客観指標'!$AX:$AX),FALSE) -> - | LK5: =VLOOKUP($A5&"-"&LK$4,'02政策の客観指標'!$A$4:$AX$246,COLUMN('02政策の客観指標'!$AX:$AX),FALSE) -> - | LL5: =_xlfn.IFS(LV5="-","-",LV5>=0.8,"a",LV5>=0.6,"b",LV5>=0.4,"c",LV5>=0.2,"d",LV5<0.2,"e") -> a | LM5: =_xlfn.SWITCH(LC5,"a",4,"b",3,"c",2,"d",1,"e",0,"-","") -> 3 | LN5: =_xlfn.SWITCH(LD5,"a",4,"b",3,"c",2,"d",1,"e",0,"-","") -> 4 | LO5: =_xlfn.SWITCH(LE5,"a",4,"b",3,"c",2,"d",1,"e",0,"-","") | LP5: =_xlfn.SWITCH(LF5,"a",4,"b",3,"c",2,"d",1,"e",0,"-","") | LQ5: =_xlfn.SWITCH(LG5,"a",4,"b",3,"c",2,"d",1,"e",0,"-","") | LR5: =_xlfn.SWITCH(LH5,"a",4,"b",3,"c",2,"d",1,"e",0,"-","") | LS5: =_xlfn.SWITCH(LI5,"a",4,"b",3,"c",2,"d",1,"e",0,"-","") | LT5: =_xlfn.SWITCH(LJ5,"a",4,"b",3,"c",2,"d",1,"e",0,"-","") | LU5: =_xlfn.SWITCH(LK5,"a",4,"b",3,"c",2,"d",1,"e",0,"-","") | LV5: =IF(COUNT(LM5:LU5)=0,"-",SUM(LM5:LU5)/COUNT(LM5:LU5)/4) -> 0.875 | LW5: =IFERROR(VLOOKUP($A5*100+LW$4,'03施策評価'!$A$5:$KD$118,COLUMN('03施策評価'!$IL:$IL),FALSE),"-") -> b | LX5: =IFERROR(VLOOKUP($A5*100+LX$4,'03施策評価'!$A$5:$KD$118,COLUMN('03施策評価'!$IL:$IL),FALSE),"-") -> b | LY5: =IFERROR(VLOOKUP($A5*100+LY$4,'03施策評価'!$A$5:$KD$118,COLUMN('03施策評価'!$IL:$IL),FALSE),"-") -> a | LZ5: =IFERROR(VLOOKUP($A5*100+LZ$4,'03施策評価'!$A$5:$KD$118,COLUMN('03施策評価'!$IL:$IL),FALSE),"-") -> a | MA5: =IFERROR(VLOOKUP($A5*100+MA$4,'03施策評価'!$A$5:$KD$118,COLUMN('03施策評価'!$IL:$IL),FALSE),"-") -> - | MB5: =IFERROR(VLOOKUP($A5*100+MB$4,'03施策評価'!$A$5:$KD$118,COLUMN('03施策評価'!$IL:$IL),FALSE),"-") -> - | MC5: =IFERROR(VLOOKUP($A5*100+MC$4,'03施策評価'!$A$5:$KD$118,COLUMN('03施策評価'!$IL:$IL),FALSE),"-") -> - | MD5: =IFERROR(VLOOKUP($A5*100+MD$4,'03施策評価'!$A$5:$KD$118,COLUMN('03施策評価'!$IL:$IL),FALSE),"-") -> - | ME5: =_xlfn.IFS(MN5="-","-",MN5>=0.8,"a",MN5>=0.6,"b",MN5>=0.4,"c",MN5>=0.2,"d",MN5<0.2,"e") -> a | MF5: =_xlfn.SWITCH(LW5,"a",4,"b",3,"c",2,"d",1,"e",0,"-","") -> 3 | MG5: =_xlfn.SWITCH(LX5,"a",4,"b",3,"c",2,"d",1,"e",0,"-","") -> 3 | MH5: =_xlfn.SWITCH(LY5,"a",4,"b",3,"c",2,"d",1,"e",0,"-","") -> 4 | MI5: =_xlfn.SWITCH(LZ5,"a",4,"b",3,"c",2,"d",1,"e",0,"-","") -> 4 | MJ5: =_xlfn.SWITCH(MA5,"a",4,"b",3,"c",2,"d",1,"e",0,"-","") | MK5: =_xlfn.SWITCH(MB5,"a",4,"b",3,"c",2,"d",1,"e",0,"-","") | ML5: =_xlfn.SWITCH(MC5,"a",4,"b",3,"c",2,"d",1,"e",0,"-","") | MM5: =_xlfn.SWITCH(MD5,"a",4,"b",3,"c",2,"d",1,"e",0,"-","") | MN5: =IF(COUNT(MF5:MM5)=0,"-",SUM(MF5:MM5)/COUNT(MF5:MM5)/4) -> 0.875 | MO5: =_xlfn.IFS(MR5="-","-",MR5>=0.8,"a",MR5>=0.6,"b",MR5>=0.4,"c",MR5>=0.2,"d",MR5<0.2,"e") -> a | MP5: =_xlfn.SWITCH(LL5,"a",4,"b",3,"c",2,"d",1,"e",0,"-","") -> 4 | MQ5: =_xlfn.SWITCH(ME5,"a",4/2,"b",3/2,"c",2/2,"d",1/2,"e",0,"-","") -> 2 | MR5: {=_xlfn.IFS(COUNT(MP5:MQ5)=2,SUM(MP5:MQ5)/6,COUNT(MP5:MQ5)=0,"-",MP5="",MN5,MQ5="",LV5)} -> 1 | MS5: =VLOOKUP($A5&"-"&MS$4,'05市民生活実感調査'!$A$3:$BC$218,COLUMN('05市民生活実感調査'!$BC:$BC),FALSE) -> c | MT5: =VLOOKUP($A5&"-"&MT$4,'05市民生活実感調査'!$A$3:$BC$218,COLUMN('05市民生活実感調査'!$BC:$BC),FALSE) -> c | MU5: =VLOOKUP($A5&"-"&MU$4,'05市民生活実感調査'!$A$3:$BC$218,COLUMN('05市民生活実感調査'!$BC:$BC),FALSE) -> b | MV5: =VLOOKUP($A5&"-"&MV$4,'05市民生活実感調査'!$A$3:$BC$218,COLUMN('05市民生活実感調査'!$BC:$BC),FALSE) -> c | MW5: =VLOOKUP($A5&"-"&MW$4,'05市民生活実感調査'!$A$3:$BC$218,COLUMN('05市民生活実感調査'!$BC:$BC),FALSE) -> - | MX5: =VLOOKUP($A5&"-"&MX$4,'05市民生活実感調査'!$A$3:$BC$218,COLUMN('05市民生活実感調査'!$BC:$BC),FALSE) -> - | MY5: =VLOOKUP($A5&"-"&MY$4,'05市民生活実感調査'!$A$3:$BC$218,COLUMN('05市民生活実感調査'!$BC:$BC),FALSE) -> - | MZ5: =VLOOKUP($A5&"-"&MZ$4,'05市民生活実感調査'!$A$3:$BC$218,COLUMN('05市民生活実感調査'!$BC:$BC),FALSE) -> - | NA5: =_xlfn.IFS(NJ5>=0.8,"a",NJ5>=0.6,"b",NJ5>=0.4,"c",NJ5>=0.2,"d",NJ5<0.2,"e") -> c | NB5: =_xlfn.SWITCH(MS5,"a",4,"b",3,"c",2,"d",1,"e",0,"-","") -> 2 | NC5: =_xlfn.SWITCH(MT5,"a",4,"b",3,"c",2,"d",1,"e",0,"-","") -> 2 | ND5: =_xlfn.SWITCH(MU5,"a",4,"b",3,"c",2,"d",1,"e",0,"-","") -> 3 | NE5: =_xlfn.SWITCH(MV5,"a",4,"b",3,"c",2,"d",1,"e",0,"-","") -> 2 | NF5: =_xlfn.SWITCH(MW5,"a",4,"b",3,"c",2,"d",1,"e",0,"-","") | NG5: =_xlfn.SWITCH(MX5,"a",4,"b",3,"c",2,"d",1,"e",0,"-","") | NH5: =_xlfn.SWITCH(MY5,"a",4,"b",3,"c",2,"d",1,"e",0,"-","") | NI5: =_xlfn.SWITCH(MZ5,"a",4,"b",3,"c",2,"d",1,"e",0,"-","") | NJ5: =SUM(NB5:NI5)/COUNT(NB5:NI5)/4 -> 0.5625 | NK5: =VLOOKUP($A5,'05市民生活実感調査'!$D$223:$O$249,11,FALSE) -> 6 | NL5: =VLOOKUP($A5,'05市民生活実感調査'!$D$223:$O$249,12,FALSE) -> 74.666667 | NM5: B | NN5: =VLOOKUP(NM5,プルダウン!$A$1:$B$6,2,FALSE) -> 政策の目的がかなり達成されている | NO5: 客観指標 | NP5: 2050年までの二酸化炭素排出量「正味ゼロ」等の目標達成を目指しており、効果測定に客観指標の数値が直結するため、客観指標評価を重視する。 | NQ5: 政策の客観指標である「温室効果ガス排出量削減率」は、エネルギー消費量が微減に留まったものの、電気のCO2排出係数が低下したこと等により近年に比べて大きい削減幅になったことから、ｂ評価となった。また、「ごみ焼却量の削減量」について、ごみ量が着実に減少し、ａ評価となったため、全体でａ評価となった。 | NR5: 「マイバッグの利用やごみの分別を徹底する」という実感は概ね肯定的に評価されているが、「環境に配慮した行動を実践する社会になっている」という実感や「暮らしの中で、環境について学び、実践する人が増加している」という実感を得にくかったこと等から、全体ではｃ評価になったと考えられる。 | NS5: =IFERROR(VLOOKUP($A5*100+NS$4,'03施策評価'!$A$5:$KD$118,COLUMN('03施策評価'!$KA:$KA),FALSE),"-") -> C | NT5: =IFERROR(VLOOKUP($A5*100+NT$4,'03施策評価'!$A$5:$KD$118,COLUMN('03施策評価'!$KA:$KA),FALSE),"-") -> B | NU5: =IFERROR(VLOOKUP($A5*100+NU$4,'03施策評価'!$A$5:$KD$118,COLUMN('03施策評価'!$KA:$KA),FALSE),"-") -> A | NV5: =IFERROR(VLOOKUP($A5*100+NV$4,'03施策評価'!$A$5:$KD$118,COLUMN('03施策評価'!$KA:$KA),FALSE),"-") -> B | NW5: =IFERROR(VLOOKUP($A5*100+NW$4,'03施策評価'!$A$5:$KD$118,COLUMN('03施策評価'!$KA:$KA),FALSE),"-") -> - | NX5: =IFERROR(VLOOKUP($A5*100+NX$4,'03施策評価'!$A$5:$KD$118,COLUMN('03施策評価'!$KA:$KA),FALSE),"-") -> - | NY5: =IFERROR(VLOOKUP($A5*100+NY$4,'03施策評価'!$A$5:$KD$118,COLUMN('03施策評価'!$KA:$KA),FALSE),"-") -> - | NZ5: =IFERROR(VLOOKUP($A5*100+NZ$4,'03施策評価'!$A$5:$KD$118,COLUMN('03施策評価'!$KA:$KA),FALSE),"-") -> - | OA5: 客観指標評価がａ評価となり、市民生活実感評価がｃ評価となったことから、総合評価結果はＢ評価となった。 ライフスタイル、ビジネス、エネルギー、モビリティの４つの分野の転換等を図ることで、2050年二酸化炭素排出量「正味ゼロ」を目指すほか、市民・地域・企業等との連携による生物多様性の保全と回復に向けた取組を進めていく。また、市民・事業者の皆様と共に2R及び分別リサイクルの推進等に取り組むことで、ごみ焼却量の更なる削減を進める。これらを三位一体で進めることにより、基本方針にある環境と調和した持続可能な社会の実現を目指していく。 | OB5: =VLOOKUP($A5&"-"&OB$4,'02政策の客観指標'!$A$4:$AY$246,COLUMN('02政策の客観指標'!$AY:$AY),FALSE) -> c | OC5: =VLOOKUP($A5&"-"&OC$4,'02政策の客観指標'!$A$4:$AY$246,COLUMN('02政策の客観指標'!$AY:$AY),FALSE) -> a | OD5: =VLOOKUP($A5&"-"&OD$4,'02政策の客観指標'!$A$4:$AY$246,COLUMN('02政策の客観指標'!$AY:$AY),FALSE) -> - | OE5: =VLOOKUP($A5&"-"&OE$4,'02政策の客観指標'!$A$4:$AY$246,COLUMN('02政策の客観指標'!$AY:$AY),FALSE) -> - | OF5: =VLOOKUP($A5&"-"&OF$4,'02政策の客観指標'!$A$4:$AY$246,COLUMN('02政策の客観指標'!$AY:$AY),FALSE) -> - | OG5: =VLOOKUP($A5&"-"&OG$4,'02政策の客観指標'!$A$4:$AY$246,COLUMN('02政策の客観指標'!$AY:$AY),FALSE) -> - | OH5: =VLOOKUP($A5&"-"&OH$4,'02政策の客観指標'!$A$4:$AY$246,COLUMN('02政策の客観指標'!$AY:$AY),FALSE) -> - | OI5: =VLOOKUP($A5&"-"&OI$4,'02政策の客観指標'!$A$4:$AY$246,COLUMN('02政策の客観指標'!$AY:$AY),FALSE) -> - | OJ5: =VLOOKUP($A5&"-"&OJ$4,'02政策の客観指標'!$A$4:$AY$246,COLUMN('02政策の客観指標'!$AY:$AY),FALSE) -> - | OK5: =_xlfn.IFS(OU5="-","-",OU5>=0.8,"a",OU5>=0.6,"b",OU5>=0.4,"c",OU5>=0.2,"d",OU5<0.2,"e") -> b | OL5: =_xlfn.SWITCH(OB5,"a",4,"b",3,"c",2,"d",1,"e",0,"-","") -> 2 | OM5: =_xlfn.SWITCH(OC5,"a",4,"b",3,"c",2,"d",1,"e",0,"-","") -> 4 | ON5: =_xlfn.SWITCH(OD5,"a",4,"b",3,"c",2,"d",1,"e",0,"-","") | OO5: =_xlfn.SWITCH(OE5,"a",4,"b",3,"c",2,"d",1,"e",0,"-","") | OP5: =_xlfn.SWITCH(OF5,"a",4,"b",3,"c",2,"d",1,"e",0,"-","") | OQ5: =_xlfn.SWITCH(OG5,"a",4,"b",3,"c",2,"d",1,"e",0,"-","") | OR5: =_xlfn.SWITCH(OH5,"a",4,"b",3,"c",2,"d",1,"e",0,"-","") | OS5: =_xlfn.SWITCH(OI5,"a",4,"b",3,"c",2,"d",1,"e",0,"-","") | OT5: =_xlfn.SWITCH(OJ5,"a",4,"b",3,"c",2,"d",1,"e",0,"-","") | OU5: =IF(COUNT(OL5:OT5)=0,"-",SUM(OL5:OT5)/COUNT(OL5:OT5)/4) -> 0.75 | OV5: =IFERROR(VLOOKUP($A5*100+OV$4,'03施策評価'!$A$5:$MF$118,COLUMN('03施策評価'!$KN:$KN),FALSE),"-") -> b | OW5: =IFERROR(VLOOKUP($A5*100+OW$4,'03施策評価'!$A$5:$MF$118,COLUMN('03施策評価'!$KN:$KN),FALSE),"-") -> b | OX5: =IFERROR(VLOOKUP($A5*100+OX$4,'03施策評価'!$A$5:$MF$118,COLUMN('03施策評価'!$KN:$KN),FALSE),"-") -> a | OY5: =IFERROR(VLOOKUP($A5*100+OY$4,'03施策評価'!$A$5:$MF$118,COLUMN('03施策評価'!$KN:$KN),FALSE),"-") -> a | OZ5: =IFERROR(VLOOKUP($A5*100+OZ$4,'03施策評価'!$A$5:$MF$118,COLUMN('03施策評価'!$KN:$KN),FALSE),"-") -> - | PA5: =IFERROR(VLOOKUP($A5*100+PA$4,'03施策評価'!$A$5:$MF$118,COLUMN('03施策評価'!$KN:$KN),FALSE),"-") -> - | PB5: =IFERROR(VLOOKUP($A5*100+PB$4,'03施策評価'!$A$5:$MF$118,COLUMN('03施策評価'!$KN:$KN),FALSE),"-") -> - | PC5: =IFERROR(VLOOKUP($A5*100+PC$4,'03施策評価'!$A$5:$MF$118,COLUMN('03施策評価'!$KN:$KN),FALSE),"-") -> - | PD5: =_xlfn.IFS(PM5="-","-",PM5>=0.8,"a",PM5>=0.6,"b",PM5>=0.4,"c",PM5>=0.2,"d",PM5<0.2,"e") -> a | PE5: =_xlfn.SWITCH(OV5,"a",4,"b",3,"c",2,"d",1,"e",0,"-","") -> 3 | PF5: =_xlfn.SWITCH(OW5,"a",4,"b",3,"c",2,"d",1,"e",0,"-","") -> 3 | PG5: =_xlfn.SWITCH(OX5,"a",4,"b",3,"c",2,"d",1,"e",0,"-","") -> 4 | PH5: =_xlfn.SWITCH(OY5,"a",4,"b",3,"c",2,"d",1,"e",0,"-","") -> 4 | PI5: =_xlfn.SWITCH(OZ5,"a",4,"b",3,"c",2,"d",1,"e",0,"-","") | PJ5: =_xlfn.SWITCH(PA5,"a",4,"b",3,"c",2,"d",1,"e",0,"-","") | PK5: =_xlfn.SWITCH(PB5,"a",4,"b",3,"c",2,"d",1,"e",0,"-","") | PL5: =_xlfn.SWITCH(PC5,"a",4,"b",3,"c",2,"d",1,"e",0,"-","") | PM5: =IF(COUNT(PE5:PL5)=0,"-",SUM(PE5:PL5)/COUNT(PE5:PL5)/4) -> 0.875 | PN5: =_xlfn.IFS(PQ5="-","-",PQ5>=0.8,"a",PQ5>=0.6,"b",PQ5>=0.4,"c",PQ5>=0.2,"d",PQ5<0.2,"e") -> a | PO5: =_xlfn.SWITCH(OK5,"a",4,"b",3,"c",2,"d",1,"e",0,"-","") -> 3 | PP5: =_xlfn.SWITCH(PD5,"a",4/2,"b",3/2,"c",2/2,"d",1/2,"e",0,"-","") -> 2 | PQ5: {=_xlfn.IFS(COUNT(PO5:PP5)=2,SUM(PO5:PP5)/6,COUNT(PO5:PP5)=0,"-",PO5="",PM5,PP5="",OU5)} -> 0.83333333 | PR5: =VLOOKUP($A5&"-"&PR$4,'05市民生活実感調査'!$A$3:$BM$218,COLUMN('05市民生活実感調査'!$BM:$BM),FALSE) -> c | PS5: =VLOOKUP($A5&"-"&PS$4,'05市民生活実感調査'!$A$3:$BM$218,COLUMN('05市民生活実感調査'!$BM:$BM),FALSE) -> c | PT5: =VLOOKUP($A5&"-"&PT$4,'05市民生活実感調査'!$A$3:$BM$218,COLUMN('05市民生活実感調査'!$BM:$BM),FALSE) -> b | PU5: =VLOOKUP($A5&"-"&PU$4,'05市民生活実感調査'!$A$3:$BM$218,COLUMN('05市民生活実感調査'!$BM:$BM),FALSE) -> c | PV5: =VLOOKUP($A5&"-"&PV$4,'05市民生活実感調査'!$A$3:$BM$218,COLUMN('05市民生活実感調査'!$BM:$BM),FALSE) -> - | PW5: =VLOOKUP($A5&"-"&PW$4,'05市民生活実感調査'!$A$3:$BM$218,COLUMN('05市民生活実感調査'!$BM:$BM),FALSE) -> - | PX5: =VLOOKUP($A5&"-"&PX$4,'05市民生活実感調査'!$A$3:$BM$218,COLUMN('05市民生活実感調査'!$BM:$BM),FALSE) -> - | PY5: =VLOOKUP($A5&"-"&PY$4,'05市民生活実感調査'!$A$3:$BM$218,COLUMN('05市民生活実感調査'!$BM:$BM),FALSE) -> - | PZ5: =_xlfn.IFS(QI5>=0.8,"a",QI5>=0.6,"b",QI5>=0.4,"c",QI5>=0.2,"d",QI5<0.2,"e") -> c | QA5: =_xlfn.SWITCH(PR5,"a",4,"b",3,"c",2,"d",1,"e",0,"-","") -> 2 | QB5: =_xlfn.SWITCH(PS5,"a",4,"b",3,"c",2,"d",1,"e",0,"-","") -> 2 | QC5: =_xlfn.SWITCH(PT5,"a",4,"b",3,"c",2,"d",1,"e",0,"-","") -> 3 | QD5: =_xlfn.SWITCH(PU5,"a",4,"b",3,"c",2,"d",1,"e",0,"-","") -> 2 | QE5: =_xlfn.SWITCH(PV5,"a",4,"b",3,"c",2,"d",1,"e",0,"-","") | QF5: =_xlfn.SWITCH(PW5,"a",4,"b",3,"c",2,"d",1,"e",0,"-","") | QG5: =_xlfn.SWITCH(PX5,"a",4,"b",3,"c",2,"d",1,"e",0,"-","") | QH5: =_xlfn.SWITCH(PY5,"a",4,"b",3,"c",2,"d",1,"e",0,"-","") | QI5: =SUM(QA5:QH5)/COUNT(QA5:QH5)/4 -> 0.5625 | QJ5: =VLOOKUP($A5,'05市民生活実感調査'!$D$223:$Q$249,13,FALSE) -> 5 | QK5: =VLOOKUP($A5,'05市民生活実感調査'!$D$223:$Q$249,14,FALSE) -> 76.487455 | QL5: B | QM5: =VLOOKUP(QL5,プルダウン!$A$1:$B$6,2,FALSE) -> 政策の目的がかなり達成されている | QN5: 客観指標 | QO5: 2050年までの二酸化炭素排出量「正味ゼロ」等の目標達成を目指しており、効果測定に客観指標の数値が直結するため、客観指標評価を重視する。 | QP5: 政策の指標である「温室効果ガス排出量削減率」は、前年度比でエネルギー消費量が増加し、温室効果ガス排出量がほぼ横ばいとなったため、ｃ評価となった。一方、「ごみ焼却量の削減量」について、ごみ量が着実に減少し、ａ評価となった等の理由により、全体でａ評価となった。 | QQ5: 「マイバッグの利用やごみの分別を徹底する」という実感は概ね肯定的に評価されているが、「環境に配慮した行動を実践する社会になっている」や「暮らしの中で、環境について学び、実践する人が増加している」という実感を得にくかったこと等から、全体ではｃ評価になったと考えられる。 | QR5: =IFERROR(VLOOKUP($A5*100+QR$4,'03施策評価'!$A$5:$MF$118,COLUMN('03施策評価'!$MC:$MC),FALSE),"-") -> C | QS5: =IFERROR(VLOOKUP($A5*100+QS$4,'03施策評価'!$A$5:$MF$118,COLUMN('03施策評価'!$MC:$MC),FALSE),"-") -> B | QT5: =IFERROR(VLOOKUP($A5*100+QT$4,'03施策評価'!$A$5:$MF$118,COLUMN('03施策評価'!$MC:$MC),FALSE),"-") -> A | QU5: =IFERROR(VLOOKUP($A5*100+QU$4,'03施策評価'!$A$5:$MF$118,COLUMN('03施策評価'!$MC:$MC),FALSE),"-") -> B | QV5: =IFERROR(VLOOKUP($A5*100+QV$4,'03施策評価'!$A$5:$MF$118,COLUMN('03施策評価'!$MC:$MC),FALSE),"-") -> - | QW5: =IFERROR(VLOOKUP($A5*100+QW$4,'03施策評価'!$A$5:$MF$118,COLUMN('03施策評価'!$MC:$MC),FALSE),"-") -> - | QX5: =IFERROR(VLOOKUP($A5*100+QX$4,'03施策評価'!$A$5:$MF$118,COLUMN('03施策評価'!$MC:$MC),FALSE),"-") -> - | QY5: =IFERROR(VLOOKUP($A5*100+QY$4,'03施策評価'!$A$5:$MF$118,COLUMN('03施策評価'!$MC:$MC),FALSE),"-") -> - | QZ5: 客観指標評価がａ評価となり、市民生活実感評価がｃ評価となったことから、総合評価結果はＢ評価となった。 令和8年3月に改定した環境基本計画に基づき、再生可能エネルギーの普及拡大と省エネ対策の促進等による「脱炭素社会づくり」、生活環境の保全や生物多様性豊かな自然環境の持続可能な利用と保全等による「自然共生社会づくり」、2Rや分別リサイクルの推進等による資源の有効活用と環境負荷の低減を図る「循環型社会づくり」を三位一体で進めるとともに、環境教育・学習を通じた行動促進・人材育成などの「ひと・しくみづくり」に横断的に取り組むことで、基本方針にある環境と調和した持続可能な社会の実現を目指していく。
A6: 2 | B6: 人権・男女共同参画 | C6: 少子化、国際化、情報化、経済・雇用環境の変化などが進むなか、多様な考え方や生き方が迎え入れられ、個性と能力を十分に発揮でき、日々の交流のなかから一人一人が尊重され、より豊かな人間関係が育まれる誰一人取り残さない共生社会をめざす。 | D6: 文化市民局 | G6: =VLOOKUP($A6&"-"&G$4,'02政策の客観指標'!$A$4:$AY$246,COLUMN('02政策の客観指標'!$AT:$AT),FALSE) -> e | H6: =VLOOKUP($A6&"-"&H$4,'02政策の客観指標'!$A$4:$AY$246,COLUMN('02政策の客観指標'!$AT:$AT),FALSE) -> - | I6: =VLOOKUP($A6&"-"&I$4,'02政策の客観指標'!$A$4:$AY$246,COLUMN('02政策の客観指標'!$AT:$AT),FALSE) -> b | J6: =VLOOKUP($A6&"-"&J$4,'02政策の客観指標'!$A$4:$AY$246,COLUMN('02政策の客観指標'!$AT:$AT),FALSE) -> a | K6: =VLOOKUP($A6&"-"&K$4,'02政策の客観指標'!$A$4:$AY$246,COLUMN('02政策の客観指標'!$AT:$AT),FALSE) -> - | L6: =VLOOKUP($A6&"-"&L$4,'02政策の客観指標'!$A$4:$AY$246,COLUMN('02政策の客観指標'!$AT:$AT),FALSE) -> - | M6: =VLOOKUP($A6&"-"&M$4,'02政策の客観指標'!$A$4:$AY$246,COLUMN('02政策の客観指標'!$AT:$AT),FALSE) -> - | N6: =VLOOKUP($A6&"-"&N$4,'02政策の客観指標'!$A$4:$AY$246,COLUMN('02政策の客観指標'!$AT:$AT),FALSE) -> - | O6: =VLOOKUP($A6&"-"&O$4,'02政策の客観指標'!$A$4:$AY$246,COLUMN('02政策の客観指標'!$AT:$AT),FALSE) -> - | P6: =_xlfn.IFS(Z6="-","-",Z6>=0.8,"a",Z6>=0.6,"b",Z6>=0.4,"c",Z6>=0.2,"d",Z6<0.2,"e") -> c | Q6: =_xlfn.SWITCH(G6,"a",4,"b",3,"c",2,"d",1,"e",0,"-","") -> 0 | R6: =_xlfn.SWITCH(H6,"a",4,"b",3,"c",2,"d",1,"e",0,"-","") | S6: =_xlfn.SWITCH(I6,"a",4,"b",3,"c",2,"d",1,"e",0,"-","") -> 3 | T6: =_xlfn.SWITCH(J6,"a",4,"b",3,"c",2,"d",1,"e",0,"-","") -> 4 | U6: =_xlfn.SWITCH(K6,"a",4,"b",3,"c",2,"d",1,"e",0,"-","") | V6: =_xlfn.SWITCH(L6,"a",4,"b",3,"c",2,"d",1,"e",0,"-","") | W6: =_xlfn.SWITCH(M6,"a",4,"b",3,"c",2,"d",1,"e",0,"-","") | X6: =_xlfn.SWITCH(N6,"a",4,"b",3,"c",2,"d",1,"e",0,"-","") | Y6: =_xlfn.SWITCH(O6,"a",4,"b",3,"c",2,"d",1,"e",0,"-","") | Z6: =IF(COUNT(Q6:Y6)=0,"-",SUM(Q6:Y6)/COUNT(Q6:Y6)/4) -> 0.58333333 | AA6: =IFERROR(VLOOKUP($A6*100+AA$4,'03施策評価'!$A$5:$KD$118,COLUMN('03施策評価'!$AB:$AB),FALSE),"-") -> a | AB6: =IFERROR(VLOOKUP($A6*100+AB$4,'03施策評価'!$A$5:$KD$118,COLUMN('03施策評価'!$AB:$AB),FALSE),"-") -> e | AC6: =IFERROR(VLOOKUP($A6*100+AC$4,'03施策評価'!$A$5:$KD$118,COLUMN('03施策評価'!$AB:$AB),FALSE),"-") -> b | AD6: =IFERROR(VLOOKUP($A6*100+AD$4,'03施策評価'!$A$5:$KD$118,COLUMN('03施策評価'!$AB:$AB),FALSE),"-") -> b | AE6: =IFERROR(VLOOKUP($A6*100+AE$4,'03施策評価'!$A$5:$KD$118,COLUMN('03施策評価'!$AB:$AB),FALSE),"-") -> a | AF6: =IFERROR(VLOOKUP($A6*100+AF$4,'03施策評価'!$A$5:$KD$118,COLUMN('03施策評価'!$AB:$AB),FALSE),"-") -> - | AG6: =IFERROR(VLOOKUP($A6*100+AG$4,'03施策評価'!$A$5:$KD$118,COLUMN('03施策評価'!$AB:$AB),FALSE),"-") -> - | AH6: =IFERROR(VLOOKUP($A6*100+AH$4,'03施策評価'!$A$5:$KD$118,COLUMN('03施策評価'!$AB:$AB),FALSE),"-") -> - | AI6: =_xlfn.IFS(AR6="-","-",AR6>=0.8,"a",AR6>=0.6,"b",AR6>=0.4,"c",AR6>=0.2,"d",AR6<0.2,"e") -> b | AJ6: =_xlfn.SWITCH(AA6,"a",4,"b",3,"c",2,"d",1,"e",0,"-","") -> 4 | AK6: =_xlfn.SWITCH(AB6,"a",4,"b",3,"c",2,"d",1,"e",0,"-","") -> 0 | AL6: =_xlfn.SWITCH(AC6,"a",4,"b",3,"c",2,"d",1,"e",0,"-","") -> 3 | AM6: =_xlfn.SWITCH(AD6,"a",4,"b",3,"c",2,"d",1,"e",0,"-","") -> 3 | AN6: =_xlfn.SWITCH(AE6,"a",4,"b",3,"c",2,"d",1,"e",0,"-","") -> 4 | AO6: =_xlfn.SWITCH(AF6,"a",4,"b",3,"c",2,"d",1,"e",0,"-","") | AP6: =_xlfn.SWITCH(AG6,"a",4,"b",3,"c",2,"d",1,"e",0,"-","") | AQ6: =_xlfn.SWITCH(AH6,"a",4,"b",3,"c",2,"d",1,"e",0,"-","") | AR6: =IF(COUNT(AJ6:AQ6)=0,"-",SUM(AJ6:AQ6)/COUNT(AJ6:AQ6)/4) -> 0.7 | AS6: =_xlfn.IFS(AV6="-","-",AV6>=0.8,"a",AV6>=0.6,"b",AV6>=0.4,"c",AV6>=0.2,"d",AV6<0.2,"e") -> c | AT6: =_xlfn.SWITCH(P6,"a",4,"b",3,"c",2,"d",1,"e",0,"-","") -> 2 | AU6: =_xlfn.SWITCH(AI6,"a",4/2,"b",3/2,"c",2/2,"d",1/2,"e",0,"-","") -> 1.5 | AV6: {=_xlfn.IFS(COUNT(AT6:AU6)=2,SUM(AT6:AU6)/6,COUNT(AT6:AU6)=0,"-",AT6="",AR6,AU6="",Z6)} -> 0.58333333 | AW6: =VLOOKUP($A6&"-"&AW$4,'05市民生活実感調査'!$A$3:$BC$218,COLUMN('05市民生活実感調査'!$O:$O),FALSE) -> c | AX6: =VLOOKUP($A6&"-"&AX$4,'05市民生活実感調査'!$A$3:$BC$218,COLUMN('05市民生活実感調査'!$O:$O),FALSE) -> c | AY6: =VLOOKUP($A6&"-"&AY$4,'05市民生活実感調査'!$A$3:$BC$218,COLUMN('05市民生活実感調査'!$O:$O),FALSE) -> d | AZ6: =VLOOKUP($A6&"-"&AZ$4,'05市民生活実感調査'!$A$3:$BC$218,COLUMN('05市民生活実感調査'!$O:$O),FALSE) -> c | BA6: =VLOOKUP($A6&"-"&BA$4,'05市民生活実感調査'!$A$3:$BC$218,COLUMN('05市民生活実感調査'!$O:$O),FALSE) -> - | BB6: =VLOOKUP($A6&"-"&BB$4,'05市民生活実感調査'!$A$3:$BC$218,COLUMN('05市民生活実感調査'!$O:$O),FALSE) -> - | BC6: =VLOOKUP($A6&"-"&BC$4,'05市民生活実感調査'!$A$3:$BC$218,COLUMN('05市民生活実感調査'!$O:$O),FALSE) -> - | BD6: =VLOOKUP($A6&"-"&BD$4,'05市民生活実感調査'!$A$3:$BC$218,COLUMN('05市民生活実感調査'!$O:$O),FALSE) -> - | BE6: =_xlfn.IFS(BN6>=0.8,"a",BN6>=0.6,"b",BN6>=0.4,"c",BN6>=0.2,"d",BN6<0.2,"e") -> c | BF6: =_xlfn.SWITCH(AW6,"a",4,"b",3,"c",2,"d",1,"e",0,"-","") -> 2 | BG6: =_xlfn.SWITCH(AX6,"a",4,"b",3,"c",2,"d",1,"e",0,"-","") -> 2 | BH6: =_xlfn.SWITCH(AY6,"a",4,"b",3,"c",2,"d",1,"e",0,"-","") -> 1 | BI6: =_xlfn.SWITCH(AZ6,"a",4,"b",3,"c",2,"d",1,"e",0,"-","") -> 2 | BJ6: =_xlfn.SWITCH(BA6,"a",4,"b",3,"c",2,"d",1,"e",0,"-","") | BK6: =_xlfn.SWITCH(BB6,"a",4,"b",3,"c",2,"d",1,"e",0,"-","") | BL6: =_xlfn.SWITCH(BC6,"a",4,"b",3,"c",2,"d",1,"e",0,"-","") | BM6: =_xlfn.SWITCH(BD6,"a",4,"b",3,"c",2,"d",1,"e",0,"-","") | BN6: =SUM(BF6:BM6)/COUNT(BF6:BM6)/4 -> 0.4375 | BO6: =VLOOKUP($A6,'05市民生活実感調査'!$D$223:$O$249,3,FALSE) -> 24 | BP6: =VLOOKUP($A6,'05市民生活実感調査'!$D$223:$O$249,4,FALSE) -> 0.70504872 | BQ6: C | BR6: 政策の目的がそこそこ達成されている | BS6: 市民実感 | BT6: 人権，男女共同参画，真のワーク・ライフ・バランスなど，施策に係る市民の意識や生活実感が重要な分野であることから，市民生活実感評価を重視する。 | BU6: 附属機関等における男女委員の登用に関する指標や，ワーク・ライフ・バランスを推進する認証企業数の指標では高評価となったが，人権相談件数の指標については，新型コロナウイルス感染症に関する不当な差別や偏見等の影響により悪化したと考えられ，全体ではｂ評価となった。 | BV6: 長時間労働や固定的な性別役割分担意識が根強く残っていること，ＤＶ被害者支援の取組は進んでいるものの，男女間等における暴力が根絶されているという実感には至っていないことなどから，ｃ評価になったと考えられる。 | BW6: =IFERROR(VLOOKUP($A6*100+BW$4,'03施策評価'!$A$5:$KD$118,COLUMN('03施策評価'!$BQ:$BQ),FALSE),"-") -> B | BX6: =IFERROR(VLOOKUP($A6*100+BX$4,'03施策評価'!$A$5:$KD$118,COLUMN('03施策評価'!$BQ:$BQ),FALSE),"-") -> D | BY6: =IFERROR(VLOOKUP($A6*100+BY$4,'03施策評価'!$A$5:$KD$118,COLUMN('03施策評価'!$BQ:$BQ),FALSE),"-") -> B | BZ6: =IFERROR(VLOOKUP($A6*100+BZ$4,'03施策評価'!$A$5:$KD$118,COLUMN('03施策評価'!$BQ:$BQ),FALSE),"-") -> C | CA6: =IFERROR(VLOOKUP($A6*100+CA$4,'03施策評価'!$A$5:$KD$118,COLUMN('03施策評価'!$BQ:$BQ),FALSE),"-") -> B | CB6: =IFERROR(VLOOKUP($A6*100+CB$4,'03施策評価'!$A$5:$KD$118,COLUMN('03施策評価'!$BQ:$BQ),FALSE),"-") -> - | CC6: =IFERROR(VLOOKUP($A6*100+CC$4,'03施策評価'!$A$5:$KD$118,COLUMN('03施策評価'!$BQ:$BQ),FALSE),"-") -> - | CD6: =IFERROR(VLOOKUP($A6*100+CD$4,'03施策評価'!$A$5:$KD$118,COLUMN('03施策評価'!$BQ:$BQ),FALSE),"-") -> - | CE6: 市民生活実感評価がｃ評価となったことから，総合評価結果はＣ評価となった。引き続き，様々な広報媒体を活用して人権啓発に取り組み，全ての人の人権を尊重する人権文化の構築を着実に推進していく。また，「真のワーク・ライフ・バランス」の推進のために企業啓発等を行うとともに，男女間等におけるあらゆる暴力を根絶するため，市民啓発やきめ細やかで切れ目のない相談・支援を行い，誰もがあらゆる分野で活躍でき，安心・安全に暮らせる男女共同参画社会の実現に向けて取り組む。これらにより，基本方針にある誰一人取り残さない共生社会の実現を目指していく。 | CF6: =VLOOKUP($A6&"-"&CF$4,'02政策の客観指標'!$A$4:$AY$246,COLUMN('02政策の客観指標'!$AU:$AU),FALSE) -> c | CG6: =VLOOKUP($A6&"-"&CG$4,'02政策の客観指標'!$A$4:$AY$246,COLUMN('02政策の客観指標'!$AU:$AU),FALSE) -> a | CH6: =VLOOKUP($A6&"-"&CH$4,'02政策の客観指標'!$A$4:$AY$246,COLUMN('02政策の客観指標'!$AU:$AU),FALSE) -> b | CI6: =VLOOKUP($A6&"-"&CI$4,'02政策の客観指標'!$A$4:$AY$246,COLUMN('02政策の客観指標'!$AU:$AU),FALSE) -> a | CJ6: =VLOOKUP($A6&"-"&CJ$4,'02政策の客観指標'!$A$4:$AY$246,COLUMN('02政策の客観指標'!$AU:$AU),FALSE) -> - | CK6: =VLOOKUP($A6&"-"&CK$4,'02政策の客観指標'!$A$4:$AY$246,COLUMN('02政策の客観指標'!$AU:$AU),FALSE) -> - | CL6: =VLOOKUP($A6&"-"&CL$4,'02政策の客観指標'!$A$4:$AY$246,COLUMN('02政策の客観指標'!$AU:$AU),FALSE) -> - | CM6: =VLOOKUP($A6&"-"&CM$4,'02政策の客観指標'!$A$4:$AY$246,COLUMN('02政策の客観指標'!$AU:$AU),FALSE) -> - | CN6: =VLOOKUP($A6&"-"&CN$4,'02政策の客観指標'!$A$4:$AY$246,COLUMN('02政策の客観指標'!$AU:$AU),FALSE) -> - | CO6: =_xlfn.IFS(CY6="-","-",CY6>=0.8,"a",CY6>=0.6,"b",CY6>=0.4,"c",CY6>=0.2,"d",CY6<0.2,"e") -> a | CP6: =_xlfn.SWITCH(CF6,"a",4,"b",3,"c",2,"d",1,"e",0,"-","") -> 2 | CQ6: =_xlfn.SWITCH(CG6,"a",4,"b",3,"c",2,"d",1,"e",0,"-","") -> 4 | CR6: =_xlfn.SWITCH(CH6,"a",4,"b",3,"c",2,"d",1,"e",0,"-","") -> 3 | CS6: =_xlfn.SWITCH(CI6,"a",4,"b",3,"c",2,"d",1,"e",0,"-","") -> 4 | CT6: =_xlfn.SWITCH(CJ6,"a",4,"b",3,"c",2,"d",1,"e",0,"-","") | CU6: =_xlfn.SWITCH(CK6,"a",4,"b",3,"c",2,"d",1,"e",0,"-","") | CV6: =_xlfn.SWITCH(CL6,"a",4,"b",3,"c",2,"d",1,"e",0,"-","") | CW6: =_xlfn.SWITCH(CM6,"a",4,"b",3,"c",2,"d",1,"e",0,"-","") | CX6: =_xlfn.SWITCH(CN6,"a",4,"b",3,"c",2,"d",1,"e",0,"-","") | CY6: =IF(COUNT(CP6:CX6)=0,"-",SUM(CP6:CX6)/COUNT(CP6:CX6)/4) -> 0.8125 | CZ6: =IFERROR(VLOOKUP($A6*100+CZ$4,'03施策評価'!$A$5:$KD$118,COLUMN('03施策評価'!$CF:$CF),FALSE),"-") -> b | DA6: =IFERROR(VLOOKUP($A6*100+DA$4,'03施策評価'!$A$5:$KD$118,COLUMN('03施策評価'!$CF:$CF),FALSE),"-") -> c | DB6: =IFERROR(VLOOKUP($A6*100+DB$4,'03施策評価'!$A$5:$KD$118,COLUMN('03施策評価'!$CF:$CF),FALSE),"-") -> b | DC6: =IFERROR(VLOOKUP($A6*100+DC$4,'03施策評価'!$A$5:$KD$118,COLUMN('03施策評価'!$CF:$CF),FALSE),"-") -> b | DD6: =IFERROR(VLOOKUP($A6*100+DD$4,'03施策評価'!$A$5:$KD$118,COLUMN('03施策評価'!$CF:$CF),FALSE),"-") -> a | DE6: =IFERROR(VLOOKUP($A6*100+DE$4,'03施策評価'!$A$5:$KD$118,COLUMN('03施策評価'!$CF:$CF),FALSE),"-") -> - | DF6: =IFERROR(VLOOKUP($A6*100+DF$4,'03施策評価'!$A$5:$KD$118,COLUMN('03施策評価'!$CF:$CF),FALSE),"-") -> - | DG6: =IFERROR(VLOOKUP($A6*100+DG$4,'03施策評価'!$A$5:$KD$118,COLUMN('03施策評価'!$CF:$CF),FALSE),"-") -> - | DH6: =_xlfn.IFS(DQ6="-","-",DQ6>=0.8,"a",DQ6>=0.6,"b",DQ6>=0.4,"c",DQ6>=0.2,"d",DQ6<0.2,"e") -> b | DI6: =_xlfn.SWITCH(CZ6,"a",4,"b",3,"c",2,"d",1,"e",0,"-","") -> 3 | DJ6: =_xlfn.SWITCH(DA6,"a",4,"b",3,"c",2,"d",1,"e",0,"-","") -> 2 | DK6: =_xlfn.SWITCH(DB6,"a",4,"b",3,"c",2,"d",1,"e",0,"-","") -> 3 | DL6: =_xlfn.SWITCH(DC6,"a",4,"b",3,"c",2,"d",1,"e",0,"-","") -> 3 | DM6: =_xlfn.SWITCH(DD6,"a",4,"b",3,"c",2,"d",1,"e",0,"-","") -> 4 | DN6: =_xlfn.SWITCH(DE6,"a",4,"b",3,"c",2,"d",1,"e",0,"-","") | DO6: =_xlfn.SWITCH(DF6,"a",4,"b",3,"c",2,"d",1,"e",0,"-","") | DP6: =_xlfn.SWITCH(DG6,"a",4,"b",3,"c",2,"d",1,"e",0,"-","") | DQ6: =IF(COUNT(DI6:DP6)=0,"-",SUM(DI6:DP6)/COUNT(DI6:DP6)/4) -> 0.75 | DR6: =_xlfn.IFS(DU6="-","-",DU6>=0.8,"a",DU6>=0.6,"b",DU6>=0.4,"c",DU6>=0.2,"d",DU6<0.2,"e") -> a | DS6: =_xlfn.SWITCH(CO6,"a",4,"b",3,"c",2,"d",1,"e",0,"-","") -> 4 | DT6: =_xlfn.SWITCH(DH6,"a",4/2,"b",3/2,"c",2/2,"d",1/2,"e",0,"-","") -> 1.5 | DU6: {=_xlfn.IFS(COUNT(DS6:DT6)=2,SUM(DS6:DT6)/6,COUNT(DS6:DT6)=0,"-",DS6="",DQ6,DT6="",CY6)} -> 0.91666667 | DV6: =VLOOKUP($A6&"-"&DV$4,'05市民生活実感調査'!$A$3:$BC$218,COLUMN('05市民生活実感調査'!$Y:$Y),FALSE) -> c | DW6: =VLOOKUP($A6&"-"&DW$4,'05市民生活実感調査'!$A$3:$BC$218,COLUMN('05市民生活実感調査'!$Y:$Y),FALSE) -> c | DX6: =VLOOKUP($A6&"-"&DX$4,'05市民生活実感調査'!$A$3:$BC$218,COLUMN('05市民生活実感調査'!$Y:$Y),FALSE) -> d | DY6: =VLOOKUP($A6&"-"&DY$4,'05市民生活実感調査'!$A$3:$BC$218,COLUMN('05市民生活実感調査'!$Y:$Y),FALSE) -> c | DZ6: =VLOOKUP($A6&"-"&DZ$4,'05市民生活実感調査'!$A$3:$BC$218,COLUMN('05市民生活実感調査'!$Y:$Y),FALSE) -> - | EA6: =VLOOKUP($A6&"-"&EA$4,'05市民生活実感調査'!$A$3:$BC$218,COLUMN('05市民生活実感調査'!$Y:$Y),FALSE) -> - | EB6: =VLOOKUP($A6&"-"&EB$4,'05市民生活実感調査'!$A$3:$BC$218,COLUMN('05市民生活実感調査'!$Y:$Y),FALSE) -> - | EC6: =VLOOKUP($A6&"-"&EC$4,'05市民生活実感調査'!$A$3:$BC$218,COLUMN('05市民生活実感調査'!$Y:$Y),FALSE) -> - | ED6: =_xlfn.IFS(EM6>=0.8,"a",EM6>=0.6,"b",EM6>=0.4,"c",EM6>=0.2,"d",EM6<0.2,"e") -> c | EE6: =_xlfn.SWITCH(DV6,"a",4,"b",3,"c",2,"d",1,"e",0,"-","") -> 2 | EF6: =_xlfn.SWITCH(DW6,"a",4,"b",3,"c",2,"d",1,"e",0,"-","") -> 2 | EG6: =_xlfn.SWITCH(DX6,"a",4,"b",3,"c",2,"d",1,"e",0,"-","") -> 1 | EH6: =_xlfn.SWITCH(DY6,"a",4,"b",3,"c",2,"d",1,"e",0,"-","") -> 2 | EI6: =_xlfn.SWITCH(DZ6,"a",4,"b",3,"c",2,"d",1,"e",0,"-","") | EJ6: =_xlfn.SWITCH(EA6,"a",4,"b",3,"c",2,"d",1,"e",0,"-","") | EK6: =_xlfn.SWITCH(EB6,"a",4,"b",3,"c",2,"d",1,"e",0,"-","") | EL6: =_xlfn.SWITCH(EC6,"a",4,"b",3,"c",2,"d",1,"e",0,"-","") | EM6: =SUM(EE6:EL6)/COUNT(EE6:EL6)/4 -> 0.4375 | EN6: =VLOOKUP($A6,'05市民生活実感調査'!$D$223:$O$249,5,FALSE) -> 21 | EO6: =VLOOKUP($A6,'05市民生活実感調査'!$D$223:$O$249,6,FALSE) -> 0.569 | EP6: B | EQ6: =VLOOKUP(EP6,プルダウン!$A$1:$B$6,2,FALSE) -> 政策の目的がかなり達成されている | ER6: 市民実感 | ES6: 人権、男女共同参画、真のワーク・ライフ・バランスなど、施策に係る市民の意識や生活実感が重要な分野であることから、市民生活実感評価を重視する。 | ET6: 新型コロナウイルス感染症の影響で、施策の指標である「企業啓発事業の利用者の割合」は低評価となったが、全庁的な人権文化の構築に関わる取組の増加や附属機関等における女性委員の登用、ワーク・ライフ・バランスを推進する認証企業数の増加等が着実に進んだことから、全体ではａ評価となった。 | EU6: 長時間労働や固定的な性別役割分担意識が根強く残っていること、ＤＶ被害者支援の取組は進んでいるものの、男女間等における暴力が根絶されているという実感には至っていないことなどから、ｃ評価になったと考えられる。 | EV6: =IFERROR(VLOOKUP($A6*100+EV$4,'03施策評価'!$A$5:$KD$118,COLUMN('03施策評価'!$DU:$DU),FALSE),"-") -> C | EW6: =IFERROR(VLOOKUP($A6*100+EW$4,'03施策評価'!$A$5:$KD$118,COLUMN('03施策評価'!$DU:$DU),FALSE),"-") -> C | EX6: =IFERROR(VLOOKUP($A6*100+EX$4,'03施策評価'!$A$5:$KD$118,COLUMN('03施策評価'!$DU:$DU),FALSE),"-") -> B | EY6: =IFERROR(VLOOKUP($A6*100+EY$4,'03施策評価'!$A$5:$KD$118,COLUMN('03施策評価'!$DU:$DU),FALSE),"-") -> C | EZ6: =IFERROR(VLOOKUP($A6*100+EZ$4,'03施策評価'!$A$5:$KD$118,COLUMN('03施策評価'!$DU:$DU),FALSE),"-") -> B | FA6: =IFERROR(VLOOKUP($A6*100+FA$4,'03施策評価'!$A$5:$KD$118,COLUMN('03施策評価'!$DU:$DU),FALSE),"-") -> - | FB6: =IFERROR(VLOOKUP($A6*100+FB$4,'03施策評価'!$A$5:$KD$118,COLUMN('03施策評価'!$DU:$DU),FALSE),"-") -> - | FC6: =IFERROR(VLOOKUP($A6*100+FC$4,'03施策評価'!$A$5:$KD$118,COLUMN('03施策評価'!$DU:$DU),FALSE),"-") -> - | FD6: 客観指標評価はａ評価となったが、市民生活実感評価がｃ評価となったことから、総合評価結果はＢ評価となった。引き続き、様々な広報媒体を活用して人権啓発に取り組み、全ての人の人権を尊重する人権文化の構築を着実に推進していく。また、「真のワーク・ライフ・バランス」の推進のために企業啓発等を行うとともに、男女間等におけるあらゆる暴力を根絶するため、市民啓発やきめ細やかで切れ目のない相談・支援を行い、誰もがあらゆる分野で活躍でき、安心・安全に暮らせる男女共同参画社会の実現に向けて取り組む。これらにより、基本方針にある誰一人取り残さない共生社会の実現を目指していく。 | FE6: =VLOOKUP($A6&"-"&FE$4,'02政策の客観指標'!$A$4:$AY$246,COLUMN('02政策の客観指標'!$AV:$AV),FALSE) -> b | FF6: =VLOOKUP($A6&"-"&FF$4,'02政策の客観指標'!$A$4:$AY$246,COLUMN('02政策の客観指標'!$AV:$AV),FALSE) -> a | FG6: =VLOOKUP($A6&"-"&FG$4,'02政策の客観指標'!$A$4:$AY$246,COLUMN('02政策の客観指標'!$AV:$AV),FALSE) -> b | FH6: =VLOOKUP($A6&"-"&FH$4,'02政策の客観指標'!$A$4:$AY$246,COLUMN('02政策の客観指標'!$AV:$AV),FALSE) -> b | FI6: =VLOOKUP($A6&"-"&FI$4,'02政策の客観指標'!$A$4:$AY$246,COLUMN('02政策の客観指標'!$AV:$AV),FALSE) -> - | FJ6: =VLOOKUP($A6&"-"&FJ$4,'02政策の客観指標'!$A$4:$AY$246,COLUMN('02政策の客観指標'!$AV:$AV),FALSE) -> - | FK6: =VLOOKUP($A6&"-"&FK$4,'02政策の客観指標'!$A$4:$AY$246,COLUMN('02政策の客観指標'!$AV:$AV),FALSE) -> - | FL6: =VLOOKUP($A6&"-"&FL$4,'02政策の客観指標'!$A$4:$AY$246,COLUMN('02政策の客観指標'!$AV:$AV),FALSE) -> - | FM6: =VLOOKUP($A6&"-"&FM$4,'02政策の客観指標'!$A$4:$AY$246,COLUMN('02政策の客観指標'!$AV:$AV),FALSE) -> - | FN6: =_xlfn.IFS(FX6="-","-",FX6>=0.8,"a",FX6>=0.6,"b",FX6>=0.4,"c",FX6>=0.2,"d",FX6<0.2,"e") -> a | FO6: =_xlfn.SWITCH(FE6,"a",4,"b",3,"c",2,"d",1,"e",0,"-","") -> 3 | FP6: =_xlfn.SWITCH(FF6,"a",4,"b",3,"c",2,"d",1,"e",0,"-","") -> 4 | FQ6: =_xlfn.SWITCH(FG6,"a",4,"b",3,"c",2,"d",1,"e",0,"-","") -> 3 | FR6: =_xlfn.SWITCH(FH6,"a",4,"b",3,"c",2,"d",1,"e",0,"-","") -> 3 | FS6: =_xlfn.SWITCH(FI6,"a",4,"b",3,"c",2,"d",1,"e",0,"-","") | FT6: =_xlfn.SWITCH(FJ6,"a",4,"b",3,"c",2,"d",1,"e",0,"-","") | FU6: =_xlfn.SWITCH(FK6,"a",4,"b",3,"c",2,"d",1,"e",0,"-","") | FV6: =_xlfn.SWITCH(FL6,"a",4,"b",3,"c",2,"d",1,"e",0,"-","") | FW6: =_xlfn.SWITCH(FM6,"a",4,"b",3,"c",2,"d",1,"e",0,"-","") | FX6: =IF(COUNT(FO6:FW6)=0,"-",SUM(FO6:FW6)/COUNT(FO6:FW6)/4) -> 0.8125 | FY6: =IFERROR(VLOOKUP($A6*100+FY$4,'03施策評価'!$A$5:$KD$118,COLUMN('03施策評価'!$EH:$EH),FALSE),"-") -> d | FZ6: =IFERROR(VLOOKUP($A6*100+FZ$4,'03施策評価'!$A$5:$KD$118,COLUMN('03施策評価'!$EH:$EH),FALSE),"-") -> a | GA6: =IFERROR(VLOOKUP($A6*100+GA$4,'03施策評価'!$A$5:$KD$118,COLUMN('03施策評価'!$EH:$EH),FALSE),"-") -> b | GB6: =IFERROR(VLOOKUP($A6*100+GB$4,'03施策評価'!$A$5:$KD$118,COLUMN('03施策評価'!$EH:$EH),FALSE),"-") -> b | GC6: =IFERROR(VLOOKUP($A6*100+GC$4,'03施策評価'!$A$5:$KD$118,COLUMN('03施策評価'!$EH:$EH),FALSE),"-") -> b | GD6: =IFERROR(VLOOKUP($A6*100+GD$4,'03施策評価'!$A$5:$KD$118,COLUMN('03施策評価'!$EH:$EH),FALSE),"-") -> - | GE6: =IFERROR(VLOOKUP($A6*100+GE$4,'03施策評価'!$A$5:$KD$118,COLUMN('03施策評価'!$EH:$EH),FALSE),"-") -> - | GF6: =IFERROR(VLOOKUP($A6*100+GF$4,'03施策評価'!$A$5:$KD$118,COLUMN('03施策評価'!$EH:$EH),FALSE),"-") -> - | GG6: =_xlfn.IFS(GP6="-","-",GP6>=0.8,"a",GP6>=0.6,"b",GP6>=0.4,"c",GP6>=0.2,"d",GP6<0.2,"e") -> b | GH6: =_xlfn.SWITCH(FY6,"a",4,"b",3,"c",2,"d",1,"e",0,"-","") -> 1 | GI6: =_xlfn.SWITCH(FZ6,"a",4,"b",3,"c",2,"d",1,"e",0,"-","") -> 4 | GJ6: =_xlfn.SWITCH(GA6,"a",4,"b",3,"c",2,"d",1,"e",0,"-","") -> 3 | GK6: =_xlfn.SWITCH(GB6,"a",4,"b",3,"c",2,"d",1,"e",0,"-","") -> 3 | GL6: =_xlfn.SWITCH(GC6,"a",4,"b",3,"c",2,"d",1,"e",0,"-","") -> 3 | GM6: =_xlfn.SWITCH(GD6,"a",4,"b",3,"c",2,"d",1,"e",0,"-","") | GN6: =_xlfn.SWITCH(GE6,"a",4,"b",3,"c",2,"d",1,"e",0,"-","") | GO6: =_xlfn.SWITCH(GF6,"a",4,"b",3,"c",2,"d",1,"e",0,"-","") | GP6: =IF(COUNT(GH6:GO6)=0,"-",SUM(GH6:GO6)/COUNT(GH6:GO6)/4) -> 0.7 | GQ6: =_xlfn.IFS(GT6="-","-",GT6>=0.8,"a",GT6>=0.6,"b",GT6>=0.4,"c",GT6>=0.2,"d",GT6<0.2,"e") -> a | GR6: =_xlfn.SWITCH(FN6,"a",4,"b",3,"c",2,"d",1,"e",0,"-","") -> 4 | GS6: =_xlfn.SWITCH(GG6,"a",4/2,"b",3/2,"c",2/2,"d",1/2,"e",0,"-","") -> 1.5 | GT6: {=_xlfn.IFS(COUNT(GR6:GS6)=2,SUM(GR6:GS6)/6,COUNT(GR6:GS6)=0,"-",GR6="",GP6,GS6="",FX6)} -> 0.91666667 | GU6: =VLOOKUP($A6&"-"&GU$4,'05市民生活実感調査'!$A$3:$BC$218,COLUMN('05市民生活実感調査'!$AI:$AI),FALSE) -> c | GV6: =VLOOKUP($A6&"-"&GV$4,'05市民生活実感調査'!$A$3:$BC$218,COLUMN('05市民生活実感調査'!$AI:$AI),FALSE) -> c | GW6: =VLOOKUP($A6&"-"&GW$4,'05市民生活実感調査'!$A$3:$BC$218,COLUMN('05市民生活実感調査'!$AI:$AI),FALSE) -> d | GX6: =VLOOKUP($A6&"-"&GX$4,'05市民生活実感調査'!$A$3:$BC$218,COLUMN('05市民生活実感調査'!$AI:$AI),FALSE) -> c | GY6: =VLOOKUP($A6&"-"&GY$4,'05市民生活実感調査'!$A$3:$BC$218,COLUMN('05市民生活実感調査'!$AI:$AI),FALSE) -> - | GZ6: =VLOOKUP($A6&"-"&GZ$4,'05市民生活実感調査'!$A$3:$BC$218,COLUMN('05市民生活実感調査'!$AI:$AI),FALSE) -> - | HA6: =VLOOKUP($A6&"-"&HA$4,'05市民生活実感調査'!$A$3:$BC$218,COLUMN('05市民生活実感調査'!$AI:$AI),FALSE) -> - | HB6: =VLOOKUP($A6&"-"&HB$4,'05市民生活実感調査'!$A$3:$BC$218,COLUMN('05市民生活実感調査'!$AI:$AI),FALSE) -> - | HC6: =_xlfn.IFS(HL6>=0.8,"a",HL6>=0.6,"b",HL6>=0.4,"c",HL6>=0.2,"d",HL6<0.2,"e") -> c | HD6: =_xlfn.SWITCH(GU6,"a",4,"b",3,"c",2,"d",1,"e",0,"-","") -> 2 | HE6: =_xlfn.SWITCH(GV6,"a",4,"b",3,"c",2,"d",1,"e",0,"-","") -> 2 | HF6: =_xlfn.SWITCH(GW6,"a",4,"b",3,"c",2,"d",1,"e",0,"-","") -> 1 | HG6: =_xlfn.SWITCH(GX6,"a",4,"b",3,"c",2,"d",1,"e",0,"-","") -> 2 | HH6: =_xlfn.SWITCH(GY6,"a",4,"b",3,"c",2,"d",1,"e",0,"-","") | HI6: =_xlfn.SWITCH(GZ6,"a",4,"b",3,"c",2,"d",1,"e",0,"-","") | HJ6: =_xlfn.SWITCH(HA6,"a",4,"b",3,"c",2,"d",1,"e",0,"-","") | HK6: =_xlfn.SWITCH(HB6,"a",4,"b",3,"c",2,"d",1,"e",0,"-","") | HL6: =SUM(HD6:HK6)/COUNT(HD6:HK6)/4 -> 0.4375 | HM6: =VLOOKUP($A6,'05市民生活実感調査'!$D$223:$O$249,7,FALSE) -> 23 | HN6: =VLOOKUP($A6,'05市民生活実感調査'!$D$223:$O$249,8,FALSE) -> 54.554865 | HO6: B | HP6: =VLOOKUP(HO6,プルダウン!$A$1:$B$6,2,FALSE) -> 政策の目的がかなり達成されている | HQ6: 市民実感 | HR6: 人権、男女共同参画、真のワーク・ライフ・バランスなど、施策に係る市民の意識や生活実感が重要な分野であることから、市民生活実感評価を重視する。 | HS6: 政策の指標である「男女いずれの委員の登用率も35％以上の附属機関等の割合」が高評価となったほか、施策の指標である「市民の自主的な啓発活動を支援する事業の利用件数」が着実に増加したことなどから、全体ではａ評価となった。 | HT6: 長時間労働や固定的な性別役割分担意識が根強く残っていること、DV被害者支援の取組は進んでいるものの、男女間等における暴力が根絶されているという実感には至っていないことなどから、ｃ評価になったと考えられる。 | HU6: =IFERROR(VLOOKUP($A6*100+HU$4,'03施策評価'!$A$5:$KD$118,COLUMN('03施策評価'!$FW:$FW),FALSE),"-") -> C | HV6: =IFERROR(VLOOKUP($A6*100+HV$4,'03施策評価'!$A$5:$KD$118,COLUMN('03施策評価'!$FW:$FW),FALSE),"-") -> B | HW6: =IFERROR(VLOOKUP($A6*100+HW$4,'03施策評価'!$A$5:$KD$118,COLUMN('03施策評価'!$FW:$FW),FALSE),"-") -> B | HX6: =IFERROR(VLOOKUP($A6*100+HX$4,'03施策評価'!$A$5:$KD$118,COLUMN('03施策評価'!$FW:$FW),FALSE),"-") -> C | HY6: =IFERROR(VLOOKUP($A6*100+HY$4,'03施策評価'!$A$5:$KD$118,COLUMN('03施策評価'!$FW:$FW),FALSE),"-") -> C | HZ6: =IFERROR(VLOOKUP($A6*100+HZ$4,'03施策評価'!$A$5:$KD$118,COLUMN('03施策評価'!$FW:$FW),FALSE),"-") -> - | IA6: =IFERROR(VLOOKUP($A6*100+IA$4,'03施策評価'!$A$5:$KD$118,COLUMN('03施策評価'!$FW:$FW),FALSE),"-") -> - | IB6: =IFERROR(VLOOKUP($A6*100+IB$4,'03施策評価'!$A$5:$KD$118,COLUMN('03施策評価'!$FW:$FW),FALSE),"-") -> - | IC6: 客観指標評価はａ評価となったが、市民生活実感評価がｃ評価となったことから、総合評価結果はＢ評価となった。引き続き、様々な広報媒体を活用して人権啓発に取り組み、全ての人の人権を尊重する人権文化の構築を着実に推進していく。また、「真のワーク・ライフ・バランス」の推進のために企業啓発等を行うとともに、男女間等におけるあらゆる暴力を根絶するため、市民啓発やきめ細やかで切れ目のない相談・支援を行い、誰もがあらゆる分野で活躍でき、安心・安全に暮らせる男女共同参画社会の実現に向けて取り組む。これらにより、基本方針にある誰一人取り残さない共生社会の実現を目指していく。 | ID6: =VLOOKUP($A6&"-"&ID$4,'02政策の客観指標'!$A$4:$AY$246,COLUMN('02政策の客観指標'!$AW:$AW),FALSE) -> b | IE6: =VLOOKUP($A6&"-"&IE$4,'02政策の客観指標'!$A$4:$AY$246,COLUMN('02政策の客観指標'!$AW:$AW),FALSE) -> a | IF6: =VLOOKUP($A6&"-"&IF$4,'02政策の客観指標'!$A$4:$AY$246,COLUMN('02政策の客観指標'!$AW:$AW),FALSE) -> b | IG6: =VLOOKUP($A6&"-"&IG$4,'02政策の客観指標'!$A$4:$AY$246,COLUMN('02政策の客観指標'!$AW:$AW),FALSE) -> b | IH6: =VLOOKUP($A6&"-"&IH$4,'02政策の客観指標'!$A$4:$AY$246,COLUMN('02政策の客観指標'!$AW:$AW),FALSE) -> - | II6: =VLOOKUP($A6&"-"&II$4,'02政策の客観指標'!$A$4:$AY$246,COLUMN('02政策の客観指標'!$AW:$AW),FALSE) -> - | IJ6: =VLOOKUP($A6&"-"&IJ$4,'02政策の客観指標'!$A$4:$AY$246,COLUMN('02政策の客観指標'!$AW:$AW),FALSE) -> - | IK6: =VLOOKUP($A6&"-"&IK$4,'02政策の客観指標'!$A$4:$AY$246,COLUMN('02政策の客観指標'!$AW:$AW),FALSE) -> - | IL6: =VLOOKUP($A6&"-"&IL$4,'02政策の客観指標'!$A$4:$AY$246,COLUMN('02政策の客観指標'!$AW:$AW),FALSE) -> - | IM6: =_xlfn.IFS(IW6="-","-",IW6>=0.8,"a",IW6>=0.6,"b",IW6>=0.4,"c",IW6>=0.2,"d",IW6<0.2,"e") -> a | IN6: =_xlfn.SWITCH(ID6,"a",4,"b",3,"c",2,"d",1,"e",0,"-","") -> 3 | IO6: =_xlfn.SWITCH(IE6,"a",4,"b",3,"c",2,"d",1,"e",0,"-","") -> 4 | IP6: =_xlfn.SWITCH(IF6,"a",4,"b",3,"c",2,"d",1,"e",0,"-","") -> 3 | IQ6: =_xlfn.SWITCH(IG6,"a",4,"b",3,"c",2,"d",1,"e",0,"-","") -> 3 | IR6: =_xlfn.SWITCH(IH6,"a",4,"b",3,"c",2,"d",1,"e",0,"-","") | IS6: =_xlfn.SWITCH(II6,"a",4,"b",3,"c",2,"d",1,"e",0,"-","") | IT6: =_xlfn.SWITCH(IJ6,"a",4,"b",3,"c",2,"d",1,"e",0,"-","") | IU6: =_xlfn.SWITCH(IK6,"a",4,"b",3,"c",2,"d",1,"e",0,"-","") | IV6: =_xlfn.SWITCH(IL6,"a",4,"b",3,"c",2,"d",1,"e",0,"-","") | IW6: =IF(COUNT(IN6:IV6)=0,"-",SUM(IN6:IV6)/COUNT(IN6:IV6)/4) -> 0.8125 | IX6: =IFERROR(VLOOKUP($A6*100+IX$4,'03施策評価'!$A$5:$KD$118,COLUMN('03施策評価'!$GJ:$GJ),FALSE),"-") -> c | IY6: =IFERROR(VLOOKUP($A6*100+IY$4,'03施策評価'!$A$5:$KD$118,COLUMN('03施策評価'!$GJ:$GJ),FALSE),"-") -> a | IZ6: =IFERROR(VLOOKUP($A6*100+IZ$4,'03施策評価'!$A$5:$KD$118,COLUMN('03施策評価'!$GJ:$GJ),FALSE),"-") -> a | JA6: =IFERROR(VLOOKUP($A6*100+JA$4,'03施策評価'!$A$5:$KD$118,COLUMN('03施策評価'!$GJ:$GJ),FALSE),"-") -> b | JB6: =IFERROR(VLOOKUP($A6*100+JB$4,'03施策評価'!$A$5:$KD$118,COLUMN('03施策評価'!$GJ:$GJ),FALSE),"-") -> b | JC6: =IFERROR(VLOOKUP($A6*100+JC$4,'03施策評価'!$A$5:$KD$118,COLUMN('03施策評価'!$GJ:$GJ),FALSE),"-") -> - | JD6: =IFERROR(VLOOKUP($A6*100+JD$4,'03施策評価'!$A$5:$KD$118,COLUMN('03施策評価'!$GJ:$GJ),FALSE),"-") -> - | JE6: =IFERROR(VLOOKUP($A6*100+JE$4,'03施策評価'!$A$5:$KD$118,COLUMN('03施策評価'!$GJ:$GJ),FALSE),"-") -> - | JF6: =_xlfn.IFS(JO6="-","-",JO6>=0.8,"a",JO6>=0.6,"b",JO6>=0.4,"c",JO6>=0.2,"d",JO6<0.2,"e") -> a | JG6: =_xlfn.SWITCH(IX6,"a",4,"b",3,"c",2,"d",1,"e",0,"-","") -> 2 | JH6: =_xlfn.SWITCH(IY6,"a",4,"b",3,"c",2,"d",1,"e",0,"-","") -> 4 | JI6: =_xlfn.SWITCH(IZ6,"a",4,"b",3,"c",2,"d",1,"e",0,"-","") -> 4 | JJ6: =_xlfn.SWITCH(JA6,"a",4,"b",3,"c",2,"d",1,"e",0,"-","") -> 3 | JK6: =_xlfn.SWITCH(JB6,"a",4,"b",3,"c",2,"d",1,"e",0,"-","") -> 3 | JL6: =_xlfn.SWITCH(JC6,"a",4,"b",3,"c",2,"d",1,"e",0,"-","") | JM6: =_xlfn.SWITCH(JD6,"a",4,"b",3,"c",2,"d",1,"e",0,"-","") | JN6: =_xlfn.SWITCH(JE6,"a",4,"b",3,"c",2,"d",1,"e",0,"-","") | JO6: =IF(COUNT(JG6:JN6)=0,"-",SUM(JG6:JN6)/COUNT(JG6:JN6)/4) -> 0.8 | JP6: =_xlfn.IFS(JS6="-","-",JS6>=0.8,"a",JS6>=0.6,"b",JS6>=0.4,"c",JS6>=0.2,"d",JS6<0.2,"e") -> a | JQ6: =_xlfn.SWITCH(IM6,"a",4,"b",3,"c",2,"d",1,"e",0,"-","") -> 4 | JR6: =_xlfn.SWITCH(JF6,"a",4/2,"b",3/2,"c",2/2,"d",1/2,"e",0,"-","") -> 2 | JS6: {=_xlfn.IFS(COUNT(JQ6:JR6)=2,SUM(JQ6:JR6)/6,COUNT(JQ6:JR6)=0,"-",JQ6="",JO6,JR6="",IW6)} -> 1 | JT6: =VLOOKUP($A6&"-"&JT$4,'05市民生活実感調査'!$A$3:$BC$218,COLUMN('05市民生活実感調査'!$AS:$AS),FALSE) -> c | JU6: =VLOOKUP($A6&"-"&JU$4,'05市民生活実感調査'!$A$3:$BC$218,COLUMN('05市民生活実感調査'!$AS:$AS),FALSE) -> c | JV6: =VLOOKUP($A6&"-"&JV$4,'05市民生活実感調査'!$A$3:$BC$218,COLUMN('05市民生活実感調査'!$AS:$AS),FALSE) -> c | JW6: =VLOOKUP($A6&"-"&JW$4,'05市民生活実感調査'!$A$3:$BC$218,COLUMN('05市民生活実感調査'!$AS:$AS),FALSE) -> c | JX6: =VLOOKUP($A6&"-"&JX$4,'05市民生活実感調査'!$A$3:$BC$218,COLUMN('05市民生活実感調査'!$AS:$AS),FALSE) -> - | JY6: =VLOOKUP($A6&"-"&JY$4,'05市民生活実感調査'!$A$3:$BC$218,COLUMN('05市民生活実感調査'!$AS:$AS),FALSE) -> - | JZ6: =VLOOKUP($A6&"-"&JZ$4,'05市民生活実感調査'!$A$3:$BC$218,COLUMN('05市民生活実感調査'!$AS:$AS),FALSE) -> - | KA6: =VLOOKUP($A6&"-"&KA$4,'05市民生活実感調査'!$A$3:$BC$218,COLUMN('05市民生活実感調査'!$AS:$AS),FALSE) -> - | KB6: =_xlfn.IFS(KK6>=0.8,"a",KK6>=0.6,"b",KK6>=0.4,"c",KK6>=0.2,"d",KK6<0.2,"e") -> c | KC6: =_xlfn.SWITCH(JT6,"a",4,"b",3,"c",2,"d",1,"e",0,"-","") -> 2 | KD6: =_xlfn.SWITCH(JU6,"a",4,"b",3,"c",2,"d",1,"e",0,"-","") -> 2 | KE6: =_xlfn.SWITCH(JV6,"a",4,"b",3,"c",2,"d",1,"e",0,"-","") -> 2 | KF6: =_xlfn.SWITCH(JW6,"a",4,"b",3,"c",2,"d",1,"e",0,"-","") -> 2 | KG6: =_xlfn.SWITCH(JX6,"a",4,"b",3,"c",2,"d",1,"e",0,"-","") | KH6: =_xlfn.SWITCH(JY6,"a",4,"b",3,"c",2,"d",1,"e",0,"-","") | KI6: =_xlfn.SWITCH(JZ6,"a",4,"b",3,"c",2,"d",1,"e",0,"-","") | KJ6: =_xlfn.SWITCH(KA6,"a",4,"b",3,"c",2,"d",1,"e",0,"-","") | KK6: =SUM(KC6:KJ6)/COUNT(KC6:KJ6)/4 -> 0.5 | KL6: =VLOOKUP($A6,'05市民生活実感調査'!$D$223:$O$249,9,FALSE) -> 23 | KM6: =VLOOKUP($A6,'05市民生活実感調査'!$D$223:$O$249,10,FALSE) -> 54.405738 | KN6: B | KO6: =VLOOKUP(KN6,プルダウン!$A$1:$B$6,2,FALSE) -> 政策の目的がかなり達成されている | KP6: 市民実感 | KQ6: 人権、男女共同参画、真のワーク・ライフ・バランスなど、施策に係る市民の意識や生活実感が重要な分野であることから、市民生活実感評価を重視する。 | KR6: 政策の指標である「男女いずれの委員の登用率も35％以上の附属機関等の割合」がａ評価となったほか、施策の指標である「企業啓発事業の１事業所当たりの利用者数」が着実に増加したことなどから、全体ではａ評価となった。 | KS6: 長時間労働や固定的な性別役割分担意識が根強く残っていること、DV被害者支援の取組は進んでいるものの、男女間等における暴力が根絶されているという実感には至っていないことなどから、ｃ評価になったと考えられる。 | KT6: =IFERROR(VLOOKUP($A6*100+KT$4,'03施策評価'!$A$5:$KD$118,COLUMN('03施策評価'!$HY:$HY),FALSE),"-") -> C | KU6: =IFERROR(VLOOKUP($A6*100+KU$4,'03施策評価'!$A$5:$KD$118,COLUMN('03施策評価'!$HY:$HY),FALSE),"-") -> B | KV6: =IFERROR(VLOOKUP($A6*100+KV$4,'03施策評価'!$A$5:$KD$118,COLUMN('03施策評価'!$HY:$HY),FALSE),"-") -> B | KW6: =IFERROR(VLOOKUP($A6*100+KW$4,'03施策評価'!$A$5:$KD$118,COLUMN('03施策評価'!$HY:$HY),FALSE),"-") -> B | KX6: =IFERROR(VLOOKUP($A6*100+KX$4,'03施策評価'!$A$5:$KD$118,COLUMN('03施策評価'!$HY:$HY),FALSE),"-") -> C | KY6: =IFERROR(VLOOKUP($A6*100+KY$4,'03施策評価'!$A$5:$KD$118,COLUMN('03施策評価'!$HY:$HY),FALSE),"-") -> - | KZ6: =IFERROR(VLOOKUP($A6*100+KZ$4,'03施策評価'!$A$5:$KD$118,COLUMN('03施策評価'!$HY:$HY),FALSE),"-") -> - | LA6: =IFERROR(VLOOKUP($A6*100+LA$4,'03施策評価'!$A$5:$KD$118,COLUMN('03施策評価'!$HY:$HY),FALSE),"-") -> - | LB6: 客観指標評価はａ評価となったが、市民生活実感評価がｃ評価となったことから、総合評価結果はＢ評価となった。 引き続き、様々な広報媒体を活用して人権啓発に取り組み、全ての人の人権を尊重する人権文化の構築を着実に推進していく。また、「真のワーク・ライフ・バランス」の推進のために企業啓発等を行うとともに、男女間等におけるあらゆる暴力を根絶するため、広く市民に対し啓発し、被害者へはきめ細やかで切れ目のない相談・支援を行い、誰もがあらゆる分野で活躍でき、安心・安全に暮らせる男女共同参画社会の実現に向けて取り組む。これらにより、基本方針にある誰一人取り残さない共生社会の実現を目指していく。 | LC6: =VLOOKUP($A6&"-"&LC$4,'02政策の客観指標'!$A$4:$AX$246,COLUMN('02政策の客観指標'!$AX:$AX),FALSE) -> a | LD6: =VLOOKUP($A6&"-"&LD$4,'02政策の客観指標'!$A$4:$AX$246,COLUMN('02政策の客観指標'!$AX:$AX),FALSE) -> a | LE6: =VLOOKUP($A6&"-"&LE$4,'02政策の客観指標'!$A$4:$AX$246,COLUMN('02政策の客観指標'!$AX:$AX),FALSE) -> b | LF6: =VLOOKUP($A6&"-"&LF$4,'02政策の客観指標'!$A$4:$AX$246,COLUMN('02政策の客観指標'!$AX:$AX),FALSE) -> b | LG6: =VLOOKUP($A6&"-"&LG$4,'02政策の客観指標'!$A$4:$AX$246,COLUMN('02政策の客観指標'!$AX:$AX),FALSE) -> - | LH6: =VLOOKUP($A6&"-"&LH$4,'02政策の客観指標'!$A$4:$AX$246,COLUMN('02政策の客観指標'!$AX:$AX),FALSE) -> - | LI6: =VLOOKUP($A6&"-"&LI$4,'02政策の客観指標'!$A$4:$AX$246,COLUMN('02政策の客観指標'!$AX:$AX),FALSE) -> - | LJ6: =VLOOKUP($A6&"-"&LJ$4,'02政策の客観指標'!$A$4:$AX$246,COLUMN('02政策の客観指標'!$AX:$AX),FALSE) -> - | LK6: =VLOOKUP($A6&"-"&LK$4,'02政策の客観指標'!$A$4:$AX$246,COLUMN('02政策の客観指標'!$AX:$AX),FALSE) -> - | LL6: =_xlfn.IFS(LV6="-","-",LV6>=0.8,"a",LV6>=0.6,"b",LV6>=0.4,"c",LV6>=0.2,"d",LV6<0.2,"e") -> a | LM6: =_xlfn.SWITCH(LC6,"a",4,"b",3,"c",2,"d",1,"e",0,"-","") -> 4 | LN6: =_xlfn.SWITCH(LD6,"a",4,"b",3,"c",2,"d",1,"e",0,"-","") -> 4 | LO6: =_xlfn.SWITCH(LE6,"a",4,"b",3,"c",2,"d",1,"e",0,"-","") -> 3 | LP6: =_xlfn.SWITCH(LF6,"a",4,"b",3,"c",2,"d",1,"e",0,"-","") -> 3 | LQ6: =_xlfn.SWITCH(LG6,"a",4,"b",3,"c",2,"d",1,"e",0,"-","") | LR6: =_xlfn.SWITCH(LH6,"a",4,"b",3,"c",2,"d",1,"e",0,"-","") | LS6: =_xlfn.SWITCH(LI6,"a",4,"b",3,"c",2,"d",1,"e",0,"-","") | LT6: =_xlfn.SWITCH(LJ6,"a",4,"b",3,"c",2,"d",1,"e",0,"-","") | LU6: =_xlfn.SWITCH(LK6,"a",4,"b",3,"c",2,"d",1,"e",0,"-","") | LV6: =IF(COUNT(LM6:LU6)=0,"-",SUM(LM6:LU6)/COUNT(LM6:LU6)/4) -> 0.875 | LW6: =IFERROR(VLOOKUP($A6*100+LW$4,'03施策評価'!$A$5:$KD$118,COLUMN('03施策評価'!$IL:$IL),FALSE),"-") -> b | LX6: =IFERROR(VLOOKUP($A6*100+LX$4,'03施策評価'!$A$5:$KD$118,COLUMN('03施策評価'!$IL:$IL),FALSE),"-") -> a | LY6: =IFERROR(VLOOKUP($A6*100+LY$4,'03施策評価'!$A$5:$KD$118,COLUMN('03施策評価'!$IL:$IL),FALSE),"-") -> a | LZ6: =IFERROR(VLOOKUP($A6*100+LZ$4,'03施策評価'!$A$5:$KD$118,COLUMN('03施策評価'!$IL:$IL),FALSE),"-") -> b | MA6: =IFERROR(VLOOKUP($A6*100+MA$4,'03施策評価'!$A$5:$KD$118,COLUMN('03施策評価'!$IL:$IL),FALSE),"-") -> a | MB6: =IFERROR(VLOOKUP($A6*100+MB$4,'03施策評価'!$A$5:$KD$118,COLUMN('03施策評価'!$IL:$IL),FALSE),"-") -> - | MC6: =IFERROR(VLOOKUP($A6*100+MC$4,'03施策評価'!$A$5:$KD$118,COLUMN('03施策評価'!$IL:$IL),FALSE),"-") -> - | MD6: =IFERROR(VLOOKUP($A6*100+MD$4,'03施策評価'!$A$5:$KD$118,COLUMN('03施策評価'!$IL:$IL),FALSE),"-") -> - | ME6: =_xlfn.IFS(MN6="-","-",MN6>=0.8,"a",MN6>=0.6,"b",MN6>=0.4,"c",MN6>=0.2,"d",MN6<0.2,"e") -> a | MF6: =_xlfn.SWITCH(LW6,"a",4,"b",3,"c",2,"d",1,"e",0,"-","") -> 3 | MG6: =_xlfn.SWITCH(LX6,"a",4,"b",3,"c",2,"d",1,"e",0,"-","") -> 4 | MH6: =_xlfn.SWITCH(LY6,"a",4,"b",3,"c",2,"d",1,"e",0,"-","") -> 4 | MI6: =_xlfn.SWITCH(LZ6,"a",4,"b",3,"c",2,"d",1,"e",0,"-","") -> 3 | MJ6: =_xlfn.SWITCH(MA6,"a",4,"b",3,"c",2,"d",1,"e",0,"-","") -> 4 | MK6: =_xlfn.SWITCH(MB6,"a",4,"b",3,"c",2,"d",1,"e",0,"-","") | ML6: =_xlfn.SWITCH(MC6,"a",4,"b",3,"c",2,"d",1,"e",0,"-","") | MM6: =_xlfn.SWITCH(MD6,"a",4,"b",3,"c",2,"d",1,"e",0,"-","") | MN6: =IF(COUNT(MF6:MM6)=0,"-",SUM(MF6:MM6)/COUNT(MF6:MM6)/4) -> 0.9 | MO6: =_xlfn.IFS(MR6="-","-",MR6>=0.8,"a",MR6>=0.6,"b",MR6>=0.4,"c",MR6>=0.2,"d",MR6<0.2,"e") -> a | MP6: =_xlfn.SWITCH(LL6,"a",4,"b",3,"c",2,"d",1,"e",0,"-","") -> 4 | MQ6: =_xlfn.SWITCH(ME6,"a",4/2,"b",3/2,"c",2/2,"d",1/2,"e",0,"-","") -> 2 | MR6: {=_xlfn.IFS(COUNT(MP6:MQ6)=2,SUM(MP6:MQ6)/6,COUNT(MP6:MQ6)=0,"-",MP6="",MN6,MQ6="",LV6)} -> 1 | MS6: =VLOOKUP($A6&"-"&MS$4,'05市民生活実感調査'!$A$3:$BC$218,COLUMN('05市民生活実感調査'!$BC:$BC),FALSE) -> c | MT6: =VLOOKUP($A6&"-"&MT$4,'05市民生活実感調査'!$A$3:$BC$218,COLUMN('05市民生活実感調査'!$BC:$BC),FALSE) -> c | MU6: =VLOOKUP($A6&"-"&MU$4,'05市民生活実感調査'!$A$3:$BC$218,COLUMN('05市民生活実感調査'!$BC:$BC),FALSE) -> d | MV6: =VLOOKUP($A6&"-"&MV$4,'05市民生活実感調査'!$A$3:$BC$218,COLUMN('05市民生活実感調査'!$BC:$BC),FALSE) -> c | MW6: =VLOOKUP($A6&"-"&MW$4,'05市民生活実感調査'!$A$3:$BC$218,COLUMN('05市民生活実感調査'!$BC:$BC),FALSE) -> - | MX6: =VLOOKUP($A6&"-"&MX$4,'05市民生活実感調査'!$A$3:$BC$218,COLUMN('05市民生活実感調査'!$BC:$BC),FALSE) -> - | MY6: =VLOOKUP($A6&"-"&MY$4,'05市民生活実感調査'!$A$3:$BC$218,COLUMN('05市民生活実感調査'!$BC:$BC),FALSE) -> - | MZ6: =VLOOKUP($A6&"-"&MZ$4,'05市民生活実感調査'!$A$3:$BC$218,COLUMN('05市民生活実感調査'!$BC:$BC),FALSE) -> - | NA6: =_xlfn.IFS(NJ6>=0.8,"a",NJ6>=0.6,"b",NJ6>=0.4,"c",NJ6>=0.2,"d",NJ6<0.2,"e") -> c | NB6: =_xlfn.SWITCH(MS6,"a",4,"b",3,"c",2,"d",1,"e",0,"-","") -> 2 | NC6: =_xlfn.SWITCH(MT6,"a",4,"b",3,"c",2,"d",1,"e",0,"-","") -> 2 | ND6: =_xlfn.SWITCH(MU6,"a",4,"b",3,"c",2,"d",1,"e",0,"-","") -> 1 | NE6: =_xlfn.SWITCH(MV6,"a",4,"b",3,"c",2,"d",1,"e",0,"-","") -> 2 | NF6: =_xlfn.SWITCH(MW6,"a",4,"b",3,"c",2,"d",1,"e",0,"-","") | NG6: =_xlfn.SWITCH(MX6,"a",4,"b",3,"c",2,"d",1,"e",0,"-","") | NH6: =_xlfn.SWITCH(MY6,"a",4,"b",3,"c",2,"d",1,"e",0,"-","") | NI6: =_xlfn.SWITCH(MZ6,"a",4,"b",3,"c",2,"d",1,"e",0,"-","") | NJ6: =SUM(NB6:NI6)/COUNT(NB6:NI6)/4 -> 0.4375 | NK6: =VLOOKUP($A6,'05市民生活実感調査'!$D$223:$O$249,11,FALSE) -> 24 | NL6: =VLOOKUP($A6,'05市民生活実感調査'!$D$223:$O$249,12,FALSE) -> 50.190476 | NM6: B | NN6: =VLOOKUP(NM6,プルダウン!$A$1:$B$6,2,FALSE) -> 政策の目的がかなり達成されている | NO6: 市民実感 | NP6: 人権、男女共同参画、真のワーク・ライフ・バランスなど、施策に係る市民の意識や生活実感が重要な分野であることから、市民生活実感評価を重視する。 | NQ6: 政策の指標である「男女いずれの委員の登用率も35％以上の附属機関等の割合」、「「京都モデル」ワーク・ライフ・バランス推進企業認証制度の認証企業数」、施策の指標である「企業啓発事業の１事業所当たりの利用者数」が高評価となったことなどから、全体ではａ評価となった。 | NR6: 長時間労働や固定的な性別役割分担意識が根強く残っていること、DV被害者支援の取組は進んでいるものの、男女間等における暴力が根絶されているという実感には至っていないことなどから、ｃ評価になったと考えられる。 | NS6: =IFERROR(VLOOKUP($A6*100+NS$4,'03施策評価'!$A$5:$KD$118,COLUMN('03施策評価'!$KA:$KA),FALSE),"-") -> C | NT6: =IFERROR(VLOOKUP($A6*100+NT$4,'03施策評価'!$A$5:$KD$118,COLUMN('03施策評価'!$KA:$KA),FALSE),"-") -> B | NU6: =IFERROR(VLOOKUP($A6*100+NU$4,'03施策評価'!$A$5:$KD$118,COLUMN('03施策評価'!$KA:$KA),FALSE),"-") -> B | NV6: =IFERROR(VLOOKUP($A6*100+NV$4,'03施策評価'!$A$5:$KD$118,COLUMN('03施策評価'!$KA:$KA),FALSE),"-") -> C | NW6: =IFERROR(VLOOKUP($A6*100+NW$4,'03施策評価'!$A$5:$KD$118,COLUMN('03施策評価'!$KA:$KA),FALSE),"-") -> B | NX6: =IFERROR(VLOOKUP($A6*100+NX$4,'03施策評価'!$A$5:$KD$118,COLUMN('03施策評価'!$KA:$KA),FALSE),"-") -> - | NY6: =IFERROR(VLOOKUP($A6*100+NY$4,'03施策評価'!$A$5:$KD$118,COLUMN('03施策評価'!$KA:$KA),FALSE),"-") -> - | NZ6: =IFERROR(VLOOKUP($A6*100+NZ$4,'03施策評価'!$A$5:$KD$118,COLUMN('03施策評価'!$KA:$KA),FALSE),"-") -> - | OA6: 客観指標評価はａ評価となったが、市民生活実感評価がｃ評価となったことから、総合評価結果はＢ評価となった。 仕事と生活の両立の推進や、男女間におけるあらゆる暴力を根絶するための被害者への相談・支援等に取り組むとともに、第６次男女共同参画計画（計画期間：令和８年度～）の策定に向けた取組を進める。また、「人権文化推進計画」に基づき、市民・企業への人権啓発等に取り組むことで、誰一人取り残さない共生社会の実現を目指していく。 | OB6: =VLOOKUP($A6&"-"&OB$4,'02政策の客観指標'!$A$4:$AY$246,COLUMN('02政策の客観指標'!$AY:$AY),FALSE) -> a | OC6: =VLOOKUP($A6&"-"&OC$4,'02政策の客観指標'!$A$4:$AY$246,COLUMN('02政策の客観指標'!$AY:$AY),FALSE) -> a | OD6: =VLOOKUP($A6&"-"&OD$4,'02政策の客観指標'!$A$4:$AY$246,COLUMN('02政策の客観指標'!$AY:$AY),FALSE) -> a | OE6: =VLOOKUP($A6&"-"&OE$4,'02政策の客観指標'!$A$4:$AY$246,COLUMN('02政策の客観指標'!$AY:$AY),FALSE) -> b | OF6: =VLOOKUP($A6&"-"&OF$4,'02政策の客観指標'!$A$4:$AY$246,COLUMN('02政策の客観指標'!$AY:$AY),FALSE) -> - | OG6: =VLOOKUP($A6&"-"&OG$4,'02政策の客観指標'!$A$4:$AY$246,COLUMN('02政策の客観指標'!$AY:$AY),FALSE) -> - | OH6: =VLOOKUP($A6&"-"&OH$4,'02政策の客観指標'!$A$4:$AY$246,COLUMN('02政策の客観指標'!$AY:$AY),FALSE) -> - | OI6: =VLOOKUP($A6&"-"&OI$4,'02政策の客観指標'!$A$4:$AY$246,COLUMN('02政策の客観指標'!$AY:$AY),FALSE) -> - | OJ6: =VLOOKUP($A6&"-"&OJ$4,'02政策の客観指標'!$A$4:$AY$246,COLUMN('02政策の客観指標'!$AY:$AY),FALSE) -> - | OK6: =_xlfn.IFS(OU6="-","-",OU6>=0.8,"a",OU6>=0.6,"b",OU6>=0.4,"c",OU6>=0.2,"d",OU6<0.2,"e") -> a | OL6: =_xlfn.SWITCH(OB6,"a",4,"b",3,"c",2,"d",1,"e",0,"-","") -> 4 | OM6: =_xlfn.SWITCH(OC6,"a",4,"b",3,"c",2,"d",1,"e",0,"-","") -> 4 | ON6: =_xlfn.SWITCH(OD6,"a",4,"b",3,"c",2,"d",1,"e",0,"-","") -> 4 | OO6: =_xlfn.SWITCH(OE6,"a",4,"b",3,"c",2,"d",1,"e",0,"-","") -> 3 | OP6: =_xlfn.SWITCH(OF6,"a",4,"b",3,"c",2,"d",1,"e",0,"-","") | OQ6: =_xlfn.SWITCH(OG6,"a",4,"b",3,"c",2,"d",1,"e",0,"-","") | OR6: =_xlfn.SWITCH(OH6,"a",4,"b",3,"c",2,"d",1,"e",0,"-","") | OS6: =_xlfn.SWITCH(OI6,"a",4,"b",3,"c",2,"d",1,"e",0,"-","") | OT6: =_xlfn.SWITCH(OJ6,"a",4,"b",3,"c",2,"d",1,"e",0,"-","") | OU6: =IF(COUNT(OL6:OT6)=0,"-",SUM(OL6:OT6)/COUNT(OL6:OT6)/4) -> 0.9375 | OV6: =IFERROR(VLOOKUP($A6*100+OV$4,'03施策評価'!$A$5:$MF$118,COLUMN('03施策評価'!$KN:$KN),FALSE),"-") -> a | OW6: =IFERROR(VLOOKUP($A6*100+OW$4,'03施策評価'!$A$5:$MF$118,COLUMN('03施策評価'!$KN:$KN),FALSE),"-") -> c | OX6: =IFERROR(VLOOKUP($A6*100+OX$4,'03施策評価'!$A$5:$MF$118,COLUMN('03施策評価'!$KN:$KN),FALSE),"-") -> b | OY6: =IFERROR(VLOOKUP($A6*100+OY$4,'03施策評価'!$A$5:$MF$118,COLUMN('03施策評価'!$KN:$KN),FALSE),"-") -> a | OZ6: =IFERROR(VLOOKUP($A6*100+OZ$4,'03施策評価'!$A$5:$MF$118,COLUMN('03施策評価'!$KN:$KN),FALSE),"-") -> b | PA6: =IFERROR(VLOOKUP($A6*100+PA$4,'03施策評価'!$A$5:$MF$118,COLUMN('03施策評価'!$KN:$KN),FALSE),"-") -> - | PB6: =IFERROR(VLOOKUP($A6*100+PB$4,'03施策評価'!$A$5:$MF$118,COLUMN('03施策評価'!$KN:$KN),FALSE),"-") -> - | PC6: =IFERROR(VLOOKUP($A6*100+PC$4,'03施策評価'!$A$5:$MF$118,COLUMN('03施策評価'!$KN:$KN),FALSE),"-") -> - | PD6: =_xlfn.IFS(PM6="-","-",PM6>=0.8,"a",PM6>=0.6,"b",PM6>=0.4,"c",PM6>=0.2,"d",PM6<0.2,"e") -> a | PE6: =_xlfn.SWITCH(OV6,"a",4,"b",3,"c",2,"d",1,"e",0,"-","") -> 4 | PF6: =_xlfn.SWITCH(OW6,"a",4,"b",3,"c",2,"d",1,"e",0,"-","") -> 2 | PG6: =_xlfn.SWITCH(OX6,"a",4,"b",3,"c",2,"d",1,"e",0,"-","") -> 3 | PH6: =_xlfn.SWITCH(OY6,"a",4,"b",3,"c",2,"d",1,"e",0,"-","") -> 4 | PI6: =_xlfn.SWITCH(OZ6,"a",4,"b",3,"c",2,"d",1,"e",0,"-","") -> 3 | PJ6: =_xlfn.SWITCH(PA6,"a",4,"b",3,"c",2,"d",1,"e",0,"-","") | PK6: =_xlfn.SWITCH(PB6,"a",4,"b",3,"c",2,"d",1,"e",0,"-","") | PL6: =_xlfn.SWITCH(PC6,"a",4,"b",3,"c",2,"d",1,"e",0,"-","") | PM6: =IF(COUNT(PE6:PL6)=0,"-",SUM(PE6:PL6)/COUNT(PE6:PL6)/4) -> 0.8 | PN6: =_xlfn.IFS(PQ6="-","-",PQ6>=0.8,"a",PQ6>=0.6,"b",PQ6>=0.4,"c",PQ6>=0.2,"d",PQ6<0.2,"e") -> a | PO6: =_xlfn.SWITCH(OK6,"a",4,"b",3,"c",2,"d",1,"e",0,"-","") -> 4 | PP6: =_xlfn.SWITCH(PD6,"a",4/2,"b",3/2,"c",2/2,"d",1/2,"e",0,"-","") -> 2 | PQ6: {=_xlfn.IFS(COUNT(PO6:PP6)=2,SUM(PO6:PP6)/6,COUNT(PO6:PP6)=0,"-",PO6="",PM6,PP6="",OU6)} -> 1 | PR6: =VLOOKUP($A6&"-"&PR$4,'05市民生活実感調査'!$A$3:$BM$218,COLUMN('05市民生活実感調査'!$BM:$BM),FALSE) -> c | PS6: =VLOOKUP($A6&"-"&PS$4,'05市民生活実感調査'!$A$3:$BM$218,COLUMN('05市民生活実感調査'!$BM:$BM),FALSE) -> c | PT6: =VLOOKUP($A6&"-"&PT$4,'05市民生活実感調査'!$A$3:$BM$218,COLUMN('05市民生活実感調査'!$BM:$BM),FALSE) -> c | PU6: =VLOOKUP($A6&"-"&PU$4,'05市民生活実感調査'!$A$3:$BM$218,COLUMN('05市民生活実感調査'!$BM:$BM),FALSE) -> c | PV6: =VLOOKUP($A6&"-"&PV$4,'05市民生活実感調査'!$A$3:$BM$218,COLUMN('05市民生活実感調査'!$BM:$BM),FALSE) -> - | PW6: =VLOOKUP($A6&"-"&PW$4,'05市民生活実感調査'!$A$3:$BM$218,COLUMN('05市民生活実感調査'!$BM:$BM),FALSE) -> - | PX6: =VLOOKUP($A6&"-"&PX$4,'05市民生活実感調査'!$A$3:$BM$218,COLUMN('05市民生活実感調査'!$BM:$BM),FALSE) -> - | PY6: =VLOOKUP($A6&"-"&PY$4,'05市民生活実感調査'!$A$3:$BM$218,COLUMN('05市民生活実感調査'!$BM:$BM),FALSE) -> - | PZ6: =_xlfn.IFS(QI6>=0.8,"a",QI6>=0.6,"b",QI6>=0.4,"c",QI6>=0.2,"d",QI6<0.2,"e") -> c | QA6: =_xlfn.SWITCH(PR6,"a",4,"b",3,"c",2,"d",1,"e",0,"-","") -> 2 | QB6: =_xlfn.SWITCH(PS6,"a",4,"b",3,"c",2,"d",1,"e",0,"-","") -> 2 | QC6: =_xlfn.SWITCH(PT6,"a",4,"b",3,"c",2,"d",1,"e",0,"-","") -> 2 | QD6: =_xlfn.SWITCH(PU6,"a",4,"b",3,"c",2,"d",1,"e",0,"-","") -> 2 | QE6: =_xlfn.SWITCH(PV6,"a",4,"b",3,"c",2,"d",1,"e",0,"-","") | QF6: =_xlfn.SWITCH(PW6,"a",4,"b",3,"c",2,"d",1,"e",0,"-","") | QG6: =_xlfn.SWITCH(PX6,"a",4,"b",3,"c",2,"d",1,"e",0,"-","") | QH6: =_xlfn.SWITCH(PY6,"a",4,"b",3,"c",2,"d",1,"e",0,"-","") | QI6: =SUM(QA6:QH6)/COUNT(QA6:QH6)/4 -> 0.5 | QJ6: =VLOOKUP($A6,'05市民生活実感調査'!$D$223:$Q$249,13,FALSE) -> 25 | QK6: =VLOOKUP($A6,'05市民生活実感調査'!$D$223:$Q$249,14,FALSE) -> 49.137931 | QL6: B | QM6: =VLOOKUP(QL6,プルダウン!$A$1:$B$6,2,FALSE) -> 政策の目的がかなり達成されている | QN6: 市民実感 | QO6: 人権、男女共同参画、真のワーク・ライフ・バランスなど、施策に係る市民の意識や生活実感が重要な分野であることから、市民生活実感評価を重視する。 | QP6: 政策の指標である「男女いずれの委員の登用率も35％以上の附属機関等の割合」、「京都DV相談支援センターへの相談者のうち、課題解決となった人の割合」、施策の指標である「人権文化の構築に関わる取組として全庁で実施する新規及び改善等の事業数」が高評価となったことなどから、全体ではａ評価となった。 | QQ6: 長時間労働や固定的な性別役割分担意識が根強く残っていること、DV被害者支援の取組は進んでいるものの、男女間等における暴力や性的いやがらせが根絶されているという実感には至っていないことなどから、ｃ評価になったと考えられる。 | QR6: =IFERROR(VLOOKUP($A6*100+QR$4,'03施策評価'!$A$5:$MF$118,COLUMN('03施策評価'!$MC:$MC),FALSE),"-") -> B | QS6: =IFERROR(VLOOKUP($A6*100+QS$4,'03施策評価'!$A$5:$MF$118,COLUMN('03施策評価'!$MC:$MC),FALSE),"-") -> C | QT6: =IFERROR(VLOOKUP($A6*100+QT$4,'03施策評価'!$A$5:$MF$118,COLUMN('03施策評価'!$MC:$MC),FALSE),"-") -> B | QU6: =IFERROR(VLOOKUP($A6*100+QU$4,'03施策評価'!$A$5:$MF$118,COLUMN('03施策評価'!$MC:$MC),FALSE),"-") -> B | QV6: =IFERROR(VLOOKUP($A6*100+QV$4,'03施策評価'!$A$5:$MF$118,COLUMN('03施策評価'!$MC:$MC),FALSE),"-") -> C | QW6: =IFERROR(VLOOKUP($A6*100+QW$4,'03施策評価'!$A$5:$MF$118,COLUMN('03施策評価'!$MC:$MC),FALSE),"-") -> - | QX6: =IFERROR(VLOOKUP($A6*100+QX$4,'03施策評価'!$A$5:$MF$118,COLUMN('03施策評価'!$MC:$MC),FALSE),"-") -> - | QY6: =IFERROR(VLOOKUP($A6*100+QY$4,'03施策評価'!$A$5:$MF$118,COLUMN('03施策評価'!$MC:$MC),FALSE),"-") -> - | QZ6: 客観指標評価はａ評価となったが、市民生活実感評価がｃ評価となったことから、総合評価結果はＢ評価となった。 令和８年３月に策定した「第６次男女共同参画計画」に基づき、仕事と生活の両立を推進する取組や、男女間におけるあらゆる暴力を根絶するための被害者への相談・支援等に取り組むとともに、「人権文化推進計画」に基づき、市民・企業への人権啓発等に取り組むことで、誰一人取り残されない共生社会の実現を目指していく。
A7: 3 | B7: 市民生活とコミュニティ | C7: 自治会・町内会などの地域団体をはじめ、地域企業、市民活動団体等が地域のさまざまな課題に対して、連携して解決に取り組むとともに、地域におけるさまざまな居場所や活躍の場づくりなどを進め、これを行政が支えることで、多様な地域コミュニティの活性化に向けたまちづくりを進める。 | D7: 文化市民局 | G7: =VLOOKUP($A7&"-"&G$4,'02政策の客観指標'!$A$4:$AY$246,COLUMN('02政策の客観指標'!$AT:$AT),FALSE) -> - | H7: =VLOOKUP($A7&"-"&H$4,'02政策の客観指標'!$A$4:$AY$246,COLUMN('02政策の客観指標'!$AT:$AT),FALSE) -> - | I7: =VLOOKUP($A7&"-"&I$4,'02政策の客観指標'!$A$4:$AY$246,COLUMN('02政策の客観指標'!$AT:$AT),FALSE) -> - | J7: =VLOOKUP($A7&"-"&J$4,'02政策の客観指標'!$A$4:$AY$246,COLUMN('02政策の客観指標'!$AT:$AT),FALSE) -> - | K7: =VLOOKUP($A7&"-"&K$4,'02政策の客観指標'!$A$4:$AY$246,COLUMN('02政策の客観指標'!$AT:$AT),FALSE) -> - | L7: =VLOOKUP($A7&"-"&L$4,'02政策の客観指標'!$A$4:$AY$246,COLUMN('02政策の客観指標'!$AT:$AT),FALSE) -> - | M7: =VLOOKUP($A7&"-"&M$4,'02政策の客観指標'!$A$4:$AY$246,COLUMN('02政策の客観指標'!$AT:$AT),FALSE) -> - | N7: =VLOOKUP($A7&"-"&N$4,'02政策の客観指標'!$A$4:$AY$246,COLUMN('02政策の客観指標'!$AT:$AT),FALSE) -> - | O7: =VLOOKUP($A7&"-"&O$4,'02政策の客観指標'!$A$4:$AY$246,COLUMN('02政策の客観指標'!$AT:$AT),FALSE) -> - | P7: =_xlfn.IFS(Z7="-","-",Z7>=0.8,"a",Z7>=0.6,"b",Z7>=0.4,"c",Z7>=0.2,"d",Z7<0.2,"e") -> - | Q7: =_xlfn.SWITCH(G7,"a",4,"b",3,"c",2,"d",1,"e",0,"-","") | R7: =_xlfn.SWITCH(H7,"a",4,"b",3,"c",2,"d",1,"e",0,"-","") | S7: =_xlfn.SWITCH(I7,"a",4,"b",3,"c",2,"d",1,"e",0,"-","") | T7: =_xlfn.SWITCH(J7,"a",4,"b",3,"c",2,"d",1,"e",0,"-","") | U7: =_xlfn.SWITCH(K7,"a",4,"b",3,"c",2,"d",1,"e",0,"-","") | V7: =_xlfn.SWITCH(L7,"a",4,"b",3,"c",2,"d",1,"e",0,"-","") | W7: =_xlfn.SWITCH(M7,"a",4,"b",3,"c",2,"d",1,"e",0,"-","") | X7: =_xlfn.SWITCH(N7,"a",4,"b",3,"c",2,"d",1,"e",0,"-","") | Y7: =_xlfn.SWITCH(O7,"a",4,"b",3,"c",2,"d",1,"e",0,"-","") | Z7: =IF(COUNT(Q7:Y7)=0,"-",SUM(Q7:Y7)/COUNT(Q7:Y7)/4) -> - | AA7: =IFERROR(VLOOKUP($A7*100+AA$4,'03施策評価'!$A$5:$KD$118,COLUMN('03施策評価'!$AB:$AB),FALSE),"-") -> - | AB7: =IFERROR(VLOOKUP($A7*100+AB$4,'03施策評価'!$A$5:$KD$118,COLUMN('03施策評価'!$AB:$AB),FALSE),"-") -> - | AC7: =IFERROR(VLOOKUP($A7*100+AC$4,'03施策評価'!$A$5:$KD$118,COLUMN('03施策評価'!$AB:$AB),FALSE),"-") -> - | AD7: =IFERROR(VLOOKUP($A7*100+AD$4,'03施策評価'!$A$5:$KD$118,COLUMN('03施策評価'!$AB:$AB),FALSE),"-") -> - | AE7: =IFERROR(VLOOKUP($A7*100+AE$4,'03施策評価'!$A$5:$KD$118,COLUMN('03施策評価'!$AB:$AB),FALSE),"-") -> - | AF7: =IFERROR(VLOOKUP($A7*100+AF$4,'03施策評価'!$A$5:$KD$118,COLUMN('03施策評価'!$AB:$AB),FALSE),"-") -> - | AG7: =IFERROR(VLOOKUP($A7*100+AG$4,'03施策評価'!$A$5:$KD$118,COLUMN('03施策評価'!$AB:$AB),FALSE),"-") -> - | AH7: =IFERROR(VLOOKUP($A7*100+AH$4,'03施策評価'!$A$5:$KD$118,COLUMN('03施策評価'!$AB:$AB),FALSE),"-") -> - | AI7: =_xlfn.IFS(AR7="-","-",AR7>=0.8,"a",AR7>=0.6,"b",AR7>=0.4,"c",AR7>=0.2,"d",AR7<0.2,"e") -> - | AJ7: =_xlfn.SWITCH(AA7,"a",4,"b",3,"c",2,"d",1,"e",0,"-","") | AK7: =_xlfn.SWITCH(AB7,"a",4,"b",3,"c",2,"d",1,"e",0,"-","") | AL7: =_xlfn.SWITCH(AC7,"a",4,"b",3,"c",2,"d",1,"e",0,"-","") | AM7: =_xlfn.SWITCH(AD7,"a",4,"b",3,"c",2,"d",1,"e",0,"-","") | AN7: =_xlfn.SWITCH(AE7,"a",4,"b",3,"c",2,"d",1,"e",0,"-","") | AO7: =_xlfn.SWITCH(AF7,"a",4,"b",3,"c",2,"d",1,"e",0,"-","") | AP7: =_xlfn.SWITCH(AG7,"a",4,"b",3,"c",2,"d",1,"e",0,"-","") | AQ7: =_xlfn.SWITCH(AH7,"a",4,"b",3,"c",2,"d",1,"e",0,"-","") | AR7: =IF(COUNT(AJ7:AQ7)=0,"-",SUM(AJ7:AQ7)/COUNT(AJ7:AQ7)/4) -> - | AS7: =_xlfn.IFS(AV7="-","-",AV7>=0.8,"a",AV7>=0.6,"b",AV7>=0.4,"c",AV7>=0.2,"d",AV7<0.2,"e") -> - | AT7: =_xlfn.SWITCH(P7,"a",4,"b",3,"c",2,"d",1,"e",0,"-","") | AU7: =_xlfn.SWITCH(AI7,"a",4/2,"b",3/2,"c",2/2,"d",1/2,"e",0,"-","") | AV7: {=_xlfn.IFS(COUNT(AT7:AU7)=2,SUM(AT7:AU7)/6,COUNT(AT7:AU7)=0,"-",AT7="",AR7,AU7="",Z7)} -> - | AW7: =VLOOKUP($A7&"-"&AW$4,'05市民生活実感調査'!$A$3:$BC$218,COLUMN('05市民生活実感調査'!$O:$O),FALSE) -> c | AX7: =VLOOKUP($A7&"-"&AX$4,'05市民生活実感調査'!$A$3:$BC$218,COLUMN('05市民生活実感調査'!$O:$O),FALSE) -> b | AY7: =VLOOKUP($A7&"-"&AY$4,'05市民生活実感調査'!$A$3:$BC$218,COLUMN('05市民生活実感調査'!$O:$O),FALSE) -> c | AZ7: =VLOOKUP($A7&"-"&AZ$4,'05市民生活実感調査'!$A$3:$BC$218,COLUMN('05市民生活実感調査'!$O:$O),FALSE) -> - | BA7: =VLOOKUP($A7&"-"&BA$4,'05市民生活実感調査'!$A$3:$BC$218,COLUMN('05市民生活実感調査'!$O:$O),FALSE) -> - | BB7: =VLOOKUP($A7&"-"&BB$4,'05市民生活実感調査'!$A$3:$BC$218,COLUMN('05市民生活実感調査'!$O:$O),FALSE) -> - | BC7: =VLOOKUP($A7&"-"&BC$4,'05市民生活実感調査'!$A$3:$BC$218,COLUMN('05市民生活実感調査'!$O:$O),FALSE) -> - | BD7: =VLOOKUP($A7&"-"&BD$4,'05市民生活実感調査'!$A$3:$BC$218,COLUMN('05市民生活実感調査'!$O:$O),FALSE) -> - | BE7: =_xlfn.IFS(BN7>=0.8,"a",BN7>=0.6,"b",BN7>=0.4,"c",BN7>=0.2,"d",BN7<0.2,"e") -> c | BF7: =_xlfn.SWITCH(AW7,"a",4,"b",3,"c",2,"d",1,"e",0,"-","") -> 2 | BG7: =_xlfn.SWITCH(AX7,"a",4,"b",3,"c",2,"d",1,"e",0,"-","") -> 3 | BH7: =_xlfn.SWITCH(AY7,"a",4,"b",3,"c",2,"d",1,"e",0,"-","") -> 2 | BI7: =_xlfn.SWITCH(AZ7,"a",4,"b",3,"c",2,"d",1,"e",0,"-","") | BJ7: =_xlfn.SWITCH(BA7,"a",4,"b",3,"c",2,"d",1,"e",0,"-","") | BK7: =_xlfn.SWITCH(BB7,"a",4,"b",3,"c",2,"d",1,"e",0,"-","") | BL7: =_xlfn.SWITCH(BC7,"a",4,"b",3,"c",2,"d",1,"e",0,"-","") | BM7: =_xlfn.SWITCH(BD7,"a",4,"b",3,"c",2,"d",1,"e",0,"-","") | BN7: =SUM(BF7:BM7)/COUNT(BF7:BM7)/4 -> 0.58333333 | BO7: =VLOOKUP($A7,'05市民生活実感調査'!$D$223:$O$249,3,FALSE) -> 25 | BP7: =VLOOKUP($A7,'05市民生活実感調査'!$D$223:$O$249,4,FALSE) -> 0.69326241 | BQ7: C | BR7: 政策の目的がそこそこ達成されている | BS7: 市民実感 | BT7: 地域活動への参加のきっかけ・しくみづくりや，コミュニティの活性化支援など，施策に係る市民の意識や生活実感が重要な分野であることから，市民生活実感評価を重視する。 | BU7: 政策の客観指標である「自治会等加入率」及び「ＮＰＯ法人数」が伸び悩んだことに加え，新型コロナウイルス感染症の影響で，施策の客観指標である「地域活動の担い手づくりを主目的とした講座等への参加者数」が少なかったことなどから，ｃ評価となったと考えられる。 | BV7: 単身世帯の増加やライフスタイルの変化などにより，地域活動に参加する住民が減少し，住民同士のつながりが希薄化していることに加えて，新型コロナウイルス感染症の影響により，人と人との交流機会が減少し，地域活動の中止や縮小を余儀なくされたことなどから，ｃ評価となったと考えられる。 | BW7: =IFERROR(VLOOKUP($A7*100+BW$4,'03施策評価'!$A$5:$KD$118,COLUMN('03施策評価'!$BQ:$BQ),FALSE),"-") -> - | BX7: =IFERROR(VLOOKUP($A7*100+BX$4,'03施策評価'!$A$5:$KD$118,COLUMN('03施策評価'!$BQ:$BQ),FALSE),"-") -> - | BY7: =IFERROR(VLOOKUP($A7*100+BY$4,'03施策評価'!$A$5:$KD$118,COLUMN('03施策評価'!$BQ:$BQ),FALSE),"-") -> - | BZ7: =IFERROR(VLOOKUP($A7*100+BZ$4,'03施策評価'!$A$5:$KD$118,COLUMN('03施策評価'!$BQ:$BQ),FALSE),"-") -> - | CA7: =IFERROR(VLOOKUP($A7*100+CA$4,'03施策評価'!$A$5:$KD$118,COLUMN('03施策評価'!$BQ:$BQ),FALSE),"-") -> - | CB7: =IFERROR(VLOOKUP($A7*100+CB$4,'03施策評価'!$A$5:$KD$118,COLUMN('03施策評価'!$BQ:$BQ),FALSE),"-") -> - | CC7: =IFERROR(VLOOKUP($A7*100+CC$4,'03施策評価'!$A$5:$KD$118,COLUMN('03施策評価'!$BQ:$BQ),FALSE),"-") -> - | CD7: =IFERROR(VLOOKUP($A7*100+CD$4,'03施策評価'!$A$5:$KD$118,COLUMN('03施策評価'!$BQ:$BQ),FALSE),"-") -> - | CE7: 客観指標評価と市民生活実感評価が共にｃ評価となったことから，総合評価結果はＣ評価となった。コロナ禍にあっても，安心して地域活動に取り組んでいただけるよう，感染予防を講じて活動いただく「新しい地域活動スタイル」を普及させるとともに，地域におけるコミュニケーションの円滑化等につながるＩＣＴツールの導入支援を進める。また，地域団体とNPO等の市民活動団体，大学，地域企業など，あらゆる主体の連携を深める取組を推進する。これらにより，基本方針にある多様な地域コミュニティの活性化に向けたまちづくりを進めていく。 | CF7: =VLOOKUP($A7&"-"&CF$4,'02政策の客観指標'!$A$4:$AY$246,COLUMN('02政策の客観指標'!$AU:$AU),FALSE) -> - | CG7: =VLOOKUP($A7&"-"&CG$4,'02政策の客観指標'!$A$4:$AY$246,COLUMN('02政策の客観指標'!$AU:$AU),FALSE) -> - | CH7: =VLOOKUP($A7&"-"&CH$4,'02政策の客観指標'!$A$4:$AY$246,COLUMN('02政策の客観指標'!$AU:$AU),FALSE) -> - | CI7: =VLOOKUP($A7&"-"&CI$4,'02政策の客観指標'!$A$4:$AY$246,COLUMN('02政策の客観指標'!$AU:$AU),FALSE) -> - | CJ7: =VLOOKUP($A7&"-"&CJ$4,'02政策の客観指標'!$A$4:$AY$246,COLUMN('02政策の客観指標'!$AU:$AU),FALSE) -> - | CK7: =VLOOKUP($A7&"-"&CK$4,'02政策の客観指標'!$A$4:$AY$246,COLUMN('02政策の客観指標'!$AU:$AU),FALSE) -> - | CL7: =VLOOKUP($A7&"-"&CL$4,'02政策の客観指標'!$A$4:$AY$246,COLUMN('02政策の客観指標'!$AU:$AU),FALSE) -> - | CM7: =VLOOKUP($A7&"-"&CM$4,'02政策の客観指標'!$A$4:$AY$246,COLUMN('02政策の客観指標'!$AU:$AU),FALSE) -> - | CN7: =VLOOKUP($A7&"-"&CN$4,'02政策の客観指標'!$A$4:$AY$246,COLUMN('02政策の客観指標'!$AU:$AU),FALSE) -> - | CO7: =_xlfn.IFS(CY7="-","-",CY7>=0.8,"a",CY7>=0.6,"b",CY7>=0.4,"c",CY7>=0.2,"d",CY7<0.2,"e") -> - | CP7: =_xlfn.SWITCH(CF7,"a",4,"b",3,"c",2,"d",1,"e",0,"-","") | CQ7: =_xlfn.SWITCH(CG7,"a",4,"b",3,"c",2,"d",1,"e",0,"-","") | CR7: =_xlfn.SWITCH(CH7,"a",4,"b",3,"c",2,"d",1,"e",0,"-","") | CS7: =_xlfn.SWITCH(CI7,"a",4,"b",3,"c",2,"d",1,"e",0,"-","") | CT7: =_xlfn.SWITCH(CJ7,"a",4,"b",3,"c",2,"d",1,"e",0,"-","") | CU7: =_xlfn.SWITCH(CK7,"a",4,"b",3,"c",2,"d",1,"e",0,"-","") | CV7: =_xlfn.SWITCH(CL7,"a",4,"b",3,"c",2,"d",1,"e",0,"-","") | CW7: =_xlfn.SWITCH(CM7,"a",4,"b",3,"c",2,"d",1,"e",0,"-","") | CX7: =_xlfn.SWITCH(CN7,"a",4,"b",3,"c",2,"d",1,"e",0,"-","") | CY7: =IF(COUNT(CP7:CX7)=0,"-",SUM(CP7:CX7)/COUNT(CP7:CX7)/4) -> - | CZ7: =IFERROR(VLOOKUP($A7*100+CZ$4,'03施策評価'!$A$5:$KD$118,COLUMN('03施策評価'!$CF:$CF),FALSE),"-") -> - | DA7: =IFERROR(VLOOKUP($A7*100+DA$4,'03施策評価'!$A$5:$KD$118,COLUMN('03施策評価'!$CF:$CF),FALSE),"-") -> - | DB7: =IFERROR(VLOOKUP($A7*100+DB$4,'03施策評価'!$A$5:$KD$118,COLUMN('03施策評価'!$CF:$CF),FALSE),"-") -> c | DC7: =IFERROR(VLOOKUP($A7*100+DC$4,'03施策評価'!$A$5:$KD$118,COLUMN('03施策評価'!$CF:$CF),FALSE),"-") -> - | DD7: =IFERROR(VLOOKUP($A7*100+DD$4,'03施策評価'!$A$5:$KD$118,COLUMN('03施策評価'!$CF:$CF),FALSE),"-") -> - | DE7: =IFERROR(VLOOKUP($A7*100+DE$4,'03施策評価'!$A$5:$KD$118,COLUMN('03施策評価'!$CF:$CF),FALSE),"-") -> - | DF7: =IFERROR(VLOOKUP($A7*100+DF$4,'03施策評価'!$A$5:$KD$118,COLUMN('03施策評価'!$CF:$CF),FALSE),"-") -> - | DG7: =IFERROR(VLOOKUP($A7*100+DG$4,'03施策評価'!$A$5:$KD$118,COLUMN('03施策評価'!$CF:$CF),FALSE),"-") -> - | DH7: =_xlfn.IFS(DQ7="-","-",DQ7>=0.8,"a",DQ7>=0.6,"b",DQ7>=0.4,"c",DQ7>=0.2,"d",DQ7<0.2,"e") -> c | DI7: =_xlfn.SWITCH(CZ7,"a",4,"b",3,"c",2,"d",1,"e",0,"-","") | DJ7: =_xlfn.SWITCH(DA7,"a",4,"b",3,"c",2,"d",1,"e",0,"-","") | DK7: =_xlfn.SWITCH(DB7,"a",4,"b",3,"c",2,"d",1,"e",0,"-","") -> 2 | DL7: =_xlfn.SWITCH(DC7,"a",4,"b",3,"c",2,"d",1,"e",0,"-","") | DM7: =_xlfn.SWITCH(DD7,"a",4,"b",3,"c",2,"d",1,"e",0,"-","") | DN7: =_xlfn.SWITCH(DE7,"a",4,"b",3,"c",2,"d",1,"e",0,"-","") | DO7: =_xlfn.SWITCH(DF7,"a",4,"b",3,"c",2,"d",1,"e",0,"-","") | DP7: =_xlfn.SWITCH(DG7,"a",4,"b",3,"c",2,"d",1,"e",0,"-","") | DQ7: =IF(COUNT(DI7:DP7)=0,"-",SUM(DI7:DP7)/COUNT(DI7:DP7)/4) -> 0.5 | DR7: =_xlfn.IFS(DU7="-","-",DU7>=0.8,"a",DU7>=0.6,"b",DU7>=0.4,"c",DU7>=0.2,"d",DU7<0.2,"e") -> c | DS7: =_xlfn.SWITCH(CO7,"a",4,"b",3,"c",2,"d",1,"e",0,"-","") | DT7: =_xlfn.SWITCH(DH7,"a",4/2,"b",3/2,"c",2/2,"d",1/2,"e",0,"-","") -> 1 | DU7: {=_xlfn.IFS(COUNT(DS7:DT7)=2,SUM(DS7:DT7)/6,COUNT(DS7:DT7)=0,"-",DS7="",DQ7,DT7="",CY7)} -> 0.5 | DV7: =VLOOKUP($A7&"-"&DV$4,'05市民生活実感調査'!$A$3:$BC$218,COLUMN('05市民生活実感調査'!$Y:$Y),FALSE) -> c | DW7: =VLOOKUP($A7&"-"&DW$4,'05市民生活実感調査'!$A$3:$BC$218,COLUMN('05市民生活実感調査'!$Y:$Y),FALSE) -> c | DX7: =VLOOKUP($A7&"-"&DX$4,'05市民生活実感調査'!$A$3:$BC$218,COLUMN('05市民生活実感調査'!$Y:$Y),FALSE) -> c | DY7: =VLOOKUP($A7&"-"&DY$4,'05市民生活実感調査'!$A$3:$BC$218,COLUMN('05市民生活実感調査'!$Y:$Y),FALSE) -> - | DZ7: =VLOOKUP($A7&"-"&DZ$4,'05市民生活実感調査'!$A$3:$BC$218,COLUMN('05市民生活実感調査'!$Y:$Y),FALSE) -> - | EA7: =VLOOKUP($A7&"-"&EA$4,'05市民生活実感調査'!$A$3:$BC$218,COLUMN('05市民生活実感調査'!$Y:$Y),FALSE) -> - | EB7: =VLOOKUP($A7&"-"&EB$4,'05市民生活実感調査'!$A$3:$BC$218,COLUMN('05市民生活実感調査'!$Y:$Y),FALSE) -> - | EC7: =VLOOKUP($A7&"-"&EC$4,'05市民生活実感調査'!$A$3:$BC$218,COLUMN('05市民生活実感調査'!$Y:$Y),FALSE) -> - | ED7: =_xlfn.IFS(EM7>=0.8,"a",EM7>=0.6,"b",EM7>=0.4,"c",EM7>=0.2,"d",EM7<0.2,"e") -> c | EE7: =_xlfn.SWITCH(DV7,"a",4,"b",3,"c",2,"d",1,"e",0,"-","") -> 2 | EF7: =_xlfn.SWITCH(DW7,"a",4,"b",3,"c",2,"d",1,"e",0,"-","") -> 2 | EG7: =_xlfn.SWITCH(DX7,"a",4,"b",3,"c",2,"d",1,"e",0,"-","") -> 2 | EH7: =_xlfn.SWITCH(DY7,"a",4,"b",3,"c",2,"d",1,"e",0,"-","") | EI7: =_xlfn.SWITCH(DZ7,"a",4,"b",3,"c",2,"d",1,"e",0,"-","") | EJ7: =_xlfn.SWITCH(EA7,"a",4,"b",3,"c",2,"d",1,"e",0,"-","") | EK7: =_xlfn.SWITCH(EB7,"a",4,"b",3,"c",2,"d",1,"e",0,"-","") | EL7: =_xlfn.SWITCH(EC7,"a",4,"b",3,"c",2,"d",1,"e",0,"-","") | EM7: =SUM(EE7:EL7)/COUNT(EE7:EL7)/4 -> 0.5 | EN7: =VLOOKUP($A7,'05市民生活実感調査'!$D$223:$O$249,5,FALSE) -> 25 | EO7: =VLOOKUP($A7,'05市民生活実感調査'!$D$223:$O$249,6,FALSE) -> 0.521 | EP7: C | EQ7: =VLOOKUP(EP7,プルダウン!$A$1:$B$6,2,FALSE) -> 政策の目的がそこそこ達成されている | ER7: 市民実感 | ES7: 地域活動への参加のきっかけ・しくみづくりや、コミュニティの活性化支援など、施策に係る市民の意識や生活実感が重要な分野であることから、市民生活実感評価を重視する。 | ET7: 政策の客観指標は、令和３年度に実施した自治会・町内会アンケートの結果を基に、中長期目標値及び単年度目標値を設定しているため、令和３年度実績値は評価できず、施策のみでの評価となった。新型コロナウイルス感染症の影響により、地域で実施する様々な活動が中止・延期となり、施策の客観指標である「京都市 自治会・町内会＆ＮＰＯおうえんポータルサイトのアクセス件数」が減少したことから、ｃ評価となった。 | EU7: 新型コロナウイルス感染症の影響で、地域で実施する様々な活動が中止・延期となり、市民の実感が得られにくかったため、ｃ評価となった。 | EV7: =IFERROR(VLOOKUP($A7*100+EV$4,'03施策評価'!$A$5:$KD$118,COLUMN('03施策評価'!$DU:$DU),FALSE),"-") -> C | EW7: =IFERROR(VLOOKUP($A7*100+EW$4,'03施策評価'!$A$5:$KD$118,COLUMN('03施策評価'!$DU:$DU),FALSE),"-") -> C | EX7: =IFERROR(VLOOKUP($A7*100+EX$4,'03施策評価'!$A$5:$KD$118,COLUMN('03施策評価'!$DU:$DU),FALSE),"-") -> C | EY7: =IFERROR(VLOOKUP($A7*100+EY$4,'03施策評価'!$A$5:$KD$118,COLUMN('03施策評価'!$DU:$DU),FALSE),"-") -> - | EZ7: =IFERROR(VLOOKUP($A7*100+EZ$4,'03施策評価'!$A$5:$KD$118,COLUMN('03施策評価'!$DU:$DU),FALSE),"-") -> - | FA7: =IFERROR(VLOOKUP($A7*100+FA$4,'03施策評価'!$A$5:$KD$118,COLUMN('03施策評価'!$DU:$DU),FALSE),"-") -> - | FB7: =IFERROR(VLOOKUP($A7*100+FB$4,'03施策評価'!$A$5:$KD$118,COLUMN('03施策評価'!$DU:$DU),FALSE),"-") -> - | FC7: =IFERROR(VLOOKUP($A7*100+FC$4,'03施策評価'!$A$5:$KD$118,COLUMN('03施策評価'!$DU:$DU),FALSE),"-") -> - | FD7: 客観指標評価と市民生活実感評価が共にｃ評価となったことから、総合評価結果はＣ評価となった。 誰もが「地域の一員」として安心して快適に暮らせる地域づくりを進めていくため、令和３年度に策定した「地域コミュニティ活性化ビジョン」に基づき、「一人一人の多様性を踏まえた誰もが参加しやすい地域づくり」や、「多様な地域の特性に即した地域活動の推進」、「多様な主体の連携・協働の促進」を進めていく。 これらにより、基本方針にある多様な地域コミュニティの活性化に向けたまちづくりを目指していく。 | FE7: =VLOOKUP($A7&"-"&FE$4,'02政策の客観指標'!$A$4:$AY$246,COLUMN('02政策の客観指標'!$AV:$AV),FALSE) -> - | FF7: =VLOOKUP($A7&"-"&FF$4,'02政策の客観指標'!$A$4:$AY$246,COLUMN('02政策の客観指標'!$AV:$AV),FALSE) -> - | FG7: =VLOOKUP($A7&"-"&FG$4,'02政策の客観指標'!$A$4:$AY$246,COLUMN('02政策の客観指標'!$AV:$AV),FALSE) -> - | FH7: =VLOOKUP($A7&"-"&FH$4,'02政策の客観指標'!$A$4:$AY$246,COLUMN('02政策の客観指標'!$AV:$AV),FALSE) -> - | FI7: =VLOOKUP($A7&"-"&FI$4,'02政策の客観指標'!$A$4:$AY$246,COLUMN('02政策の客観指標'!$AV:$AV),FALSE) -> - | FJ7: =VLOOKUP($A7&"-"&FJ$4,'02政策の客観指標'!$A$4:$AY$246,COLUMN('02政策の客観指標'!$AV:$AV),FALSE) -> - | FK7: =VLOOKUP($A7&"-"&FK$4,'02政策の客観指標'!$A$4:$AY$246,COLUMN('02政策の客観指標'!$AV:$AV),FALSE) -> - | FL7: =VLOOKUP($A7&"-"&FL$4,'02政策の客観指標'!$A$4:$AY$246,COLUMN('02政策の客観指標'!$AV:$AV),FALSE) -> - | FM7: =VLOOKUP($A7&"-"&FM$4,'02政策の客観指標'!$A$4:$AY$246,COLUMN('02政策の客観指標'!$AV:$AV),FALSE) -> - | FN7: =_xlfn.IFS(FX7="-","-",FX7>=0.8,"a",FX7>=0.6,"b",FX7>=0.4,"c",FX7>=0.2,"d",FX7<0.2,"e") -> - | FO7: =_xlfn.SWITCH(FE7,"a",4,"b",3,"c",2,"d",1,"e",0,"-","") | FP7: =_xlfn.SWITCH(FF7,"a",4,"b",3,"c",2,"d",1,"e",0,"-","") | FQ7: =_xlfn.SWITCH(FG7,"a",4,"b",3,"c",2,"d",1,"e",0,"-","") | FR7: =_xlfn.SWITCH(FH7,"a",4,"b",3,"c",2,"d",1,"e",0,"-","") | FS7: =_xlfn.SWITCH(FI7,"a",4,"b",3,"c",2,"d",1,"e",0,"-","") | FT7: =_xlfn.SWITCH(FJ7,"a",4,"b",3,"c",2,"d",1,"e",0,"-","") | FU7: =_xlfn.SWITCH(FK7,"a",4,"b",3,"c",2,"d",1,"e",0,"-","") | FV7: =_xlfn.SWITCH(FL7,"a",4,"b",3,"c",2,"d",1,"e",0,"-","") | FW7: =_xlfn.SWITCH(FM7,"a",4,"b",3,"c",2,"d",1,"e",0,"-","") | FX7: =IF(COUNT(FO7:FW7)=0,"-",SUM(FO7:FW7)/COUNT(FO7:FW7)/4) -> - | FY7: =IFERROR(VLOOKUP($A7*100+FY$4,'03施策評価'!$A$5:$KD$118,COLUMN('03施策評価'!$EH:$EH),FALSE),"-") -> - | FZ7: =IFERROR(VLOOKUP($A7*100+FZ$4,'03施策評価'!$A$5:$KD$118,COLUMN('03施策評価'!$EH:$EH),FALSE),"-") -> - | GA7: =IFERROR(VLOOKUP($A7*100+GA$4,'03施策評価'!$A$5:$KD$118,COLUMN('03施策評価'!$EH:$EH),FALSE),"-") -> d | GB7: =IFERROR(VLOOKUP($A7*100+GB$4,'03施策評価'!$A$5:$KD$118,COLUMN('03施策評価'!$EH:$EH),FALSE),"-") -> - | GC7: =IFERROR(VLOOKUP($A7*100+GC$4,'03施策評価'!$A$5:$KD$118,COLUMN('03施策評価'!$EH:$EH),FALSE),"-") -> - | GD7: =IFERROR(VLOOKUP($A7*100+GD$4,'03施策評価'!$A$5:$KD$118,COLUMN('03施策評価'!$EH:$EH),FALSE),"-") -> - | GE7: =IFERROR(VLOOKUP($A7*100+GE$4,'03施策評価'!$A$5:$KD$118,COLUMN('03施策評価'!$EH:$EH),FALSE),"-") -> - | GF7: =IFERROR(VLOOKUP($A7*100+GF$4,'03施策評価'!$A$5:$KD$118,COLUMN('03施策評価'!$EH:$EH),FALSE),"-") -> - | GG7: =_xlfn.IFS(GP7="-","-",GP7>=0.8,"a",GP7>=0.6,"b",GP7>=0.4,"c",GP7>=0.2,"d",GP7<0.2,"e") -> d | GH7: =_xlfn.SWITCH(FY7,"a",4,"b",3,"c",2,"d",1,"e",0,"-","") | GI7: =_xlfn.SWITCH(FZ7,"a",4,"b",3,"c",2,"d",1,"e",0,"-","") | GJ7: =_xlfn.SWITCH(GA7,"a",4,"b",3,"c",2,"d",1,"e",0,"-","") -> 1 | GK7: =_xlfn.SWITCH(GB7,"a",4,"b",3,"c",2,"d",1,"e",0,"-","") | GL7: =_xlfn.SWITCH(GC7,"a",4,"b",3,"c",2,"d",1,"e",0,"-","") | GM7: =_xlfn.SWITCH(GD7,"a",4,"b",3,"c",2,"d",1,"e",0,"-","") | GN7: =_xlfn.SWITCH(GE7,"a",4,"b",3,"c",2,"d",1,"e",0,"-","") | GO7: =_xlfn.SWITCH(GF7,"a",4,"b",3,"c",2,"d",1,"e",0,"-","") | GP7: =IF(COUNT(GH7:GO7)=0,"-",SUM(GH7:GO7)/COUNT(GH7:GO7)/4) -> 0.25 | GQ7: =_xlfn.IFS(GT7="-","-",GT7>=0.8,"a",GT7>=0.6,"b",GT7>=0.4,"c",GT7>=0.2,"d",GT7<0.2,"e") -> d | GR7: =_xlfn.SWITCH(FN7,"a",4,"b",3,"c",2,"d",1,"e",0,"-","") | GS7: =_xlfn.SWITCH(GG7,"a",4/2,"b",3/2,"c",2/2,"d",1/2,"e",0,"-","") -> 0.5 | GT7: {=_xlfn.IFS(COUNT(GR7:GS7)=2,SUM(GR7:GS7)/6,COUNT(GR7:GS7)=0,"-",GR7="",GP7,GS7="",FX7)} -> 0.25 | GU7: =VLOOKUP($A7&"-"&GU$4,'05市民生活実感調査'!$A$3:$BC$218,COLUMN('05市民生活実感調査'!$AI:$AI),FALSE) -> c | GV7: =VLOOKUP($A7&"-"&GV$4,'05市民生活実感調査'!$A$3:$BC$218,COLUMN('05市民生活実感調査'!$AI:$AI),FALSE) -> c | GW7: =VLOOKUP($A7&"-"&GW$4,'05市民生活実感調査'!$A$3:$BC$218,COLUMN('05市民生活実感調査'!$AI:$AI),FALSE) -> c | GX7: =VLOOKUP($A7&"-"&GX$4,'05市民生活実感調査'!$A$3:$BC$218,COLUMN('05市民生活実感調査'!$AI:$AI),FALSE) -> - | GY7: =VLOOKUP($A7&"-"&GY$4,'05市民生活実感調査'!$A$3:$BC$218,COLUMN('05市民生活実感調査'!$AI:$AI),FALSE) -> - | GZ7: =VLOOKUP($A7&"-"&GZ$4,'05市民生活実感調査'!$A$3:$BC$218,COLUMN('05市民生活実感調査'!$AI:$AI),FALSE) -> - | HA7: =VLOOKUP($A7&"-"&HA$4,'05市民生活実感調査'!$A$3:$BC$218,COLUMN('05市民生活実感調査'!$AI:$AI),FALSE) -> - | HB7: =VLOOKUP($A7&"-"&HB$4,'05市民生活実感調査'!$A$3:$BC$218,COLUMN('05市民生活実感調査'!$AI:$AI),FALSE) -> - | HC7: =_xlfn.IFS(HL7>=0.8,"a",HL7>=0.6,"b",HL7>=0.4,"c",HL7>=0.2,"d",HL7<0.2,"e") -> c | HD7: =_xlfn.SWITCH(GU7,"a",4,"b",3,"c",2,"d",1,"e",0,"-","") -> 2 | HE7: =_xlfn.SWITCH(GV7,"a",4,"b",3,"c",2,"d",1,"e",0,"-","") -> 2 | HF7: =_xlfn.SWITCH(GW7,"a",4,"b",3,"c",2,"d",1,"e",0,"-","") -> 2 | HG7: =_xlfn.SWITCH(GX7,"a",4,"b",3,"c",2,"d",1,"e",0,"-","") | HH7: =_xlfn.SWITCH(GY7,"a",4,"b",3,"c",2,"d",1,"e",0,"-","") | HI7: =_xlfn.SWITCH(GZ7,"a",4,"b",3,"c",2,"d",1,"e",0,"-","") | HJ7: =_xlfn.SWITCH(HA7,"a",4,"b",3,"c",2,"d",1,"e",0,"-","") | HK7: =_xlfn.SWITCH(HB7,"a",4,"b",3,"c",2,"d",1,"e",0,"-","") | HL7: =SUM(HD7:HK7)/COUNT(HD7:HK7)/4 -> 0.5 | HM7: =VLOOKUP($A7,'05市民生活実感調査'!$D$223:$O$249,7,FALSE) -> 25 | HN7: =VLOOKUP($A7,'05市民生活実感調査'!$D$223:$O$249,8,FALSE) -> 50.517598 | HO7: C | HP7: =VLOOKUP(HO7,プルダウン!$A$1:$B$6,2,FALSE) -> 政策の目的がそこそこ達成されている | HQ7: 市民実感 | HR7: 地域活動への参加のきっかけ・しくみづくりや、コミュニティの活性化支援など、施策に係る市民の意識や生活実感が重要な分野であることから、市民生活実感評価を重視する。 | HS7: 新型コロナウイルス感染症の影響により、地域で実施する様々な活動が中止・延期となったことなどに加え、「京都市 自治会・町内会＆ＮＰＯおうえんポータルサイト」について、令和４年１０月にＵＲＬ変更を伴うリニューアルをしたことで施策の指標であるアクセス件数が減少したと考えられ、ｄ評価となった。 ※政策の指標は、３年ごとに実施する自治会・町内会アンケート（直近では令和３年度）を用いており、令和４年度は調査年度ではないため評価できず、施策のみでの評価となっている。 | HT7: 新型コロナウイルス感染症の影響で、地域で実施する様々な活動が中止・延期となり、市民の実感が得られにくかったため、ｃ評価となったと考えられる。 | HU7: =IFERROR(VLOOKUP($A7*100+HU$4,'03施策評価'!$A$5:$KD$118,COLUMN('03施策評価'!$FW:$FW),FALSE),"-") -> C | HV7: =IFERROR(VLOOKUP($A7*100+HV$4,'03施策評価'!$A$5:$KD$118,COLUMN('03施策評価'!$FW:$FW),FALSE),"-") -> C | HW7: =IFERROR(VLOOKUP($A7*100+HW$4,'03施策評価'!$A$5:$KD$118,COLUMN('03施策評価'!$FW:$FW),FALSE),"-") -> C | HX7: =IFERROR(VLOOKUP($A7*100+HX$4,'03施策評価'!$A$5:$KD$118,COLUMN('03施策評価'!$FW:$FW),FALSE),"-") -> - | HY7: =IFERROR(VLOOKUP($A7*100+HY$4,'03施策評価'!$A$5:$KD$118,COLUMN('03施策評価'!$FW:$FW),FALSE),"-") -> - | HZ7: =IFERROR(VLOOKUP($A7*100+HZ$4,'03施策評価'!$A$5:$KD$118,COLUMN('03施策評価'!$FW:$FW),FALSE),"-") -> - | IA7: =IFERROR(VLOOKUP($A7*100+IA$4,'03施策評価'!$A$5:$KD$118,COLUMN('03施策評価'!$FW:$FW),FALSE),"-") -> - | IB7: =IFERROR(VLOOKUP($A7*100+IB$4,'03施策評価'!$A$5:$KD$118,COLUMN('03施策評価'!$FW:$FW),FALSE),"-") -> - | IC7: 客観指標評価はｄ評価となり、市民生活実感評価がｃ評価となったことから、総合評価結果はＣ評価となった。 誰もが「地域の一員」として安心して快適に暮らせるまちづくりを進めていくため、令和３年度に策定した「地域コミュニティ活性化ビジョン」に基づき、「一人一人の多様性を踏まえた誰もが参加しやすい地域づくり」や、「多様な地域の特性に即した地域活動の推進」、「多様な主体の連携・協働の促進」を進めていく。 これらにより、基本方針にある多様な地域コミュニティの活性化を目指していく。 | ID7: =VLOOKUP($A7&"-"&ID$4,'02政策の客観指標'!$A$4:$AY$246,COLUMN('02政策の客観指標'!$AW:$AW),FALSE) -> - | IE7: =VLOOKUP($A7&"-"&IE$4,'02政策の客観指標'!$A$4:$AY$246,COLUMN('02政策の客観指標'!$AW:$AW),FALSE) -> - | IF7: =VLOOKUP($A7&"-"&IF$4,'02政策の客観指標'!$A$4:$AY$246,COLUMN('02政策の客観指標'!$AW:$AW),FALSE) -> - | IG7: =VLOOKUP($A7&"-"&IG$4,'02政策の客観指標'!$A$4:$AY$246,COLUMN('02政策の客観指標'!$AW:$AW),FALSE) -> - | IH7: =VLOOKUP($A7&"-"&IH$4,'02政策の客観指標'!$A$4:$AY$246,COLUMN('02政策の客観指標'!$AW:$AW),FALSE) -> - | II7: =VLOOKUP($A7&"-"&II$4,'02政策の客観指標'!$A$4:$AY$246,COLUMN('02政策の客観指標'!$AW:$AW),FALSE) -> - | IJ7: =VLOOKUP($A7&"-"&IJ$4,'02政策の客観指標'!$A$4:$AY$246,COLUMN('02政策の客観指標'!$AW:$AW),FALSE) -> - | IK7: =VLOOKUP($A7&"-"&IK$4,'02政策の客観指標'!$A$4:$AY$246,COLUMN('02政策の客観指標'!$AW:$AW),FALSE) -> - | IL7: =VLOOKUP($A7&"-"&IL$4,'02政策の客観指標'!$A$4:$AY$246,COLUMN('02政策の客観指標'!$AW:$AW),FALSE) -> - | IM7: =_xlfn.IFS(IW7="-","-",IW7>=0.8,"a",IW7>=0.6,"b",IW7>=0.4,"c",IW7>=0.2,"d",IW7<0.2,"e") -> - | IN7: =_xlfn.SWITCH(ID7,"a",4,"b",3,"c",2,"d",1,"e",0,"-","") | IO7: =_xlfn.SWITCH(IE7,"a",4,"b",3,"c",2,"d",1,"e",0,"-","") | IP7: =_xlfn.SWITCH(IF7,"a",4,"b",3,"c",2,"d",1,"e",0,"-","") | IQ7: =_xlfn.SWITCH(IG7,"a",4,"b",3,"c",2,"d",1,"e",0,"-","") | IR7: =_xlfn.SWITCH(IH7,"a",4,"b",3,"c",2,"d",1,"e",0,"-","") | IS7: =_xlfn.SWITCH(II7,"a",4,"b",3,"c",2,"d",1,"e",0,"-","") | IT7: =_xlfn.SWITCH(IJ7,"a",4,"b",3,"c",2,"d",1,"e",0,"-","") | IU7: =_xlfn.SWITCH(IK7,"a",4,"b",3,"c",2,"d",1,"e",0,"-","") | IV7: =_xlfn.SWITCH(IL7,"a",4,"b",3,"c",2,"d",1,"e",0,"-","") | IW7: =IF(COUNT(IN7:IV7)=0,"-",SUM(IN7:IV7)/COUNT(IN7:IV7)/4) -> - | IX7: =IFERROR(VLOOKUP($A7*100+IX$4,'03施策評価'!$A$5:$KD$118,COLUMN('03施策評価'!$GJ:$GJ),FALSE),"-") -> - | IY7: =IFERROR(VLOOKUP($A7*100+IY$4,'03施策評価'!$A$5:$KD$118,COLUMN('03施策評価'!$GJ:$GJ),FALSE),"-") -> - | IZ7: =IFERROR(VLOOKUP($A7*100+IZ$4,'03施策評価'!$A$5:$KD$118,COLUMN('03施策評価'!$GJ:$GJ),FALSE),"-") -> c | JA7: =IFERROR(VLOOKUP($A7*100+JA$4,'03施策評価'!$A$5:$KD$118,COLUMN('03施策評価'!$GJ:$GJ),FALSE),"-") -> - | JB7: =IFERROR(VLOOKUP($A7*100+JB$4,'03施策評価'!$A$5:$KD$118,COLUMN('03施策評価'!$GJ:$GJ),FALSE),"-") -> - | JC7: =IFERROR(VLOOKUP($A7*100+JC$4,'03施策評価'!$A$5:$KD$118,COLUMN('03施策評価'!$GJ:$GJ),FALSE),"-") -> - | JD7: =IFERROR(VLOOKUP($A7*100+JD$4,'03施策評価'!$A$5:$KD$118,COLUMN('03施策評価'!$GJ:$GJ),FALSE),"-") -> - | JE7: =IFERROR(VLOOKUP($A7*100+JE$4,'03施策評価'!$A$5:$KD$118,COLUMN('03施策評価'!$GJ:$GJ),FALSE),"-") -> - | JF7: =_xlfn.IFS(JO7="-","-",JO7>=0.8,"a",JO7>=0.6,"b",JO7>=0.4,"c",JO7>=0.2,"d",JO7<0.2,"e") -> c | JG7: =_xlfn.SWITCH(IX7,"a",4,"b",3,"c",2,"d",1,"e",0,"-","") | JH7: =_xlfn.SWITCH(IY7,"a",4,"b",3,"c",2,"d",1,"e",0,"-","") | JI7: =_xlfn.SWITCH(IZ7,"a",4,"b",3,"c",2,"d",1,"e",0,"-","") -> 2 | JJ7: =_xlfn.SWITCH(JA7,"a",4,"b",3,"c",2,"d",1,"e",0,"-","") | JK7: =_xlfn.SWITCH(JB7,"a",4,"b",3,"c",2,"d",1,"e",0,"-","") | JL7: =_xlfn.SWITCH(JC7,"a",4,"b",3,"c",2,"d",1,"e",0,"-","") | JM7: =_xlfn.SWITCH(JD7,"a",4,"b",3,"c",2,"d",1,"e",0,"-","") | JN7: =_xlfn.SWITCH(JE7,"a",4,"b",3,"c",2,"d",1,"e",0,"-","") | JO7: =IF(COUNT(JG7:JN7)=0,"-",SUM(JG7:JN7)/COUNT(JG7:JN7)/4) -> 0.5 | JP7: =_xlfn.IFS(JS7="-","-",JS7>=0.8,"a",JS7>=0.6,"b",JS7>=0.4,"c",JS7>=0.2,"d",JS7<0.2,"e") -> c | JQ7: =_xlfn.SWITCH(IM7,"a",4,"b",3,"c",2,"d",1,"e",0,"-","") | JR7: =_xlfn.SWITCH(JF7,"a",4/2,"b",3/2,"c",2/2,"d",1/2,"e",0,"-","") -> 1 | JS7: {=_xlfn.IFS(COUNT(JQ7:JR7)=2,SUM(JQ7:JR7)/6,COUNT(JQ7:JR7)=0,"-",JQ7="",JO7,JR7="",IW7)} -> 0.5 | JT7: =VLOOKUP($A7&"-"&JT$4,'05市民生活実感調査'!$A$3:$BC$218,COLUMN('05市民生活実感調査'!$AS:$AS),FALSE) -> c | JU7: =VLOOKUP($A7&"-"&JU$4,'05市民生活実感調査'!$A$3:$BC$218,COLUMN('05市民生活実感調査'!$AS:$AS),FALSE) -> c | JV7: =VLOOKUP($A7&"-"&JV$4,'05市民生活実感調査'!$A$3:$BC$218,COLUMN('05市民生活実感調査'!$AS:$AS),FALSE) -> c | JW7: =VLOOKUP($A7&"-"&JW$4,'05市民生活実感調査'!$A$3:$BC$218,COLUMN('05市民生活実感調査'!$AS:$AS),FALSE) -> - | JX7: =VLOOKUP($A7&"-"&JX$4,'05市民生活実感調査'!$A$3:$BC$218,COLUMN('05市民生活実感調査'!$AS:$AS),FALSE) -> - | JY7: =VLOOKUP($A7&"-"&JY$4,'05市民生活実感調査'!$A$3:$BC$218,COLUMN('05市民生活実感調査'!$AS:$AS),FALSE) -> - | JZ7: =VLOOKUP($A7&"-"&JZ$4,'05市民生活実感調査'!$A$3:$BC$218,COLUMN('05市民生活実感調査'!$AS:$AS),FALSE) -> - | KA7: =VLOOKUP($A7&"-"&KA$4,'05市民生活実感調査'!$A$3:$BC$218,COLUMN('05市民生活実感調査'!$AS:$AS),FALSE) -> - | KB7: =_xlfn.IFS(KK7>=0.8,"a",KK7>=0.6,"b",KK7>=0.4,"c",KK7>=0.2,"d",KK7<0.2,"e") -> c | KC7: =_xlfn.SWITCH(JT7,"a",4,"b",3,"c",2,"d",1,"e",0,"-","") -> 2 | KD7: =_xlfn.SWITCH(JU7,"a",4,"b",3,"c",2,"d",1,"e",0,"-","") -> 2 | KE7: =_xlfn.SWITCH(JV7,"a",4,"b",3,"c",2,"d",1,"e",0,"-","") -> 2 | KF7: =_xlfn.SWITCH(JW7,"a",4,"b",3,"c",2,"d",1,"e",0,"-","") | KG7: =_xlfn.SWITCH(JX7,"a",4,"b",3,"c",2,"d",1,"e",0,"-","") | KH7: =_xlfn.SWITCH(JY7,"a",4,"b",3,"c",2,"d",1,"e",0,"-","") | KI7: =_xlfn.SWITCH(JZ7,"a",4,"b",3,"c",2,"d",1,"e",0,"-","") | KJ7: =_xlfn.SWITCH(KA7,"a",4,"b",3,"c",2,"d",1,"e",0,"-","") | KK7: =SUM(KC7:KJ7)/COUNT(KC7:KJ7)/4 -> 0.5 | KL7: =VLOOKUP($A7,'05市民生活実感調査'!$D$223:$O$249,9,FALSE) -> 25 | KM7: =VLOOKUP($A7,'05市民生活実感調査'!$D$223:$O$249,10,FALSE) -> 51.844262 | KN7: C | KO7: =VLOOKUP(KN7,プルダウン!$A$1:$B$6,2,FALSE) -> 政策の目的がそこそこ達成されている | KP7: 市民実感 | KQ7: 地域活動への参加のきっかけ・しくみづくりや、コミュニティの活性化支援など、施策に係る市民の意識や生活実感が重要な分野であることから、市民生活実感評価を重視する。 | KR7: 施策の指標である「京都市 自治会・町内会＆NPOおうえんポータルサイトのアクセス件数」が伸び悩み、ｄ評価となった一方で、「人口１万人当たりのNPO法人数」が目標値近くに達しｂ評価となったことから全体ではｃ評価となった。 ※政策の指標は、３年ごとに実施する自治会・町内会アンケート（直近では令和３年度）を用いており、令和５年度は調査年度ではないため評価できず、施策のみでの評価となっている。 | KS7: ライフスタイルや価値観の多様化、少子高齢化や単身世帯の増加、またコロナ禍の影響により地域住民のつながりが感じられにくくなっていることから、ｃ評価となったと考えられる。 | KT7: =IFERROR(VLOOKUP($A7*100+KT$4,'03施策評価'!$A$5:$KD$118,COLUMN('03施策評価'!$HY:$HY),FALSE),"-") -> C | KU7: =IFERROR(VLOOKUP($A7*100+KU$4,'03施策評価'!$A$5:$KD$118,COLUMN('03施策評価'!$HY:$HY),FALSE),"-") -> C | KV7: =IFERROR(VLOOKUP($A7*100+KV$4,'03施策評価'!$A$5:$KD$118,COLUMN('03施策評価'!$HY:$HY),FALSE),"-") -> C | KW7: =IFERROR(VLOOKUP($A7*100+KW$4,'03施策評価'!$A$5:$KD$118,COLUMN('03施策評価'!$HY:$HY),FALSE),"-") -> - | KX7: =IFERROR(VLOOKUP($A7*100+KX$4,'03施策評価'!$A$5:$KD$118,COLUMN('03施策評価'!$HY:$HY),FALSE),"-") -> - | KY7: =IFERROR(VLOOKUP($A7*100+KY$4,'03施策評価'!$A$5:$KD$118,COLUMN('03施策評価'!$HY:$HY),FALSE),"-") -> - | KZ7: =IFERROR(VLOOKUP($A7*100+KZ$4,'03施策評価'!$A$5:$KD$118,COLUMN('03施策評価'!$HY:$HY),FALSE),"-") -> - | LA7: =IFERROR(VLOOKUP($A7*100+LA$4,'03施策評価'!$A$5:$KD$118,COLUMN('03施策評価'!$HY:$HY),FALSE),"-") -> - | LB7: 客観指標評価、市民生活実感評価が共にｃ評価となったことから、総合評価結果はＣ評価となった。 人口減少や単身世帯・共働き世帯の増加など、社会背景が大きく変化する中においても、誰もが「地域の一員」として安心して快適に暮らせる地域づくりを進めていくため、「一人一人の多様性を踏まえた誰もが参加しやすい地域づくり」や、「多様な地域の特性に即した地域活動の推進」、「多様な主体の連携・協働の促進」を進めていくことで、すべての人に居場所と出番のある地域づくりを進める。 | LC7: =VLOOKUP($A7&"-"&LC$4,'02政策の客観指標'!$A$4:$AX$246,COLUMN('02政策の客観指標'!$AX:$AX),FALSE) -> c | LD7: =VLOOKUP($A7&"-"&LD$4,'02政策の客観指標'!$A$4:$AX$246,COLUMN('02政策の客観指標'!$AX:$AX),FALSE) -> - | LE7: =VLOOKUP($A7&"-"&LE$4,'02政策の客観指標'!$A$4:$AX$246,COLUMN('02政策の客観指標'!$AX:$AX),FALSE) -> - | LF7: =VLOOKUP($A7&"-"&LF$4,'02政策の客観指標'!$A$4:$AX$246,COLUMN('02政策の客観指標'!$AX:$AX),FALSE) -> - | LG7: =VLOOKUP($A7&"-"&LG$4,'02政策の客観指標'!$A$4:$AX$246,COLUMN('02政策の客観指標'!$AX:$AX),FALSE) -> - | LH7: =VLOOKUP($A7&"-"&LH$4,'02政策の客観指標'!$A$4:$AX$246,COLUMN('02政策の客観指標'!$AX:$AX),FALSE) -> - | LI7: =VLOOKUP($A7&"-"&LI$4,'02政策の客観指標'!$A$4:$AX$246,COLUMN('02政策の客観指標'!$AX:$AX),FALSE) -> - | LJ7: =VLOOKUP($A7&"-"&LJ$4,'02政策の客観指標'!$A$4:$AX$246,COLUMN('02政策の客観指標'!$AX:$AX),FALSE) -> - | LK7: =VLOOKUP($A7&"-"&LK$4,'02政策の客観指標'!$A$4:$AX$246,COLUMN('02政策の客観指標'!$AX:$AX),FALSE) -> - | LL7: =_xlfn.IFS(LV7="-","-",LV7>=0.8,"a",LV7>=0.6,"b",LV7>=0.4,"c",LV7>=0.2,"d",LV7<0.2,"e") -> c | LM7: =_xlfn.SWITCH(LC7,"a",4,"b",3,"c",2,"d",1,"e",0,"-","") -> 2 | LN7: =_xlfn.SWITCH(LD7,"a",4,"b",3,"c",2,"d",1,"e",0,"-","") | LO7: =_xlfn.SWITCH(LE7,"a",4,"b",3,"c",2,"d",1,"e",0,"-","") | LP7: =_xlfn.SWITCH(LF7,"a",4,"b",3,"c",2,"d",1,"e",0,"-","") | LQ7: =_xlfn.SWITCH(LG7,"a",4,"b",3,"c",2,"d",1,"e",0,"-","") | LR7: =_xlfn.SWITCH(LH7,"a",4,"b",3,"c",2,"d",1,"e",0,"-","") | LS7: =_xlfn.SWITCH(LI7,"a",4,"b",3,"c",2,"d",1,"e",0,"-","") | LT7: =_xlfn.SWITCH(LJ7,"a",4,"b",3,"c",2,"d",1,"e",0,"-","") | LU7: =_xlfn.SWITCH(LK7,"a",4,"b",3,"c",2,"d",1,"e",0,"-","") | LV7: =IF(COUNT(LM7:LU7)=0,"-",SUM(LM7:LU7)/COUNT(LM7:LU7)/4) -> 0.5 | LW7: =IFERROR(VLOOKUP($A7*100+LW$4,'03施策評価'!$A$5:$KD$118,COLUMN('03施策評価'!$IL:$IL),FALSE),"-") -> e | LX7: =IFERROR(VLOOKUP($A7*100+LX$4,'03施策評価'!$A$5:$KD$118,COLUMN('03施策評価'!$IL:$IL),FALSE),"-") -> a | LY7: =IFERROR(VLOOKUP($A7*100+LY$4,'03施策評価'!$A$5:$KD$118,COLUMN('03施策評価'!$IL:$IL),FALSE),"-") -> b | LZ7: =IFERROR(VLOOKUP($A7*100+LZ$4,'03施策評価'!$A$5:$KD$118,COLUMN('03施策評価'!$IL:$IL),FALSE),"-") -> - | MA7: =IFERROR(VLOOKUP($A7*100+MA$4,'03施策評価'!$A$5:$KD$118,COLUMN('03施策評価'!$IL:$IL),FALSE),"-") -> - | MB7: =IFERROR(VLOOKUP($A7*100+MB$4,'03施策評価'!$A$5:$KD$118,COLUMN('03施策評価'!$IL:$IL),FALSE),"-") -> - | MC7: =IFERROR(VLOOKUP($A7*100+MC$4,'03施策評価'!$A$5:$KD$118,COLUMN('03施策評価'!$IL:$IL),FALSE),"-") -> - | MD7: =IFERROR(VLOOKUP($A7*100+MD$4,'03施策評価'!$A$5:$KD$118,COLUMN('03施策評価'!$IL:$IL),FALSE),"-") -> - | ME7: =_xlfn.IFS(MN7="-","-",MN7>=0.8,"a",MN7>=0.6,"b",MN7>=0.4,"c",MN7>=0.2,"d",MN7<0.2,"e") -> c | MF7: =_xlfn.SWITCH(LW7,"a",4,"b",3,"c",2,"d",1,"e",0,"-","") -> 0 | MG7: =_xlfn.SWITCH(LX7,"a",4,"b",3,"c",2,"d",1,"e",0,"-","") -> 4 | MH7: =_xlfn.SWITCH(LY7,"a",4,"b",3,"c",2,"d",1,"e",0,"-","") -> 3 | MI7: =_xlfn.SWITCH(LZ7,"a",4,"b",3,"c",2,"d",1,"e",0,"-","") | MJ7: =_xlfn.SWITCH(MA7,"a",4,"b",3,"c",2,"d",1,"e",0,"-","") | MK7: =_xlfn.SWITCH(MB7,"a",4,"b",3,"c",2,"d",1,"e",0,"-","") | ML7: =_xlfn.SWITCH(MC7,"a",4,"b",3,"c",2,"d",1,"e",0,"-","") | MM7: =_xlfn.SWITCH(MD7,"a",4,"b",3,"c",2,"d",1,"e",0,"-","") | MN7: =IF(COUNT(MF7:MM7)=0,"-",SUM(MF7:MM7)/COUNT(MF7:MM7)/4) -> 0.58333333 | MO7: =_xlfn.IFS(MR7="-","-",MR7>=0.8,"a",MR7>=0.6,"b",MR7>=0.4,"c",MR7>=0.2,"d",MR7<0.2,"e") -> c | MP7: =_xlfn.SWITCH(LL7,"a",4,"b",3,"c",2,"d",1,"e",0,"-","") -> 2 | MQ7: =_xlfn.SWITCH(ME7,"a",4/2,"b",3/2,"c",2/2,"d",1/2,"e",0,"-","") -> 1 | MR7: {=_xlfn.IFS(COUNT(MP7:MQ7)=2,SUM(MP7:MQ7)/6,COUNT(MP7:MQ7)=0,"-",MP7="",MN7,MQ7="",LV7)} -> 0.5 | MS7: =VLOOKUP($A7&"-"&MS$4,'05市民生活実感調査'!$A$3:$BC$218,COLUMN('05市民生活実感調査'!$BC:$BC),FALSE) -> c | MT7: =VLOOKUP($A7&"-"&MT$4,'05市民生活実感調査'!$A$3:$BC$218,COLUMN('05市民生活実感調査'!$BC:$BC),FALSE) -> c | MU7: =VLOOKUP($A7&"-"&MU$4,'05市民生活実感調査'!$A$3:$BC$218,COLUMN('05市民生活実感調査'!$BC:$BC),FALSE) -> c | MV7: =VLOOKUP($A7&"-"&MV$4,'05市民生活実感調査'!$A$3:$BC$218,COLUMN('05市民生活実感調査'!$BC:$BC),FALSE) -> - | MW7: =VLOOKUP($A7&"-"&MW$4,'05市民生活実感調査'!$A$3:$BC$218,COLUMN('05市民生活実感調査'!$BC:$BC),FALSE) -> - | MX7: =VLOOKUP($A7&"-"&MX$4,'05市民生活実感調査'!$A$3:$BC$218,COLUMN('05市民生活実感調査'!$BC:$BC),FALSE) -> - | MY7: =VLOOKUP($A7&"-"&MY$4,'05市民生活実感調査'!$A$3:$BC$218,COLUMN('05市民生活実感調査'!$BC:$BC),FALSE) -> - | MZ7: =VLOOKUP($A7&"-"&MZ$4,'05市民生活実感調査'!$A$3:$BC$218,COLUMN('05市民生活実感調査'!$BC:$BC),FALSE) -> - | NA7: =_xlfn.IFS(NJ7>=0.8,"a",NJ7>=0.6,"b",NJ7>=0.4,"c",NJ7>=0.2,"d",NJ7<0.2,"e") -> c | NB7: =_xlfn.SWITCH(MS7,"a",4,"b",3,"c",2,"d",1,"e",0,"-","") -> 2 | NC7: =_xlfn.SWITCH(MT7,"a",4,"b",3,"c",2,"d",1,"e",0,"-","") -> 2 | ND7: =_xlfn.SWITCH(MU7,"a",4,"b",3,"c",2,"d",1,"e",0,"-","") -> 2 | NE7: =_xlfn.SWITCH(MV7,"a",4,"b",3,"c",2,"d",1,"e",0,"-","") | NF7: =_xlfn.SWITCH(MW7,"a",4,"b",3,"c",2,"d",1,"e",0,"-","") | NG7: =_xlfn.SWITCH(MX7,"a",4,"b",3,"c",2,"d",1,"e",0,"-","") | NH7: =_xlfn.SWITCH(MY7,"a",4,"b",3,"c",2,"d",1,"e",0,"-","") | NI7: =_xlfn.SWITCH(MZ7,"a",4,"b",3,"c",2,"d",1,"e",0,"-","") | NJ7: =SUM(NB7:NI7)/COUNT(NB7:NI7)/4 -> 0.5 | NK7: =VLOOKUP($A7,'05市民生活実感調査'!$D$223:$O$249,11,FALSE) -> 25 | NL7: =VLOOKUP($A7,'05市民生活実感調査'!$D$223:$O$249,12,FALSE) -> 47.571429 | NM7: C | NN7: =VLOOKUP(NM7,プルダウン!$A$1:$B$6,2,FALSE) -> 政策の目的がそこそこ達成されている | NO7: 市民実感 | NP7: 地域活動への参加のきっかけ・しくみづくりや、コミュニティの活性化支援など、施策に係る市民の意識や生活実感が重要な分野であることから、市民生活実感評価を重視する。 | NQ7: 施策の指標である「住民が気兼ねなく地域の活動に参加していると回答した自治会・町内会の割合」が前回値より下がり目標値を下回った一方で、「役員同士の連絡手段としてICTを活用していると回答した自治会・町内会の割合」は目標値を超えａ評価となったことなどから、全体ではＣ評価となった。 | NR7: ライフスタイルや価値観の多様化、少子高齢化や単身世帯の増加により、地域住民のつながりが感じられにくくなっていることから、ｃ評価となったと考えられる。 | NS7: =IFERROR(VLOOKUP($A7*100+NS$4,'03施策評価'!$A$5:$KD$118,COLUMN('03施策評価'!$KA:$KA),FALSE),"-") -> D | NT7: =IFERROR(VLOOKUP($A7*100+NT$4,'03施策評価'!$A$5:$KD$118,COLUMN('03施策評価'!$KA:$KA),FALSE),"-") -> B | NU7: =IFERROR(VLOOKUP($A7*100+NU$4,'03施策評価'!$A$5:$KD$118,COLUMN('03施策評価'!$KA:$KA),FALSE),"-") -> C | NV7: =IFERROR(VLOOKUP($A7*100+NV$4,'03施策評価'!$A$5:$KD$118,COLUMN('03施策評価'!$KA:$KA),FALSE),"-") -> - | NW7: =IFERROR(VLOOKUP($A7*100+NW$4,'03施策評価'!$A$5:$KD$118,COLUMN('03施策評価'!$KA:$KA),FALSE),"-") -> - | NX7: =IFERROR(VLOOKUP($A7*100+NX$4,'03施策評価'!$A$5:$KD$118,COLUMN('03施策評価'!$KA:$KA),FALSE),"-") -> - | NY7: =IFERROR(VLOOKUP($A7*100+NY$4,'03施策評価'!$A$5:$KD$118,COLUMN('03施策評価'!$KA:$KA),FALSE),"-") -> - | NZ7: =IFERROR(VLOOKUP($A7*100+NZ$4,'03施策評価'!$A$5:$KD$118,COLUMN('03施策評価'!$KA:$KA),FALSE),"-") -> - | OA7: 客観指標評価及び市民生活実感評価が共にｃ評価となり、総合評価結果はｃ評価となった。 人口減少や単身世帯・共働き世帯の増加など、社会背景が大きく変化する中においても、誰もが「地域の一員」として安心して快適に暮らせる地域づくりを進めていくため、「一人一人の多様性を踏まえた誰もが参加しやすい地域づくり」や、「多様な地域の特性に即した地域活動の推進」、「多様な主体の連携・協働の促進」を進めていく。 また、令和７年度から設置した地域コミュニティHubを中心に、区役所・支所の職員が積極的に地域に入り込むことで地域のニーズや資源などを把握し、市民や地域の多様な主体のつながり・むすびつき・交ざり合いを促進し、すべての人に居場所と出番のある地域づくりを目指す。 | OB7: =VLOOKUP($A7&"-"&OB$4,'02政策の客観指標'!$A$4:$AY$246,COLUMN('02政策の客観指標'!$AY:$AY),FALSE) -> - | OC7: =VLOOKUP($A7&"-"&OC$4,'02政策の客観指標'!$A$4:$AY$246,COLUMN('02政策の客観指標'!$AY:$AY),FALSE) -> - | OD7: =VLOOKUP($A7&"-"&OD$4,'02政策の客観指標'!$A$4:$AY$246,COLUMN('02政策の客観指標'!$AY:$AY),FALSE) -> - | OE7: =VLOOKUP($A7&"-"&OE$4,'02政策の客観指標'!$A$4:$AY$246,COLUMN('02政策の客観指標'!$AY:$AY),FALSE) -> - | OF7: =VLOOKUP($A7&"-"&OF$4,'02政策の客観指標'!$A$4:$AY$246,COLUMN('02政策の客観指標'!$AY:$AY),FALSE) -> - | OG7: =VLOOKUP($A7&"-"&OG$4,'02政策の客観指標'!$A$4:$AY$246,COLUMN('02政策の客観指標'!$AY:$AY),FALSE) -> - | OH7: =VLOOKUP($A7&"-"&OH$4,'02政策の客観指標'!$A$4:$AY$246,COLUMN('02政策の客観指標'!$AY:$AY),FALSE) -> - | OI7: =VLOOKUP($A7&"-"&OI$4,'02政策の客観指標'!$A$4:$AY$246,COLUMN('02政策の客観指標'!$AY:$AY),FALSE) -> - | OJ7: =VLOOKUP($A7&"-"&OJ$4,'02政策の客観指標'!$A$4:$AY$246,COLUMN('02政策の客観指標'!$AY:$AY),FALSE) -> - | OK7: =_xlfn.IFS(OU7="-","-",OU7>=0.8,"a",OU7>=0.6,"b",OU7>=0.4,"c",OU7>=0.2,"d",OU7<0.2,"e") -> - | OL7: =_xlfn.SWITCH(OB7,"a",4,"b",3,"c",2,"d",1,"e",0,"-","") | OM7: =_xlfn.SWITCH(OC7,"a",4,"b",3,"c",2,"d",1,"e",0,"-","") | ON7: =_xlfn.SWITCH(OD7,"a",4,"b",3,"c",2,"d",1,"e",0,"-","") | OO7: =_xlfn.SWITCH(OE7,"a",4,"b",3,"c",2,"d",1,"e",0,"-","") | OP7: =_xlfn.SWITCH(OF7,"a",4,"b",3,"c",2,"d",1,"e",0,"-","") | OQ7: =_xlfn.SWITCH(OG7,"a",4,"b",3,"c",2,"d",1,"e",0,"-","") | OR7: =_xlfn.SWITCH(OH7,"a",4,"b",3,"c",2,"d",1,"e",0,"-","") | OS7: =_xlfn.SWITCH(OI7,"a",4,"b",3,"c",2,"d",1,"e",0,"-","") | OT7: =_xlfn.SWITCH(OJ7,"a",4,"b",3,"c",2,"d",1,"e",0,"-","") | OU7: =IF(COUNT(OL7:OT7)=0,"-",SUM(OL7:OT7)/COUNT(OL7:OT7)/4) -> - | OV7: =IFERROR(VLOOKUP($A7*100+OV$4,'03施策評価'!$A$5:$MF$118,COLUMN('03施策評価'!$KN:$KN),FALSE),"-") -> - | OW7: =IFERROR(VLOOKUP($A7*100+OW$4,'03施策評価'!$A$5:$MF$118,COLUMN('03施策評価'!$KN:$KN),FALSE),"-") -> - | OX7: =IFERROR(VLOOKUP($A7*100+OX$4,'03施策評価'!$A$5:$MF$118,COLUMN('03施策評価'!$KN:$KN),FALSE),"-") -> b | OY7: =IFERROR(VLOOKUP($A7*100+OY$4,'03施策評価'!$A$5:$MF$118,COLUMN('03施策評価'!$KN:$KN),FALSE),"-") -> - | OZ7: =IFERROR(VLOOKUP($A7*100+OZ$4,'03施策評価'!$A$5:$MF$118,COLUMN('03施策評価'!$KN:$KN),FALSE),"-") -> - | PA7: =IFERROR(VLOOKUP($A7*100+PA$4,'03施策評価'!$A$5:$MF$118,COLUMN('03施策評価'!$KN:$KN),FALSE),"-") -> - | PB7: =IFERROR(VLOOKUP($A7*100+PB$4,'03施策評価'!$A$5:$MF$118,COLUMN('03施策評価'!$KN:$KN),FALSE),"-") -> - | PC7: =IFERROR(VLOOKUP($A7*100+PC$4,'03施策評価'!$A$5:$MF$118,COLUMN('03施策評価'!$KN:$KN),FALSE),"-") -> - | PD7: =_xlfn.IFS(PM7="-","-",PM7>=0.8,"a",PM7>=0.6,"b",PM7>=0.4,"c",PM7>=0.2,"d",PM7<0.2,"e") -> b | PE7: =_xlfn.SWITCH(OV7,"a",4,"b",3,"c",2,"d",1,"e",0,"-","") | PF7: =_xlfn.SWITCH(OW7,"a",4,"b",3,"c",2,"d",1,"e",0,"-","") | PG7: =_xlfn.SWITCH(OX7,"a",4,"b",3,"c",2,"d",1,"e",0,"-","") -> 3 | PH7: =_xlfn.SWITCH(OY7,"a",4,"b",3,"c",2,"d",1,"e",0,"-","") | PI7: =_xlfn.SWITCH(OZ7,"a",4,"b",3,"c",2,"d",1,"e",0,"-","") | PJ7: =_xlfn.SWITCH(PA7,"a",4,"b",3,"c",2,"d",1,"e",0,"-","") | PK7: =_xlfn.SWITCH(PB7,"a",4,"b",3,"c",2,"d",1,"e",0,"-","") | PL7: =_xlfn.SWITCH(PC7,"a",4,"b",3,"c",2,"d",1,"e",0,"-","") | PM7: =IF(COUNT(PE7:PL7)=0,"-",SUM(PE7:PL7)/COUNT(PE7:PL7)/4) -> 0.75 | PN7: =_xlfn.IFS(PQ7="-","-",PQ7>=0.8,"a",PQ7>=0.6,"b",PQ7>=0.4,"c",PQ7>=0.2,"d",PQ7<0.2,"e") -> b | PO7: =_xlfn.SWITCH(OK7,"a",4,"b",3,"c",2,"d",1,"e",0,"-","") | PP7: =_xlfn.SWITCH(PD7,"a",4/2,"b",3/2,"c",2/2,"d",1/2,"e",0,"-","") -> 1.5 | PQ7: {=_xlfn.IFS(COUNT(PO7:PP7)=2,SUM(PO7:PP7)/6,COUNT(PO7:PP7)=0,"-",PO7="",PM7,PP7="",OU7)} -> 0.75 | PR7: =VLOOKUP($A7&"-"&PR$4,'05市民生活実感調査'!$A$3:$BM$218,COLUMN('05市民生活実感調査'!$BM:$BM),FALSE) -> c | PS7: =VLOOKUP($A7&"-"&PS$4,'05市民生活実感調査'!$A$3:$BM$218,COLUMN('05市民生活実感調査'!$BM:$BM),FALSE) -> c | PT7: =VLOOKUP($A7&"-"&PT$4,'05市民生活実感調査'!$A$3:$BM$218,COLUMN('05市民生活実感調査'!$BM:$BM),FALSE) -> c | PU7: =VLOOKUP($A7&"-"&PU$4,'05市民生活実感調査'!$A$3:$BM$218,COLUMN('05市民生活実感調査'!$BM:$BM),FALSE) -> - | PV7: =VLOOKUP($A7&"-"&PV$4,'05市民生活実感調査'!$A$3:$BM$218,COLUMN('05市民生活実感調査'!$BM:$BM),FALSE) -> - | PW7: =VLOOKUP($A7&"-"&PW$4,'05市民生活実感調査'!$A$3:$BM$218,COLUMN('05市民生活実感調査'!$BM:$BM),FALSE) -> - | PX7: =VLOOKUP($A7&"-"&PX$4,'05市民生活実感調査'!$A$3:$BM$218,COLUMN('05市民生活実感調査'!$BM:$BM),FALSE) -> - | PY7: =VLOOKUP($A7&"-"&PY$4,'05市民生活実感調査'!$A$3:$BM$218,COLUMN('05市民生活実感調査'!$BM:$BM),FALSE) -> - | PZ7: =_xlfn.IFS(QI7>=0.8,"a",QI7>=0.6,"b",QI7>=0.4,"c",QI7>=0.2,"d",QI7<0.2,"e") -> c | QA7: =_xlfn.SWITCH(PR7,"a",4,"b",3,"c",2,"d",1,"e",0,"-","") -> 2 | QB7: =_xlfn.SWITCH(PS7,"a",4,"b",3,"c",2,"d",1,"e",0,"-","") -> 2 | QC7: =_xlfn.SWITCH(PT7,"a",4,"b",3,"c",2,"d",1,"e",0,"-","") -> 2 | QD7: =_xlfn.SWITCH(PU7,"a",4,"b",3,"c",2,"d",1,"e",0,"-","") | QE7: =_xlfn.SWITCH(PV7,"a",4,"b",3,"c",2,"d",1,"e",0,"-","") | QF7: =_xlfn.SWITCH(PW7,"a",4,"b",3,"c",2,"d",1,"e",0,"-","") | QG7: =_xlfn.SWITCH(PX7,"a",4,"b",3,"c",2,"d",1,"e",0,"-","") | QH7: =_xlfn.SWITCH(PY7,"a",4,"b",3,"c",2,"d",1,"e",0,"-","") | QI7: =SUM(QA7:QH7)/COUNT(QA7:QH7)/4 -> 0.5 | QJ7: =VLOOKUP($A7,'05市民生活実感調査'!$D$223:$Q$249,13,FALSE) -> 24 | QK7: =VLOOKUP($A7,'05市民生活実感調査'!$D$223:$Q$249,14,FALSE) -> 50.627915 | QL7: C | QM7: =VLOOKUP(QL7,プルダウン!$A$1:$B$6,2,FALSE) -> 政策の目的がそこそこ達成されている | QN7: 市民実感 | QO7: 地域活動への参加のきっかけ・しくみづくりや、コミュニティの活性化支援など、施策に係る市民の意識や生活実感が重要な分野であることから、市民生活実感評価を重視する。 | QP7: 施策の指標である「人口1万人当たりのNPO法人数」が一定数を維持するなど、市民活動団体等に関する指標が高い評価となったことから、全体ではｂ評価となった。 | QQ7: ライフスタイルや価値観の多様化、少子高齢化や単身世帯の増加により、地域住民のつながりが感じられにくくなっていることから、ｃ評価となったと考えられる。 | QR7: =IFERROR(VLOOKUP($A7*100+QR$4,'03施策評価'!$A$5:$MF$118,COLUMN('03施策評価'!$MC:$MC),FALSE),"-") -> C | QS7: =IFERROR(VLOOKUP($A7*100+QS$4,'03施策評価'!$A$5:$MF$118,COLUMN('03施策評価'!$MC:$MC),FALSE),"-") -> C | QT7: =IFERROR(VLOOKUP($A7*100+QT$4,'03施策評価'!$A$5:$MF$118,COLUMN('03施策評価'!$MC:$MC),FALSE),"-") -> C | QU7: =IFERROR(VLOOKUP($A7*100+QU$4,'03施策評価'!$A$5:$MF$118,COLUMN('03施策評価'!$MC:$MC),FALSE),"-") -> - | QV7: =IFERROR(VLOOKUP($A7*100+QV$4,'03施策評価'!$A$5:$MF$118,COLUMN('03施策評価'!$MC:$MC),FALSE),"-") -> - | QW7: =IFERROR(VLOOKUP($A7*100+QW$4,'03施策評価'!$A$5:$MF$118,COLUMN('03施策評価'!$MC:$MC),FALSE),"-") -> - | QX7: =IFERROR(VLOOKUP($A7*100+QX$4,'03施策評価'!$A$5:$MF$118,COLUMN('03施策評価'!$MC:$MC),FALSE),"-") -> - | QY7: =IFERROR(VLOOKUP($A7*100+QY$4,'03施策評価'!$A$5:$MF$118,COLUMN('03施策評価'!$MC:$MC),FALSE),"-") -> - | QZ7: 客観指標評価はｂ評価、市民生活実感評価がｃ評価となり、総合評価結果はＣ評価となった。 令和８年３月に策定した「京都市地域コミュニティと市民参加に関するビジョン」に基づき、人口減少や単身世帯・共働き世帯の増加など、社会背景が大きく変化する中においても、ゆるやかなつながりの中で、一人ひとりが居場所と出番を感じられるような地域社会を推進するため、ビジョンに掲げる「つながる」、「支え合う」、「創り合う」の３つの目指す姿の実現に向けた取組を進める。
A8: 4 | B8: 市民生活の安全 | C8: 京都がもつ地域力を生かし、地域住民をはじめあらゆる関係機関と一層連携を深めながら、犯罪、交通事故、消費者被害・契約トラブルを予防し、被害拡大防止のために対応するとともに、被害に遭わないようよりよい防犯環境・交通安全環境を構築する。また、市民が地域における防犯活動・交通安全運動などの活動に積極的に参加し、取組の輪を大きくすることができるような施策を展開することで、すべての人が安心して安全にくらせるよりよい地域共生社会を実現する。 | D8: 文化市民局 | G8: =VLOOKUP($A8&"-"&G$4,'02政策の客観指標'!$A$4:$AY$246,COLUMN('02政策の客観指標'!$AT:$AT),FALSE) -> - | H8: =VLOOKUP($A8&"-"&H$4,'02政策の客観指標'!$A$4:$AY$246,COLUMN('02政策の客観指標'!$AT:$AT),FALSE) -> d | I8: =VLOOKUP($A8&"-"&I$4,'02政策の客観指標'!$A$4:$AY$246,COLUMN('02政策の客観指標'!$AT:$AT),FALSE) -> - | J8: =VLOOKUP($A8&"-"&J$4,'02政策の客観指標'!$A$4:$AY$246,COLUMN('02政策の客観指標'!$AT:$AT),FALSE) -> - | K8: =VLOOKUP($A8&"-"&K$4,'02政策の客観指標'!$A$4:$AY$246,COLUMN('02政策の客観指標'!$AT:$AT),FALSE) -> - | L8: =VLOOKUP($A8&"-"&L$4,'02政策の客観指標'!$A$4:$AY$246,COLUMN('02政策の客観指標'!$AT:$AT),FALSE) -> - | M8: =VLOOKUP($A8&"-"&M$4,'02政策の客観指標'!$A$4:$AY$246,COLUMN('02政策の客観指標'!$AT:$AT),FALSE) -> - | N8: =VLOOKUP($A8&"-"&N$4,'02政策の客観指標'!$A$4:$AY$246,COLUMN('02政策の客観指標'!$AT:$AT),FALSE) -> - | O8: =VLOOKUP($A8&"-"&O$4,'02政策の客観指標'!$A$4:$AY$246,COLUMN('02政策の客観指標'!$AT:$AT),FALSE) -> - | P8: =_xlfn.IFS(Z8="-","-",Z8>=0.8,"a",Z8>=0.6,"b",Z8>=0.4,"c",Z8>=0.2,"d",Z8<0.2,"e") -> d | Q8: =_xlfn.SWITCH(G8,"a",4,"b",3,"c",2,"d",1,"e",0,"-","") | R8: =_xlfn.SWITCH(H8,"a",4,"b",3,"c",2,"d",1,"e",0,"-","") -> 1 | S8: =_xlfn.SWITCH(I8,"a",4,"b",3,"c",2,"d",1,"e",0,"-","") | T8: =_xlfn.SWITCH(J8,"a",4,"b",3,"c",2,"d",1,"e",0,"-","") | U8: =_xlfn.SWITCH(K8,"a",4,"b",3,"c",2,"d",1,"e",0,"-","") | V8: =_xlfn.SWITCH(L8,"a",4,"b",3,"c",2,"d",1,"e",0,"-","") | W8: =_xlfn.SWITCH(M8,"a",4,"b",3,"c",2,"d",1,"e",0,"-","") | X8: =_xlfn.SWITCH(N8,"a",4,"b",3,"c",2,"d",1,"e",0,"-","") | Y8: =_xlfn.SWITCH(O8,"a",4,"b",3,"c",2,"d",1,"e",0,"-","") | Z8: =IF(COUNT(Q8:Y8)=0,"-",SUM(Q8:Y8)/COUNT(Q8:Y8)/4) -> 0.25 | AA8: =IFERROR(VLOOKUP($A8*100+AA$4,'03施策評価'!$A$5:$KD$118,COLUMN('03施策評価'!$AB:$AB),FALSE),"-") -> - | AB8: =IFERROR(VLOOKUP($A8*100+AB$4,'03施策評価'!$A$5:$KD$118,COLUMN('03施策評価'!$AB:$AB),FALSE),"-") -> a | AC8: =IFERROR(VLOOKUP($A8*100+AC$4,'03施策評価'!$A$5:$KD$118,COLUMN('03施策評価'!$AB:$AB),FALSE),"-") -> - | AD8: =IFERROR(VLOOKUP($A8*100+AD$4,'03施策評価'!$A$5:$KD$118,COLUMN('03施策評価'!$AB:$AB),FALSE),"-") -> - | AE8: =IFERROR(VLOOKUP($A8*100+AE$4,'03施策評価'!$A$5:$KD$118,COLUMN('03施策評価'!$AB:$AB),FALSE),"-") -> - | AF8: =IFERROR(VLOOKUP($A8*100+AF$4,'03施策評価'!$A$5:$KD$118,COLUMN('03施策評価'!$AB:$AB),FALSE),"-") -> - | AG8: =IFERROR(VLOOKUP($A8*100+AG$4,'03施策評価'!$A$5:$KD$118,COLUMN('03施策評価'!$AB:$AB),FALSE),"-") -> - | AH8: =IFERROR(VLOOKUP($A8*100+AH$4,'03施策評価'!$A$5:$KD$118,COLUMN('03施策評価'!$AB:$AB),FALSE),"-") -> - | AI8: =_xlfn.IFS(AR8="-","-",AR8>=0.8,"a",AR8>=0.6,"b",AR8>=0.4,"c",AR8>=0.2,"d",AR8<0.2,"e") -> a | AJ8: =_xlfn.SWITCH(AA8,"a",4,"b",3,"c",2,"d",1,"e",0,"-","") | AK8: =_xlfn.SWITCH(AB8,"a",4,"b",3,"c",2,"d",1,"e",0,"-","") -> 4 | AL8: =_xlfn.SWITCH(AC8,"a",4,"b",3,"c",2,"d",1,"e",0,"-","") | AM8: =_xlfn.SWITCH(AD8,"a",4,"b",3,"c",2,"d",1,"e",0,"-","") | AN8: =_xlfn.SWITCH(AE8,"a",4,"b",3,"c",2,"d",1,"e",0,"-","") | AO8: =_xlfn.SWITCH(AF8,"a",4,"b",3,"c",2,"d",1,"e",0,"-","") | AP8: =_xlfn.SWITCH(AG8,"a",4,"b",3,"c",2,"d",1,"e",0,"-","") | AQ8: =_xlfn.SWITCH(AH8,"a",4,"b",3,"c",2,"d",1,"e",0,"-","") | AR8: =IF(COUNT(AJ8:AQ8)=0,"-",SUM(AJ8:AQ8)/COUNT(AJ8:AQ8)/4) -> 1 | AS8: =_xlfn.IFS(AV8="-","-",AV8>=0.8,"a",AV8>=0.6,"b",AV8>=0.4,"c",AV8>=0.2,"d",AV8<0.2,"e") -> c | AT8: =_xlfn.SWITCH(P8,"a",4,"b",3,"c",2,"d",1,"e",0,"-","") -> 1 | AU8: =_xlfn.SWITCH(AI8,"a",4/2,"b",3/2,"c",2/2,"d",1/2,"e",0,"-","") -> 2 | AV8: {=_xlfn.IFS(COUNT(AT8:AU8)=2,SUM(AT8:AU8)/6,COUNT(AT8:AU8)=0,"-",AT8="",AR8,AU8="",Z8)} -> 0.5 | AW8: =VLOOKUP($A8&"-"&AW$4,'05市民生活実感調査'!$A$3:$BC$218,COLUMN('05市民生活実感調査'!$O:$O),FALSE) -> c | AX8: =VLOOKUP($A8&"-"&AX$4,'05市民生活実感調査'!$A$3:$BC$218,COLUMN('05市民生活実感調査'!$O:$O),FALSE) -> c | AY8: =VLOOKUP($A8&"-"&AY$4,'05市民生活実感調査'!$A$3:$BC$218,COLUMN('05市民生活実感調査'!$O:$O),FALSE) -> c | AZ8: =VLOOKUP($A8&"-"&AZ$4,'05市民生活実感調査'!$A$3:$BC$218,COLUMN('05市民生活実感調査'!$O:$O),FALSE) -> c | BA8: =VLOOKUP($A8&"-"&BA$4,'05市民生活実感調査'!$A$3:$BC$218,COLUMN('05市民生活実感調査'!$O:$O),FALSE) -> - | BB8: =VLOOKUP($A8&"-"&BB$4,'05市民生活実感調査'!$A$3:$BC$218,COLUMN('05市民生活実感調査'!$O:$O),FALSE) -> - | BC8: =VLOOKUP($A8&"-"&BC$4,'05市民生活実感調査'!$A$3:$BC$218,COLUMN('05市民生活実感調査'!$O:$O),FALSE) -> - | BD8: =VLOOKUP($A8&"-"&BD$4,'05市民生活実感調査'!$A$3:$BC$218,COLUMN('05市民生活実感調査'!$O:$O),FALSE) -> - | BE8: =_xlfn.IFS(BN8>=0.8,"a",BN8>=0.6,"b",BN8>=0.4,"c",BN8>=0.2,"d",BN8<0.2,"e") -> c | BF8: =_xlfn.SWITCH(AW8,"a",4,"b",3,"c",2,"d",1,"e",0,"-","") -> 2 | BG8: =_xlfn.SWITCH(AX8,"a",4,"b",3,"c",2,"d",1,"e",0,"-","") -> 2 | BH8: =_xlfn.SWITCH(AY8,"a",4,"b",3,"c",2,"d",1,"e",0,"-","") -> 2 | BI8: =_xlfn.SWITCH(AZ8,"a",4,"b",3,"c",2,"d",1,"e",0,"-","") -> 2 | BJ8: =_xlfn.SWITCH(BA8,"a",4,"b",3,"c",2,"d",1,"e",0,"-","") | BK8: =_xlfn.SWITCH(BB8,"a",4,"b",3,"c",2,"d",1,"e",0,"-","") | BL8: =_xlfn.SWITCH(BC8,"a",4,"b",3,"c",2,"d",1,"e",0,"-","") | BM8: =_xlfn.SWITCH(BD8,"a",4,"b",3,"c",2,"d",1,"e",0,"-","") | BN8: =SUM(BF8:BM8)/COUNT(BF8:BM8)/4 -> 0.5 | BO8: =VLOOKUP($A8,'05市民生活実感調査'!$D$223:$O$249,3,FALSE) -> 5 | BP8: =VLOOKUP($A8,'05市民生活実感調査'!$D$223:$O$249,4,FALSE) -> 0.91044776 | BQ8: B | BR8: 政策の目的がかなり達成されている | BS8: 市民実感 | BT8: 市民が安全を実感した「体感治安」の現れや消費者である市民の自立意識の広がりなど，施策に係る市民の意識や生活実感が重要な分野であることから，市民生活実感評価を重視する。 | BU8: 消費生活相談件数に占める助言・あっせん解決率は過去５年間の平均値に届かなかったが，市民・行政・警察等が一体となった防犯の取組の展開による刑法犯認知件数の減少，新型コロナウイルス感染症による市民の外出機会減の影響に伴う交通事故死傷者数の減少，消費者問題やエシカル消費の概念について，年齢層に応じた様々な啓発手法を採り入れた事業を実施したことによる市民の理解・認知度の向上などから，ａ評価となったと考えられる。 | BV8: 犯罪や事故に関するニュースが日常的に報道されており，犯罪や事故が身近に起こりうるという感覚があること，コロナ禍によるデジタル化の加速度的進展等により，契約形態が複雑化・多様化したことに伴い，一部の消費者に不安が生じていることなどから，ｃ評価になったと考えられる。 | BW8: =IFERROR(VLOOKUP($A8*100+BW$4,'03施策評価'!$A$5:$KD$118,COLUMN('03施策評価'!$BQ:$BQ),FALSE),"-") -> - | BX8: =IFERROR(VLOOKUP($A8*100+BX$4,'03施策評価'!$A$5:$KD$118,COLUMN('03施策評価'!$BQ:$BQ),FALSE),"-") -> B | BY8: =IFERROR(VLOOKUP($A8*100+BY$4,'03施策評価'!$A$5:$KD$118,COLUMN('03施策評価'!$BQ:$BQ),FALSE),"-") -> - | BZ8: =IFERROR(VLOOKUP($A8*100+BZ$4,'03施策評価'!$A$5:$KD$118,COLUMN('03施策評価'!$BQ:$BQ),FALSE),"-") -> - | CA8: =IFERROR(VLOOKUP($A8*100+CA$4,'03施策評価'!$A$5:$KD$118,COLUMN('03施策評価'!$BQ:$BQ),FALSE),"-") -> - | CB8: =IFERROR(VLOOKUP($A8*100+CB$4,'03施策評価'!$A$5:$KD$118,COLUMN('03施策評価'!$BQ:$BQ),FALSE),"-") -> - | CC8: =IFERROR(VLOOKUP($A8*100+CC$4,'03施策評価'!$A$5:$KD$118,COLUMN('03施策評価'!$BQ:$BQ),FALSE),"-") -> - | CD8: =IFERROR(VLOOKUP($A8*100+CD$4,'03施策評価'!$A$5:$KD$118,COLUMN('03施策評価'!$BQ:$BQ),FALSE),"-") -> - | CE8: 客観指標評価がａ評価となったが，市民生活実感評価がｃ評価となったことから，総合評価結果はＢ評価となった。刑法犯認知件数は大幅に減少した一方で，犯罪の減少が市民の体感治安の向上に繋がっていない状況を踏まえ，令和３年度に策定する第３次京都市生活安全基本計画に基づき，「見せる防犯」の普及促進等の様々な取組を展開することで，市民が安心を実感できる安全な地域社会の実現を図っていく。また，消費生活相談件数に占める助言・解決率は直近５年間の平均値以下となっているため，令和３年度に策定する京都市消費生活基本計画に基づき，複雑化・多様化する消費者トラブルについて，様々な媒体を用いた注意喚起や各種セミナーを実施するなど，消費者被害が深刻化しないよう取り組む。 | CF8: =VLOOKUP($A8&"-"&CF$4,'02政策の客観指標'!$A$4:$AY$246,COLUMN('02政策の客観指標'!$AU:$AU),FALSE) -> a | CG8: =VLOOKUP($A8&"-"&CG$4,'02政策の客観指標'!$A$4:$AY$246,COLUMN('02政策の客観指標'!$AU:$AU),FALSE) -> b | CH8: =VLOOKUP($A8&"-"&CH$4,'02政策の客観指標'!$A$4:$AY$246,COLUMN('02政策の客観指標'!$AU:$AU),FALSE) -> - | CI8: =VLOOKUP($A8&"-"&CI$4,'02政策の客観指標'!$A$4:$AY$246,COLUMN('02政策の客観指標'!$AU:$AU),FALSE) -> - | CJ8: =VLOOKUP($A8&"-"&CJ$4,'02政策の客観指標'!$A$4:$AY$246,COLUMN('02政策の客観指標'!$AU:$AU),FALSE) -> - | CK8: =VLOOKUP($A8&"-"&CK$4,'02政策の客観指標'!$A$4:$AY$246,COLUMN('02政策の客観指標'!$AU:$AU),FALSE) -> - | CL8: =VLOOKUP($A8&"-"&CL$4,'02政策の客観指標'!$A$4:$AY$246,COLUMN('02政策の客観指標'!$AU:$AU),FALSE) -> - | CM8: =VLOOKUP($A8&"-"&CM$4,'02政策の客観指標'!$A$4:$AY$246,COLUMN('02政策の客観指標'!$AU:$AU),FALSE) -> - | CN8: =VLOOKUP($A8&"-"&CN$4,'02政策の客観指標'!$A$4:$AY$246,COLUMN('02政策の客観指標'!$AU:$AU),FALSE) -> - | CO8: =_xlfn.IFS(CY8="-","-",CY8>=0.8,"a",CY8>=0.6,"b",CY8>=0.4,"c",CY8>=0.2,"d",CY8<0.2,"e") -> a | CP8: =_xlfn.SWITCH(CF8,"a",4,"b",3,"c",2,"d",1,"e",0,"-","") -> 4 | CQ8: =_xlfn.SWITCH(CG8,"a",4,"b",3,"c",2,"d",1,"e",0,"-","") -> 3 | CR8: =_xlfn.SWITCH(CH8,"a",4,"b",3,"c",2,"d",1,"e",0,"-","") | CS8: =_xlfn.SWITCH(CI8,"a",4,"b",3,"c",2,"d",1,"e",0,"-","") | CT8: =_xlfn.SWITCH(CJ8,"a",4,"b",3,"c",2,"d",1,"e",0,"-","") | CU8: =_xlfn.SWITCH(CK8,"a",4,"b",3,"c",2,"d",1,"e",0,"-","") | CV8: =_xlfn.SWITCH(CL8,"a",4,"b",3,"c",2,"d",1,"e",0,"-","") | CW8: =_xlfn.SWITCH(CM8,"a",4,"b",3,"c",2,"d",1,"e",0,"-","") | CX8: =_xlfn.SWITCH(CN8,"a",4,"b",3,"c",2,"d",1,"e",0,"-","") | CY8: =IF(COUNT(CP8:CX8)=0,"-",SUM(CP8:CX8)/COUNT(CP8:CX8)/4) -> 0.875 | CZ8: =IFERROR(VLOOKUP($A8*100+CZ$4,'03施策評価'!$A$5:$KD$118,COLUMN('03施策評価'!$CF:$CF),FALSE),"-") -> a | DA8: =IFERROR(VLOOKUP($A8*100+DA$4,'03施策評価'!$A$5:$KD$118,COLUMN('03施策評価'!$CF:$CF),FALSE),"-") -> a | DB8: =IFERROR(VLOOKUP($A8*100+DB$4,'03施策評価'!$A$5:$KD$118,COLUMN('03施策評価'!$CF:$CF),FALSE),"-") -> - | DC8: =IFERROR(VLOOKUP($A8*100+DC$4,'03施策評価'!$A$5:$KD$118,COLUMN('03施策評価'!$CF:$CF),FALSE),"-") -> - | DD8: =IFERROR(VLOOKUP($A8*100+DD$4,'03施策評価'!$A$5:$KD$118,COLUMN('03施策評価'!$CF:$CF),FALSE),"-") -> - | DE8: =IFERROR(VLOOKUP($A8*100+DE$4,'03施策評価'!$A$5:$KD$118,COLUMN('03施策評価'!$CF:$CF),FALSE),"-") -> - | DF8: =IFERROR(VLOOKUP($A8*100+DF$4,'03施策評価'!$A$5:$KD$118,COLUMN('03施策評価'!$CF:$CF),FALSE),"-") -> - | DG8: =IFERROR(VLOOKUP($A8*100+DG$4,'03施策評価'!$A$5:$KD$118,COLUMN('03施策評価'!$CF:$CF),FALSE),"-") -> - | DH8: =_xlfn.IFS(DQ8="-","-",DQ8>=0.8,"a",DQ8>=0.6,"b",DQ8>=0.4,"c",DQ8>=0.2,"d",DQ8<0.2,"e") -> a | DI8: =_xlfn.SWITCH(CZ8,"a",4,"b",3,"c",2,"d",1,"e",0,"-","") -> 4 | DJ8: =_xlfn.SWITCH(DA8,"a",4,"b",3,"c",2,"d",1,"e",0,"-","") -> 4 | DK8: =_xlfn.SWITCH(DB8,"a",4,"b",3,"c",2,"d",1,"e",0,"-","") | DL8: =_xlfn.SWITCH(DC8,"a",4,"b",3,"c",2,"d",1,"e",0,"-","") | DM8: =_xlfn.SWITCH(DD8,"a",4,"b",3,"c",2,"d",1,"e",0,"-","") | DN8: =_xlfn.SWITCH(DE8,"a",4,"b",3,"c",2,"d",1,"e",0,"-","") | DO8: =_xlfn.SWITCH(DF8,"a",4,"b",3,"c",2,"d",1,"e",0,"-","") | DP8: =_xlfn.SWITCH(DG8,"a",4,"b",3,"c",2,"d",1,"e",0,"-","") | DQ8: =IF(COUNT(DI8:DP8)=0,"-",SUM(DI8:DP8)/COUNT(DI8:DP8)/4) -> 1 | DR8: =_xlfn.IFS(DU8="-","-",DU8>=0.8,"a",DU8>=0.6,"b",DU8>=0.4,"c",DU8>=0.2,"d",DU8<0.2,"e") -> a | DS8: =_xlfn.SWITCH(CO8,"a",4,"b",3,"c",2,"d",1,"e",0,"-","") -> 4 | DT8: =_xlfn.SWITCH(DH8,"a",4/2,"b",3/2,"c",2/2,"d",1/2,"e",0,"-","") -> 2 | DU8: {=_xlfn.IFS(COUNT(DS8:DT8)=2,SUM(DS8:DT8)/6,COUNT(DS8:DT8)=0,"-",DS8="",DQ8,DT8="",CY8)} -> 1 | DV8: =VLOOKUP($A8&"-"&DV$4,'05市民生活実感調査'!$A$3:$BC$218,COLUMN('05市民生活実感調査'!$Y:$Y),FALSE) -> c | DW8: =VLOOKUP($A8&"-"&DW$4,'05市民生活実感調査'!$A$3:$BC$218,COLUMN('05市民生活実感調査'!$Y:$Y),FALSE) -> c | DX8: =VLOOKUP($A8&"-"&DX$4,'05市民生活実感調査'!$A$3:$BC$218,COLUMN('05市民生活実感調査'!$Y:$Y),FALSE) -> c | DY8: =VLOOKUP($A8&"-"&DY$4,'05市民生活実感調査'!$A$3:$BC$218,COLUMN('05市民生活実感調査'!$Y:$Y),FALSE) -> c | DZ8: =VLOOKUP($A8&"-"&DZ$4,'05市民生活実感調査'!$A$3:$BC$218,COLUMN('05市民生活実感調査'!$Y:$Y),FALSE) -> - | EA8: =VLOOKUP($A8&"-"&EA$4,'05市民生活実感調査'!$A$3:$BC$218,COLUMN('05市民生活実感調査'!$Y:$Y),FALSE) -> - | EB8: =VLOOKUP($A8&"-"&EB$4,'05市民生活実感調査'!$A$3:$BC$218,COLUMN('05市民生活実感調査'!$Y:$Y),FALSE) -> - | EC8: =VLOOKUP($A8&"-"&EC$4,'05市民生活実感調査'!$A$3:$BC$218,COLUMN('05市民生活実感調査'!$Y:$Y),FALSE) -> - | ED8: =_xlfn.IFS(EM8>=0.8,"a",EM8>=0.6,"b",EM8>=0.4,"c",EM8>=0.2,"d",EM8<0.2,"e") -> c | EE8: =_xlfn.SWITCH(DV8,"a",4,"b",3,"c",2,"d",1,"e",0,"-","") -> 2 | EF8: =_xlfn.SWITCH(DW8,"a",4,"b",3,"c",2,"d",1,"e",0,"-","") -> 2 | EG8: =_xlfn.SWITCH(DX8,"a",4,"b",3,"c",2,"d",1,"e",0,"-","") -> 2 | EH8: =_xlfn.SWITCH(DY8,"a",4,"b",3,"c",2,"d",1,"e",0,"-","") -> 2 | EI8: =_xlfn.SWITCH(DZ8,"a",4,"b",3,"c",2,"d",1,"e",0,"-","") | EJ8: =_xlfn.SWITCH(EA8,"a",4,"b",3,"c",2,"d",1,"e",0,"-","") | EK8: =_xlfn.SWITCH(EB8,"a",4,"b",3,"c",2,"d",1,"e",0,"-","") | EL8: =_xlfn.SWITCH(EC8,"a",4,"b",3,"c",2,"d",1,"e",0,"-","") | EM8: =SUM(EE8:EL8)/COUNT(EE8:EL8)/4 -> 0.5 | EN8: =VLOOKUP($A8,'05市民生活実感調査'!$D$223:$O$249,5,FALSE) -> 2 | EO8: =VLOOKUP($A8,'05市民生活実感調査'!$D$223:$O$249,6,FALSE) -> 0.811 | EP8: B | EQ8: =VLOOKUP(EP8,プルダウン!$A$1:$B$6,2,FALSE) -> 政策の目的がかなり達成されている | ER8: 市民実感 | ES8: 市民が安全を実感した「体感治安」の現れや消費者である市民の自立意識の広がりなど、施策に係る市民の意識や生活実感が重要な分野であることから、市民生活実感評価を重視する。 | ET8: 市民・行政・警察等が一体となった防犯や交通安全の取組の展開による刑法犯認知件数や交通事故死傷者数の減少、年齢層に応じた様々な消費者教育・啓発を実施したことによる市民の関心・理解の向上、消費生活専門相談員による適切な助言・あっせん等による解決率の向上などから、ａ評価となったと考えられる。 | EU8: 犯罪や事故に関するニュースが日常的に報道されており、犯罪や事故が身近に起こりうるという感覚があること、デジタル化の加速度的進展等による契約形態の複雑化・多様化に伴い、一部の消費者に不安が生じていることなどから、ｃ評価になったと考えられる。 | EV8: =IFERROR(VLOOKUP($A8*100+EV$4,'03施策評価'!$A$5:$KD$118,COLUMN('03施策評価'!$DU:$DU),FALSE),"-") -> B | EW8: =IFERROR(VLOOKUP($A8*100+EW$4,'03施策評価'!$A$5:$KD$118,COLUMN('03施策評価'!$DU:$DU),FALSE),"-") -> B | EX8: =IFERROR(VLOOKUP($A8*100+EX$4,'03施策評価'!$A$5:$KD$118,COLUMN('03施策評価'!$DU:$DU),FALSE),"-") -> - | EY8: =IFERROR(VLOOKUP($A8*100+EY$4,'03施策評価'!$A$5:$KD$118,COLUMN('03施策評価'!$DU:$DU),FALSE),"-") -> - | EZ8: =IFERROR(VLOOKUP($A8*100+EZ$4,'03施策評価'!$A$5:$KD$118,COLUMN('03施策評価'!$DU:$DU),FALSE),"-") -> - | FA8: =IFERROR(VLOOKUP($A8*100+FA$4,'03施策評価'!$A$5:$KD$118,COLUMN('03施策評価'!$DU:$DU),FALSE),"-") -> - | FB8: =IFERROR(VLOOKUP($A8*100+FB$4,'03施策評価'!$A$5:$KD$118,COLUMN('03施策評価'!$DU:$DU),FALSE),"-") -> - | FC8: =IFERROR(VLOOKUP($A8*100+FC$4,'03施策評価'!$A$5:$KD$118,COLUMN('03施策評価'!$DU:$DU),FALSE),"-") -> - | FD8: 客観指標評価はａ評価となったが、市民生活実感評価がｃ評価となったため、総合評価結果はＢ評価となった。刑法犯認知件数は大幅に減少した一方で、犯罪の減少が市民の体感治安の向上に繋がっていない状況を踏まえ、令和３年度に策定した第３次京都市生活安全基本計画に基づき、「見せる防犯」の普及促進等の様々な取組を展開する。また、第３次京都市消費生活基本計画に基づき、複雑化・多様化する消費者トラブルについて、被害の救済と未然防止に向けて、様々な媒体を用いた注意喚起や啓発活動等に取り組む。これらにより、すべての人が安心して安全に暮らせるよりよい地域共生社会の実現を目指していく。 | FE8: =VLOOKUP($A8&"-"&FE$4,'02政策の客観指標'!$A$4:$AY$246,COLUMN('02政策の客観指標'!$AV:$AV),FALSE) -> a | FF8: =VLOOKUP($A8&"-"&FF$4,'02政策の客観指標'!$A$4:$AY$246,COLUMN('02政策の客観指標'!$AV:$AV),FALSE) -> d | FG8: =VLOOKUP($A8&"-"&FG$4,'02政策の客観指標'!$A$4:$AY$246,COLUMN('02政策の客観指標'!$AV:$AV),FALSE) -> - | FH8: =VLOOKUP($A8&"-"&FH$4,'02政策の客観指標'!$A$4:$AY$246,COLUMN('02政策の客観指標'!$AV:$AV),FALSE) -> - | FI8: =VLOOKUP($A8&"-"&FI$4,'02政策の客観指標'!$A$4:$AY$246,COLUMN('02政策の客観指標'!$AV:$AV),FALSE) -> - | FJ8: =VLOOKUP($A8&"-"&FJ$4,'02政策の客観指標'!$A$4:$AY$246,COLUMN('02政策の客観指標'!$AV:$AV),FALSE) -> - | FK8: =VLOOKUP($A8&"-"&FK$4,'02政策の客観指標'!$A$4:$AY$246,COLUMN('02政策の客観指標'!$AV:$AV),FALSE) -> - | FL8: =VLOOKUP($A8&"-"&FL$4,'02政策の客観指標'!$A$4:$AY$246,COLUMN('02政策の客観指標'!$AV:$AV),FALSE) -> - | FM8: =VLOOKUP($A8&"-"&FM$4,'02政策の客観指標'!$A$4:$AY$246,COLUMN('02政策の客観指標'!$AV:$AV),FALSE) -> - | FN8: =_xlfn.IFS(FX8="-","-",FX8>=0.8,"a",FX8>=0.6,"b",FX8>=0.4,"c",FX8>=0.2,"d",FX8<0.2,"e") -> b | FO8: =_xlfn.SWITCH(FE8,"a",4,"b",3,"c",2,"d",1,"e",0,"-","") -> 4 | FP8: =_xlfn.SWITCH(FF8,"a",4,"b",3,"c",2,"d",1,"e",0,"-","") -> 1 | FQ8: =_xlfn.SWITCH(FG8,"a",4,"b",3,"c",2,"d",1,"e",0,"-","") | FR8: =_xlfn.SWITCH(FH8,"a",4,"b",3,"c",2,"d",1,"e",0,"-","") | FS8: =_xlfn.SWITCH(FI8,"a",4,"b",3,"c",2,"d",1,"e",0,"-","") | FT8: =_xlfn.SWITCH(FJ8,"a",4,"b",3,"c",2,"d",1,"e",0,"-","") | FU8: =_xlfn.SWITCH(FK8,"a",4,"b",3,"c",2,"d",1,"e",0,"-","") | FV8: =_xlfn.SWITCH(FL8,"a",4,"b",3,"c",2,"d",1,"e",0,"-","") | FW8: =_xlfn.SWITCH(FM8,"a",4,"b",3,"c",2,"d",1,"e",0,"-","") | FX8: =IF(COUNT(FO8:FW8)=0,"-",SUM(FO8:FW8)/COUNT(FO8:FW8)/4) -> 0.625 | FY8: =IFERROR(VLOOKUP($A8*100+FY$4,'03施策評価'!$A$5:$KD$118,COLUMN('03施策評価'!$EH:$EH),FALSE),"-") -> a | FZ8: =IFERROR(VLOOKUP($A8*100+FZ$4,'03施策評価'!$A$5:$KD$118,COLUMN('03施策評価'!$EH:$EH),FALSE),"-") -> a | GA8: =IFERROR(VLOOKUP($A8*100+GA$4,'03施策評価'!$A$5:$KD$118,COLUMN('03施策評価'!$EH:$EH),FALSE),"-") -> - | GB8: =IFERROR(VLOOKUP($A8*100+GB$4,'03施策評価'!$A$5:$KD$118,COLUMN('03施策評価'!$EH:$EH),FALSE),"-") -> - | GC8: =IFERROR(VLOOKUP($A8*100+GC$4,'03施策評価'!$A$5:$KD$118,COLUMN('03施策評価'!$EH:$EH),FALSE),"-") -> - | GD8: =IFERROR(VLOOKUP($A8*100+GD$4,'03施策評価'!$A$5:$KD$118,COLUMN('03施策評価'!$EH:$EH),FALSE),"-") -> - | GE8: =IFERROR(VLOOKUP($A8*100+GE$4,'03施策評価'!$A$5:$KD$118,COLUMN('03施策評価'!$EH:$EH),FALSE),"-") -> - | GF8: =IFERROR(VLOOKUP($A8*100+GF$4,'03施策評価'!$A$5:$KD$118,COLUMN('03施策評価'!$EH:$EH),FALSE),"-") -> - | GG8: =_xlfn.IFS(GP8="-","-",GP8>=0.8,"a",GP8>=0.6,"b",GP8>=0.4,"c",GP8>=0.2,"d",GP8<0.2,"e") -> a | GH8: =_xlfn.SWITCH(FY8,"a",4,"b",3,"c",2,"d",1,"e",0,"-","") -> 4 | GI8: =_xlfn.SWITCH(FZ8,"a",4,"b",3,"c",2,"d",1,"e",0,"-","") -> 4 | GJ8: =_xlfn.SWITCH(GA8,"a",4,"b",3,"c",2,"d",1,"e",0,"-","") | GK8: =_xlfn.SWITCH(GB8,"a",4,"b",3,"c",2,"d",1,"e",0,"-","") | GL8: =_xlfn.SWITCH(GC8,"a",4,"b",3,"c",2,"d",1,"e",0,"-","") | GM8: =_xlfn.SWITCH(GD8,"a",4,"b",3,"c",2,"d",1,"e",0,"-","") | GN8: =_xlfn.SWITCH(GE8,"a",4,"b",3,"c",2,"d",1,"e",0,"-","") | GO8: =_xlfn.SWITCH(GF8,"a",4,"b",3,"c",2,"d",1,"e",0,"-","") | GP8: =IF(COUNT(GH8:GO8)=0,"-",SUM(GH8:GO8)/COUNT(GH8:GO8)/4) -> 1 | GQ8: =_xlfn.IFS(GT8="-","-",GT8>=0.8,"a",GT8>=0.6,"b",GT8>=0.4,"c",GT8>=0.2,"d",GT8<0.2,"e") -> a | GR8: =_xlfn.SWITCH(FN8,"a",4,"b",3,"c",2,"d",1,"e",0,"-","") -> 3 | GS8: =_xlfn.SWITCH(GG8,"a",4/2,"b",3/2,"c",2/2,"d",1/2,"e",0,"-","") -> 2 | GT8: {=_xlfn.IFS(COUNT(GR8:GS8)=2,SUM(GR8:GS8)/6,COUNT(GR8:GS8)=0,"-",GR8="",GP8,GS8="",FX8)} -> 0.83333333 | GU8: =VLOOKUP($A8&"-"&GU$4,'05市民生活実感調査'!$A$3:$BC$218,COLUMN('05市民生活実感調査'!$AI:$AI),FALSE) -> c | GV8: =VLOOKUP($A8&"-"&GV$4,'05市民生活実感調査'!$A$3:$BC$218,COLUMN('05市民生活実感調査'!$AI:$AI),FALSE) -> c | GW8: =VLOOKUP($A8&"-"&GW$4,'05市民生活実感調査'!$A$3:$BC$218,COLUMN('05市民生活実感調査'!$AI:$AI),FALSE) -> c | GX8: =VLOOKUP($A8&"-"&GX$4,'05市民生活実感調査'!$A$3:$BC$218,COLUMN('05市民生活実感調査'!$AI:$AI),FALSE) -> c | GY8: =VLOOKUP($A8&"-"&GY$4,'05市民生活実感調査'!$A$3:$BC$218,COLUMN('05市民生活実感調査'!$AI:$AI),FALSE) -> - | GZ8: =VLOOKUP($A8&"-"&GZ$4,'05市民生活実感調査'!$A$3:$BC$218,COLUMN('05市民生活実感調査'!$AI:$AI),FALSE) -> - | HA8: =VLOOKUP($A8&"-"&HA$4,'05市民生活実感調査'!$A$3:$BC$218,COLUMN('05市民生活実感調査'!$AI:$AI),FALSE) -> - | HB8: =VLOOKUP($A8&"-"&HB$4,'05市民生活実感調査'!$A$3:$BC$218,COLUMN('05市民生活実感調査'!$AI:$AI),FALSE) -> - | HC8: =_xlfn.IFS(HL8>=0.8,"a",HL8>=0.6,"b",HL8>=0.4,"c",HL8>=0.2,"d",HL8<0.2,"e") -> c | HD8: =_xlfn.SWITCH(GU8,"a",4,"b",3,"c",2,"d",1,"e",0,"-","") -> 2 | HE8: =_xlfn.SWITCH(GV8,"a",4,"b",3,"c",2,"d",1,"e",0,"-","") -> 2 | HF8: =_xlfn.SWITCH(GW8,"a",4,"b",3,"c",2,"d",1,"e",0,"-","") -> 2 | HG8: =_xlfn.SWITCH(GX8,"a",4,"b",3,"c",2,"d",1,"e",0,"-","") -> 2 | HH8: =_xlfn.SWITCH(GY8,"a",4,"b",3,"c",2,"d",1,"e",0,"-","") | HI8: =_xlfn.SWITCH(GZ8,"a",4,"b",3,"c",2,"d",1,"e",0,"-","") | HJ8: =_xlfn.SWITCH(HA8,"a",4,"b",3,"c",2,"d",1,"e",0,"-","") | HK8: =_xlfn.SWITCH(HB8,"a",4,"b",3,"c",2,"d",1,"e",0,"-","") | HL8: =SUM(HD8:HK8)/COUNT(HD8:HK8)/4 -> 0.5 | HM8: =VLOOKUP($A8,'05市民生活実感調査'!$D$223:$O$249,7,FALSE) -> 2 | HN8: =VLOOKUP($A8,'05市民生活実感調査'!$D$223:$O$249,8,FALSE) -> 78.018576 | HO8: B | HP8: =VLOOKUP(HO8,プルダウン!$A$1:$B$6,2,FALSE) -> 政策の目的がかなり達成されている | HQ8: 市民実感 | HR8: 市民が安全を実感した「体感治安」の現れや消費者である市民の自立意識の広がりなど、施策に係る市民の意識や生活実感が重要な分野であることから、市民生活実感評価を重視する。 | HS8: 「消費生活相談件数に占める助言・あっせん解決率」は過去５年間の平均値に届かなかったが、市民・行政・警察等が一体となった防犯や交通安全の取組の展開による刑法犯認知件数や交通事故死傷者数の減少、年齢層に応じた様々な消費者教育・啓発を実施したことによる市民の関心・理解の向上などから、ａ評価となった。 | HT8: 犯罪や事故に関するニュースが日常的に報道されており、犯罪や事故が身近に起こりうるという感覚があること、デジタル化の加速度的進展等による契約形態の複雑化・多様化に伴い、一部の消費者に不安が生じていることなどから、ｃ評価になったと考えられる。 | HU8: =IFERROR(VLOOKUP($A8*100+HU$4,'03施策評価'!$A$5:$KD$118,COLUMN('03施策評価'!$FW:$FW),FALSE),"-") -> B | HV8: =IFERROR(VLOOKUP($A8*100+HV$4,'03施策評価'!$A$5:$KD$118,COLUMN('03施策評価'!$FW:$FW),FALSE),"-") -> B | HW8: =IFERROR(VLOOKUP($A8*100+HW$4,'03施策評価'!$A$5:$KD$118,COLUMN('03施策評価'!$FW:$FW),FALSE),"-") -> - | HX8: =IFERROR(VLOOKUP($A8*100+HX$4,'03施策評価'!$A$5:$KD$118,COLUMN('03施策評価'!$FW:$FW),FALSE),"-") -> - | HY8: =IFERROR(VLOOKUP($A8*100+HY$4,'03施策評価'!$A$5:$KD$118,COLUMN('03施策評価'!$FW:$FW),FALSE),"-") -> - | HZ8: =IFERROR(VLOOKUP($A8*100+HZ$4,'03施策評価'!$A$5:$KD$118,COLUMN('03施策評価'!$FW:$FW),FALSE),"-") -> - | IA8: =IFERROR(VLOOKUP($A8*100+IA$4,'03施策評価'!$A$5:$KD$118,COLUMN('03施策評価'!$FW:$FW),FALSE),"-") -> - | IB8: =IFERROR(VLOOKUP($A8*100+IB$4,'03施策評価'!$A$5:$KD$118,COLUMN('03施策評価'!$FW:$FW),FALSE),"-") -> - | IC8: 客観指標評価はａ評価となったが、市民生活実感評価がｃ評価となったため、総合評価結果はＢ評価となった。 引き続き、犯罪の減少が市民の体感治安の向上に繋がっていない状況を踏まえ、令和３年度に策定した第３次京都市生活安全基本計画に基づき、「見せる防犯」の普及促進等の様々な取組を展開する。 また、第３次京都市消費生活基本計画に基づき、複雑化・多様化する消費者トラブルについて、被害の救済と未然防止に向けて、様々な媒体を用いた注意喚起や啓発活動等に取り組む。これらにより、すべての人が安心して安全に暮らせるよりよい地域共生社会の実現を目指していく。 | ID8: =VLOOKUP($A8&"-"&ID$4,'02政策の客観指標'!$A$4:$AY$246,COLUMN('02政策の客観指標'!$AW:$AW),FALSE) -> a | IE8: =VLOOKUP($A8&"-"&IE$4,'02政策の客観指標'!$A$4:$AY$246,COLUMN('02政策の客観指標'!$AW:$AW),FALSE) -> e | IF8: =VLOOKUP($A8&"-"&IF$4,'02政策の客観指標'!$A$4:$AY$246,COLUMN('02政策の客観指標'!$AW:$AW),FALSE) -> - | IG8: =VLOOKUP($A8&"-"&IG$4,'02政策の客観指標'!$A$4:$AY$246,COLUMN('02政策の客観指標'!$AW:$AW),FALSE) -> - | IH8: =VLOOKUP($A8&"-"&IH$4,'02政策の客観指標'!$A$4:$AY$246,COLUMN('02政策の客観指標'!$AW:$AW),FALSE) -> - | II8: =VLOOKUP($A8&"-"&II$4,'02政策の客観指標'!$A$4:$AY$246,COLUMN('02政策の客観指標'!$AW:$AW),FALSE) -> - | IJ8: =VLOOKUP($A8&"-"&IJ$4,'02政策の客観指標'!$A$4:$AY$246,COLUMN('02政策の客観指標'!$AW:$AW),FALSE) -> - | IK8: =VLOOKUP($A8&"-"&IK$4,'02政策の客観指標'!$A$4:$AY$246,COLUMN('02政策の客観指標'!$AW:$AW),FALSE) -> - | IL8: =VLOOKUP($A8&"-"&IL$4,'02政策の客観指標'!$A$4:$AY$246,COLUMN('02政策の客観指標'!$AW:$AW),FALSE) -> - | IM8: =_xlfn.IFS(IW8="-","-",IW8>=0.8,"a",IW8>=0.6,"b",IW8>=0.4,"c",IW8>=0.2,"d",IW8<0.2,"e") -> c | IN8: =_xlfn.SWITCH(ID8,"a",4,"b",3,"c",2,"d",1,"e",0,"-","") -> 4 | IO8: =_xlfn.SWITCH(IE8,"a",4,"b",3,"c",2,"d",1,"e",0,"-","") -> 0 | IP8: =_xlfn.SWITCH(IF8,"a",4,"b",3,"c",2,"d",1,"e",0,"-","") | IQ8: =_xlfn.SWITCH(IG8,"a",4,"b",3,"c",2,"d",1,"e",0,"-","") | IR8: =_xlfn.SWITCH(IH8,"a",4,"b",3,"c",2,"d",1,"e",0,"-","") | IS8: =_xlfn.SWITCH(II8,"a",4,"b",3,"c",2,"d",1,"e",0,"-","") | IT8: =_xlfn.SWITCH(IJ8,"a",4,"b",3,"c",2,"d",1,"e",0,"-","") | IU8: =_xlfn.SWITCH(IK8,"a",4,"b",3,"c",2,"d",1,"e",0,"-","") | IV8: =_xlfn.SWITCH(IL8,"a",4,"b",3,"c",2,"d",1,"e",0,"-","") | IW8: =IF(COUNT(IN8:IV8)=0,"-",SUM(IN8:IV8)/COUNT(IN8:IV8)/4) -> 0.5 | IX8: =IFERROR(VLOOKUP($A8*100+IX$4,'03施策評価'!$A$5:$KD$118,COLUMN('03施策評価'!$GJ:$GJ),FALSE),"-") -> b | IY8: =IFERROR(VLOOKUP($A8*100+IY$4,'03施策評価'!$A$5:$KD$118,COLUMN('03施策評価'!$GJ:$GJ),FALSE),"-") -> a | IZ8: =IFERROR(VLOOKUP($A8*100+IZ$4,'03施策評価'!$A$5:$KD$118,COLUMN('03施策評価'!$GJ:$GJ),FALSE),"-") -> - | JA8: =IFERROR(VLOOKUP($A8*100+JA$4,'03施策評価'!$A$5:$KD$118,COLUMN('03施策評価'!$GJ:$GJ),FALSE),"-") -> - | JB8: =IFERROR(VLOOKUP($A8*100+JB$4,'03施策評価'!$A$5:$KD$118,COLUMN('03施策評価'!$GJ:$GJ),FALSE),"-") -> - | JC8: =IFERROR(VLOOKUP($A8*100+JC$4,'03施策評価'!$A$5:$KD$118,COLUMN('03施策評価'!$GJ:$GJ),FALSE),"-") -> - | JD8: =IFERROR(VLOOKUP($A8*100+JD$4,'03施策評価'!$A$5:$KD$118,COLUMN('03施策評価'!$GJ:$GJ),FALSE),"-") -> - | JE8: =IFERROR(VLOOKUP($A8*100+JE$4,'03施策評価'!$A$5:$KD$118,COLUMN('03施策評価'!$GJ:$GJ),FALSE),"-") -> - | JF8: =_xlfn.IFS(JO8="-","-",JO8>=0.8,"a",JO8>=0.6,"b",JO8>=0.4,"c",JO8>=0.2,"d",JO8<0.2,"e") -> a | JG8: =_xlfn.SWITCH(IX8,"a",4,"b",3,"c",2,"d",1,"e",0,"-","") -> 3 | JH8: =_xlfn.SWITCH(IY8,"a",4,"b",3,"c",2,"d",1,"e",0,"-","") -> 4 | JI8: =_xlfn.SWITCH(IZ8,"a",4,"b",3,"c",2,"d",1,"e",0,"-","") | JJ8: =_xlfn.SWITCH(JA8,"a",4,"b",3,"c",2,"d",1,"e",0,"-","") | JK8: =_xlfn.SWITCH(JB8,"a",4,"b",3,"c",2,"d",1,"e",0,"-","") | JL8: =_xlfn.SWITCH(JC8,"a",4,"b",3,"c",2,"d",1,"e",0,"-","") | JM8: =_xlfn.SWITCH(JD8,"a",4,"b",3,"c",2,"d",1,"e",0,"-","") | JN8: =_xlfn.SWITCH(JE8,"a",4,"b",3,"c",2,"d",1,"e",0,"-","") | JO8: =IF(COUNT(JG8:JN8)=0,"-",SUM(JG8:JN8)/COUNT(JG8:JN8)/4) -> 0.875 | JP8: =_xlfn.IFS(JS8="-","-",JS8>=0.8,"a",JS8>=0.6,"b",JS8>=0.4,"c",JS8>=0.2,"d",JS8<0.2,"e") -> b | JQ8: =_xlfn.SWITCH(IM8,"a",4,"b",3,"c",2,"d",1,"e",0,"-","") -> 2 | JR8: =_xlfn.SWITCH(JF8,"a",4/2,"b",3/2,"c",2/2,"d",1/2,"e",0,"-","") -> 2 | JS8: {=_xlfn.IFS(COUNT(JQ8:JR8)=2,SUM(JQ8:JR8)/6,COUNT(JQ8:JR8)=0,"-",JQ8="",JO8,JR8="",IW8)} -> 0.66666667 | JT8: =VLOOKUP($A8&"-"&JT$4,'05市民生活実感調査'!$A$3:$BC$218,COLUMN('05市民生活実感調査'!$AS:$AS),FALSE) -> c | JU8: =VLOOKUP($A8&"-"&JU$4,'05市民生活実感調査'!$A$3:$BC$218,COLUMN('05市民生活実感調査'!$AS:$AS),FALSE) -> c | JV8: =VLOOKUP($A8&"-"&JV$4,'05市民生活実感調査'!$A$3:$BC$218,COLUMN('05市民生活実感調査'!$AS:$AS),FALSE) -> c | JW8: =VLOOKUP($A8&"-"&JW$4,'05市民生活実感調査'!$A$3:$BC$218,COLUMN('05市民生活実感調査'!$AS:$AS),FALSE) -> c | JX8: =VLOOKUP($A8&"-"&JX$4,'05市民生活実感調査'!$A$3:$BC$218,COLUMN('05市民生活実感調査'!$AS:$AS),FALSE) -> - | JY8: =VLOOKUP($A8&"-"&JY$4,'05市民生活実感調査'!$A$3:$BC$218,COLUMN('05市民生活実感調査'!$AS:$AS),FALSE) -> - | JZ8: =VLOOKUP($A8&"-"&JZ$4,'05市民生活実感調査'!$A$3:$BC$218,COLUMN('05市民生活実感調査'!$AS:$AS),FALSE) -> - | KA8: =VLOOKUP($A8&"-"&KA$4,'05市民生活実感調査'!$A$3:$BC$218,COLUMN('05市民生活実感調査'!$AS:$AS),FALSE) -> - | KB8: =_xlfn.IFS(KK8>=0.8,"a",KK8>=0.6,"b",KK8>=0.4,"c",KK8>=0.2,"d",KK8<0.2,"e") -> c | KC8: =_xlfn.SWITCH(JT8,"a",4,"b",3,"c",2,"d",1,"e",0,"-","") -> 2 | KD8: =_xlfn.SWITCH(JU8,"a",4,"b",3,"c",2,"d",1,"e",0,"-","") -> 2 | KE8: =_xlfn.SWITCH(JV8,"a",4,"b",3,"c",2,"d",1,"e",0,"-","") -> 2 | KF8: =_xlfn.SWITCH(JW8,"a",4,"b",3,"c",2,"d",1,"e",0,"-","") -> 2 | KG8: =_xlfn.SWITCH(JX8,"a",4,"b",3,"c",2,"d",1,"e",0,"-","") | KH8: =_xlfn.SWITCH(JY8,"a",4,"b",3,"c",2,"d",1,"e",0,"-","") | KI8: =_xlfn.SWITCH(JZ8,"a",4,"b",3,"c",2,"d",1,"e",0,"-","") | KJ8: =_xlfn.SWITCH(KA8,"a",4,"b",3,"c",2,"d",1,"e",0,"-","") | KK8: =SUM(KC8:KJ8)/COUNT(KC8:KJ8)/4 -> 0.5 | KL8: =VLOOKUP($A8,'05市民生活実感調査'!$D$223:$O$249,9,FALSE) -> 1 | KM8: =VLOOKUP($A8,'05市民生活実感調査'!$D$223:$O$249,10,FALSE) -> 78.688525 | KN8: C | KO8: =VLOOKUP(KN8,プルダウン!$A$1:$B$6,2,FALSE) -> 政策の目的がそこそこ達成されている | KP8: 市民実感 | KQ8: 市民が安全を実感した「体感治安」の現れや消費者である市民の自立意識の広がりなど、施策に係る市民の意識や生活実感が重要な分野であることから、市民生活実感評価を重視する。 | KR8: 積極的な働きかけによりあっせん数が増加した影響で、政策の指標である「消費生活相談件数に占める助言・あっせん解決率」については、「あっせん解決数」が増加したものの、解決に至らない「あっせん不調数」も増加したことにより、解決率が低下した。 一方、市民・行政・関係機関等が一体となり、年齢層に応じた様々な防犯・交通安全啓発、消費者教育・啓発を実施したことによる市民の関心・理解の向上などから、ｂ評価となった。 | KS8: 犯罪や事故に関するニュースが日常的に報道されており、犯罪や事故が身近に起こりうるという感覚があること、デジタル化の加速度的進展等による契約形態の複雑化・多様化に伴い、一部の消費者に不安が生じていることなどから、ｃ評価になったと考えられる。 | KT8: =IFERROR(VLOOKUP($A8*100+KT$4,'03施策評価'!$A$5:$KD$118,COLUMN('03施策評価'!$HY:$HY),FALSE),"-") -> C | KU8: =IFERROR(VLOOKUP($A8*100+KU$4,'03施策評価'!$A$5:$KD$118,COLUMN('03施策評価'!$HY:$HY),FALSE),"-") -> B | KV8: =IFERROR(VLOOKUP($A8*100+KV$4,'03施策評価'!$A$5:$KD$118,COLUMN('03施策評価'!$HY:$HY),FALSE),"-") -> - | KW8: =IFERROR(VLOOKUP($A8*100+KW$4,'03施策評価'!$A$5:$KD$118,COLUMN('03施策評価'!$HY:$HY),FALSE),"-") -> - | KX8: =IFERROR(VLOOKUP($A8*100+KX$4,'03施策評価'!$A$5:$KD$118,COLUMN('03施策評価'!$HY:$HY),FALSE),"-") -> - | KY8: =IFERROR(VLOOKUP($A8*100+KY$4,'03施策評価'!$A$5:$KD$118,COLUMN('03施策評価'!$HY:$HY),FALSE),"-") -> - | KZ8: =IFERROR(VLOOKUP($A8*100+KZ$4,'03施策評価'!$A$5:$KD$118,COLUMN('03施策評価'!$HY:$HY),FALSE),"-") -> - | LA8: =IFERROR(VLOOKUP($A8*100+LA$4,'03施策評価'!$A$5:$KD$118,COLUMN('03施策評価'!$HY:$HY),FALSE),"-") -> - | LB8: 客観指標評価はｂ評価となり、市民生活実感評価がｃ評価となったことから、総合評価結果はＣ評価となった。 情報通信技術の更なる普及発展、犯罪行為者の低年齢化など犯罪を巡る状況が変化を重ねる中、「誰もが安心してくらせるまち」を目指し、あらゆる活動主体と連携して、「犯罪抑止・交通事故防止のための環境づくり」「見せる防犯の拡大」等の取組を推進する。 また、複雑化・多様化する消費者トラブルについて、被害の救済と未然防止に向けて、様々な媒体を用いた注意喚起や啓発活動、消費者の見守りネットワークの強化等に取り組む。 これらにより、すべての人が安心して安全に暮らせるよりよい地域共生社会の実現を目指していく。 | LC8: =VLOOKUP($A8&"-"&LC$4,'02政策の客観指標'!$A$4:$AX$246,COLUMN('02政策の客観指標'!$AX:$AX),FALSE) -> a | LD8: =VLOOKUP($A8&"-"&LD$4,'02政策の客観指標'!$A$4:$AX$246,COLUMN('02政策の客観指標'!$AX:$AX),FALSE) -> b | LE8: =VLOOKUP($A8&"-"&LE$4,'02政策の客観指標'!$A$4:$AX$246,COLUMN('02政策の客観指標'!$AX:$AX),FALSE) -> - | LF8: =VLOOKUP($A8&"-"&LF$4,'02政策の客観指標'!$A$4:$AX$246,COLUMN('02政策の客観指標'!$AX:$AX),FALSE) -> - | LG8: =VLOOKUP($A8&"-"&LG$4,'02政策の客観指標'!$A$4:$AX$246,COLUMN('02政策の客観指標'!$AX:$AX),FALSE) -> - | LH8: =VLOOKUP($A8&"-"&LH$4,'02政策の客観指標'!$A$4:$AX$246,COLUMN('02政策の客観指標'!$AX:$AX),FALSE) -> - | LI8: =VLOOKUP($A8&"-"&LI$4,'02政策の客観指標'!$A$4:$AX$246,COLUMN('02政策の客観指標'!$AX:$AX),FALSE) -> - | LJ8: =VLOOKUP($A8&"-"&LJ$4,'02政策の客観指標'!$A$4:$AX$246,COLUMN('02政策の客観指標'!$AX:$AX),FALSE) -> - | LK8: =VLOOKUP($A8&"-"&LK$4,'02政策の客観指標'!$A$4:$AX$246,COLUMN('02政策の客観指標'!$AX:$AX),FALSE) -> - | LL8: =_xlfn.IFS(LV8="-","-",LV8>=0.8,"a",LV8>=0.6,"b",LV8>=0.4,"c",LV8>=0.2,"d",LV8<0.2,"e") -> a | LM8: =_xlfn.SWITCH(LC8,"a",4,"b",3,"c",2,"d",1,"e",0,"-","") -> 4 | LN8: =_xlfn.SWITCH(LD8,"a",4,"b",3,"c",2,"d",1,"e",0,"-","") -> 3 | LO8: =_xlfn.SWITCH(LE8,"a",4,"b",3,"c",2,"d",1,"e",0,"-","") | LP8: =_xlfn.SWITCH(LF8,"a",4,"b",3,"c",2,"d",1,"e",0,"-","") | LQ8: =_xlfn.SWITCH(LG8,"a",4,"b",3,"c",2,"d",1,"e",0,"-","") | LR8: =_xlfn.SWITCH(LH8,"a",4,"b",3,"c",2,"d",1,"e",0,"-","") | LS8: =_xlfn.SWITCH(LI8,"a",4,"b",3,"c",2,"d",1,"e",0,"-","") | LT8: =_xlfn.SWITCH(LJ8,"a",4,"b",3,"c",2,"d",1,"e",0,"-","") | LU8: =_xlfn.SWITCH(LK8,"a",4,"b",3,"c",2,"d",1,"e",0,"-","") | LV8: =IF(COUNT(LM8:LU8)=0,"-",SUM(LM8:LU8)/COUNT(LM8:LU8)/4) -> 0.875 | LW8: =IFERROR(VLOOKUP($A8*100+LW$4,'03施策評価'!$A$5:$KD$118,COLUMN('03施策評価'!$IL:$IL),FALSE),"-") -> a | LX8: =IFERROR(VLOOKUP($A8*100+LX$4,'03施策評価'!$A$5:$KD$118,COLUMN('03施策評価'!$IL:$IL),FALSE),"-") -> b | LY8: =IFERROR(VLOOKUP($A8*100+LY$4,'03施策評価'!$A$5:$KD$118,COLUMN('03施策評価'!$IL:$IL),FALSE),"-") -> - | LZ8: =IFERROR(VLOOKUP($A8*100+LZ$4,'03施策評価'!$A$5:$KD$118,COLUMN('03施策評価'!$IL:$IL),FALSE),"-") -> - | MA8: =IFERROR(VLOOKUP($A8*100+MA$4,'03施策評価'!$A$5:$KD$118,COLUMN('03施策評価'!$IL:$IL),FALSE),"-") -> - | MB8: =IFERROR(VLOOKUP($A8*100+MB$4,'03施策評価'!$A$5:$KD$118,COLUMN('03施策評価'!$IL:$IL),FALSE),"-") -> - | MC8: =IFERROR(VLOOKUP($A8*100+MC$4,'03施策評価'!$A$5:$KD$118,COLUMN('03施策評価'!$IL:$IL),FALSE),"-") -> - | MD8: =IFERROR(VLOOKUP($A8*100+MD$4,'03施策評価'!$A$5:$KD$118,COLUMN('03施策評価'!$IL:$IL),FALSE),"-") -> - | ME8: =_xlfn.IFS(MN8="-","-",MN8>=0.8,"a",MN8>=0.6,"b",MN8>=0.4,"c",MN8>=0.2,"d",MN8<0.2,"e") -> a | MF8: =_xlfn.SWITCH(LW8,"a",4,"b",3,"c",2,"d",1,"e",0,"-","") -> 4 | MG8: =_xlfn.SWITCH(LX8,"a",4,"b",3,"c",2,"d",1,"e",0,"-","") -> 3 | MH8: =_xlfn.SWITCH(LY8,"a",4,"b",3,"c",2,"d",1,"e",0,"-","") | MI8: =_xlfn.SWITCH(LZ8,"a",4,"b",3,"c",2,"d",1,"e",0,"-","") | MJ8: =_xlfn.SWITCH(MA8,"a",4,"b",3,"c",2,"d",1,"e",0,"-","") | MK8: =_xlfn.SWITCH(MB8,"a",4,"b",3,"c",2,"d",1,"e",0,"-","") | ML8: =_xlfn.SWITCH(MC8,"a",4,"b",3,"c",2,"d",1,"e",0,"-","") | MM8: =_xlfn.SWITCH(MD8,"a",4,"b",3,"c",2,"d",1,"e",0,"-","") | MN8: =IF(COUNT(MF8:MM8)=0,"-",SUM(MF8:MM8)/COUNT(MF8:MM8)/4) -> 0.875 | MO8: =_xlfn.IFS(MR8="-","-",MR8>=0.8,"a",MR8>=0.6,"b",MR8>=0.4,"c",MR8>=0.2,"d",MR8<0.2,"e") -> a | MP8: =_xlfn.SWITCH(LL8,"a",4,"b",3,"c",2,"d",1,"e",0,"-","") -> 4 | MQ8: =_xlfn.SWITCH(ME8,"a",4/2,"b",3/2,"c",2/2,"d",1/2,"e",0,"-","") -> 2 | MR8: {=_xlfn.IFS(COUNT(MP8:MQ8)=2,SUM(MP8:MQ8)/6,COUNT(MP8:MQ8)=0,"-",MP8="",MN8,MQ8="",LV8)} -> 1 | MS8: =VLOOKUP($A8&"-"&MS$4,'05市民生活実感調査'!$A$3:$BC$218,COLUMN('05市民生活実感調査'!$BC:$BC),FALSE) -> c | MT8: =VLOOKUP($A8&"-"&MT$4,'05市民生活実感調査'!$A$3:$BC$218,COLUMN('05市民生活実感調査'!$BC:$BC),FALSE) -> c | MU8: =VLOOKUP($A8&"-"&MU$4,'05市民生活実感調査'!$A$3:$BC$218,COLUMN('05市民生活実感調査'!$BC:$BC),FALSE) -> d | MV8: =VLOOKUP($A8&"-"&MV$4,'05市民生活実感調査'!$A$3:$BC$218,COLUMN('05市民生活実感調査'!$BC:$BC),FALSE) -> c | MW8: =VLOOKUP($A8&"-"&MW$4,'05市民生活実感調査'!$A$3:$BC$218,COLUMN('05市民生活実感調査'!$BC:$BC),FALSE) -> - | MX8: =VLOOKUP($A8&"-"&MX$4,'05市民生活実感調査'!$A$3:$BC$218,COLUMN('05市民生活実感調査'!$BC:$BC),FALSE) -> - | MY8: =VLOOKUP($A8&"-"&MY$4,'05市民生活実感調査'!$A$3:$BC$218,COLUMN('05市民生活実感調査'!$BC:$BC),FALSE) -> - | MZ8: =VLOOKUP($A8&"-"&MZ$4,'05市民生活実感調査'!$A$3:$BC$218,COLUMN('05市民生活実感調査'!$BC:$BC),FALSE) -> - | NA8: =_xlfn.IFS(NJ8>=0.8,"a",NJ8>=0.6,"b",NJ8>=0.4,"c",NJ8>=0.2,"d",NJ8<0.2,"e") -> c | NB8: =_xlfn.SWITCH(MS8,"a",4,"b",3,"c",2,"d",1,"e",0,"-","") -> 2 | NC8: =_xlfn.SWITCH(MT8,"a",4,"b",3,"c",2,"d",1,"e",0,"-","") -> 2 | ND8: =_xlfn.SWITCH(MU8,"a",4,"b",3,"c",2,"d",1,"e",0,"-","") -> 1 | NE8: =_xlfn.SWITCH(MV8,"a",4,"b",3,"c",2,"d",1,"e",0,"-","") -> 2 | NF8: =_xlfn.SWITCH(MW8,"a",4,"b",3,"c",2,"d",1,"e",0,"-","") | NG8: =_xlfn.SWITCH(MX8,"a",4,"b",3,"c",2,"d",1,"e",0,"-","") | NH8: =_xlfn.SWITCH(MY8,"a",4,"b",3,"c",2,"d",1,"e",0,"-","") | NI8: =_xlfn.SWITCH(MZ8,"a",4,"b",3,"c",2,"d",1,"e",0,"-","") | NJ8: =SUM(NB8:NI8)/COUNT(NB8:NI8)/4 -> 0.4375 | NK8: =VLOOKUP($A8,'05市民生活実感調査'!$D$223:$O$249,11,FALSE) -> 2 | NL8: =VLOOKUP($A8,'05市民生活実感調査'!$D$223:$O$249,12,FALSE) -> 78.619048 | NM8: B | NN8: =VLOOKUP(NM8,プルダウン!$A$1:$B$6,2,FALSE) -> 政策の目的がかなり達成されている | NO8: 市民実感 | NP8: 市民が安全を実感した「体感治安」の現れや消費者である市民の自立意識の広がりなど、施策に係る市民の意識や生活実感が重要な分野であることから、市民生活実感評価を重視する。 | NQ8: 施策の指標である「交通事故死者数」の減少や、政策の指標である「消費生活相談件数に占める助言・あっせん解決率」についてインターネット通販を中心とした解決率の向上、更には、市民・行政・警察等が一体となり、年齢層に応じた様々な防犯・交通安全啓発を実施したことや、消費者への教育・啓発を積極的に実施してきたことが市民の関心・理解の向上につながったことから、全体としてａ評価となった。 | NR8: 特殊詐欺やSNS詐欺を始めとする犯罪被害が増加傾向にあることや、「闇バイト」による強盗事件など市民生活を脅かす多種多様な犯罪に関するニュースが日常的に報道されることを受け、これらの犯罪等が身近に起こりうるという不安感が、市民の間に生じているほか、デジタル化の急速な進展に伴い消費者トラブルが複雑化・多様化していることへの不安も相まって、ｃ評価になったと考えられる。 | NS8: =IFERROR(VLOOKUP($A8*100+NS$4,'03施策評価'!$A$5:$KD$118,COLUMN('03施策評価'!$KA:$KA),FALSE),"-") -> B | NT8: =IFERROR(VLOOKUP($A8*100+NT$4,'03施策評価'!$A$5:$KD$118,COLUMN('03施策評価'!$KA:$KA),FALSE),"-") -> C | NU8: =IFERROR(VLOOKUP($A8*100+NU$4,'03施策評価'!$A$5:$KD$118,COLUMN('03施策評価'!$KA:$KA),FALSE),"-") -> - | NV8: =IFERROR(VLOOKUP($A8*100+NV$4,'03施策評価'!$A$5:$KD$118,COLUMN('03施策評価'!$KA:$KA),FALSE),"-") -> - | NW8: =IFERROR(VLOOKUP($A8*100+NW$4,'03施策評価'!$A$5:$KD$118,COLUMN('03施策評価'!$KA:$KA),FALSE),"-") -> - | NX8: =IFERROR(VLOOKUP($A8*100+NX$4,'03施策評価'!$A$5:$KD$118,COLUMN('03施策評価'!$KA:$KA),FALSE),"-") -> - | NY8: =IFERROR(VLOOKUP($A8*100+NY$4,'03施策評価'!$A$5:$KD$118,COLUMN('03施策評価'!$KA:$KA),FALSE),"-") -> - | NZ8: =IFERROR(VLOOKUP($A8*100+NZ$4,'03施策評価'!$A$5:$KD$118,COLUMN('03施策評価'!$KA:$KA),FALSE),"-") -> - | OA8: 客観指標評価はａ評価となったが、市民生活実感評価がｃ評価となったため、総合評価結果はＢ評価となった。 引き続き、犯罪の減少が市民の体感治安の向上につながっていない状況を踏まえ、令和３年度に策定した第３次京都市生活安全基本計画に基づき、「見せる防犯」の普及促進等の様々な取組を展開する。また、悪質化・巧妙化する消費者トラブルに対する被害の防止・救済に向けて、市民の多様な特性に配慮した、迅速かつきめ細かな情報提供や啓発活動等に取り組むことで、すべての人が安心して安全に暮らせる社会の実現を目指していく。 | OB8: =VLOOKUP($A8&"-"&OB$4,'02政策の客観指標'!$A$4:$AY$246,COLUMN('02政策の客観指標'!$AY:$AY),FALSE) -> a | OC8: =VLOOKUP($A8&"-"&OC$4,'02政策の客観指標'!$A$4:$AY$246,COLUMN('02政策の客観指標'!$AY:$AY),FALSE) -> e | OD8: =VLOOKUP($A8&"-"&OD$4,'02政策の客観指標'!$A$4:$AY$246,COLUMN('02政策の客観指標'!$AY:$AY),FALSE) -> - | OE8: =VLOOKUP($A8&"-"&OE$4,'02政策の客観指標'!$A$4:$AY$246,COLUMN('02政策の客観指標'!$AY:$AY),FALSE) -> - | OF8: =VLOOKUP($A8&"-"&OF$4,'02政策の客観指標'!$A$4:$AY$246,COLUMN('02政策の客観指標'!$AY:$AY),FALSE) -> - | OG8: =VLOOKUP($A8&"-"&OG$4,'02政策の客観指標'!$A$4:$AY$246,COLUMN('02政策の客観指標'!$AY:$AY),FALSE) -> - | OH8: =VLOOKUP($A8&"-"&OH$4,'02政策の客観指標'!$A$4:$AY$246,COLUMN('02政策の客観指標'!$AY:$AY),FALSE) -> - | OI8: =VLOOKUP($A8&"-"&OI$4,'02政策の客観指標'!$A$4:$AY$246,COLUMN('02政策の客観指標'!$AY:$AY),FALSE) -> - | OJ8: =VLOOKUP($A8&"-"&OJ$4,'02政策の客観指標'!$A$4:$AY$246,COLUMN('02政策の客観指標'!$AY:$AY),FALSE) -> - | OK8: =_xlfn.IFS(OU8="-","-",OU8>=0.8,"a",OU8>=0.6,"b",OU8>=0.4,"c",OU8>=0.2,"d",OU8<0.2,"e") -> c | OL8: =_xlfn.SWITCH(OB8,"a",4,"b",3,"c",2,"d",1,"e",0,"-","") -> 4 | OM8: =_xlfn.SWITCH(OC8,"a",4,"b",3,"c",2,"d",1,"e",0,"-","") -> 0 | ON8: =_xlfn.SWITCH(OD8,"a",4,"b",3,"c",2,"d",1,"e",0,"-","") | OO8: =_xlfn.SWITCH(OE8,"a",4,"b",3,"c",2,"d",1,"e",0,"-","") | OP8: =_xlfn.SWITCH(OF8,"a",4,"b",3,"c",2,"d",1,"e",0,"-","") | OQ8: =_xlfn.SWITCH(OG8,"a",4,"b",3,"c",2,"d",1,"e",0,"-","") | OR8: =_xlfn.SWITCH(OH8,"a",4,"b",3,"c",2,"d",1,"e",0,"-","") | OS8: =_xlfn.SWITCH(OI8,"a",4,"b",3,"c",2,"d",1,"e",0,"-","") | OT8: =_xlfn.SWITCH(OJ8,"a",4,"b",3,"c",2,"d",1,"e",0,"-","") | OU8: =IF(COUNT(OL8:OT8)=0,"-",SUM(OL8:OT8)/COUNT(OL8:OT8)/4) -> 0.5 | OV8: =IFERROR(VLOOKUP($A8*100+OV$4,'03施策評価'!$A$5:$MF$118,COLUMN('03施策評価'!$KN:$KN),FALSE),"-") -> b | OW8: =IFERROR(VLOOKUP($A8*100+OW$4,'03施策評価'!$A$5:$MF$118,COLUMN('03施策評価'!$KN:$KN),FALSE),"-") -> c | OX8: =IFERROR(VLOOKUP($A8*100+OX$4,'03施策評価'!$A$5:$MF$118,COLUMN('03施策評価'!$KN:$KN),FALSE),"-") -> - | OY8: =IFERROR(VLOOKUP($A8*100+OY$4,'03施策評価'!$A$5:$MF$118,COLUMN('03施策評価'!$KN:$KN),FALSE),"-") -> - | OZ8: =IFERROR(VLOOKUP($A8*100+OZ$4,'03施策評価'!$A$5:$MF$118,COLUMN('03施策評価'!$KN:$KN),FALSE),"-") -> - | PA8: =IFERROR(VLOOKUP($A8*100+PA$4,'03施策評価'!$A$5:$MF$118,COLUMN('03施策評価'!$KN:$KN),FALSE),"-") -> - | PB8: =IFERROR(VLOOKUP($A8*100+PB$4,'03施策評価'!$A$5:$MF$118,COLUMN('03施策評価'!$KN:$KN),FALSE),"-") -> - | PC8: =IFERROR(VLOOKUP($A8*100+PC$4,'03施策評価'!$A$5:$MF$118,COLUMN('03施策評価'!$KN:$KN),FALSE),"-") -> - | PD8: =_xlfn.IFS(PM8="-","-",PM8>=0.8,"a",PM8>=0.6,"b",PM8>=0.4,"c",PM8>=0.2,"d",PM8<0.2,"e") -> b | PE8: =_xlfn.SWITCH(OV8,"a",4,"b",3,"c",2,"d",1,"e",0,"-","") -> 3 | PF8: =_xlfn.SWITCH(OW8,"a",4,"b",3,"c",2,"d",1,"e",0,"-","") -> 2 | PG8: =_xlfn.SWITCH(OX8,"a",4,"b",3,"c",2,"d",1,"e",0,"-","") | PH8: =_xlfn.SWITCH(OY8,"a",4,"b",3,"c",2,"d",1,"e",0,"-","") | PI8: =_xlfn.SWITCH(OZ8,"a",4,"b",3,"c",2,"d",1,"e",0,"-","") | PJ8: =_xlfn.SWITCH(PA8,"a",4,"b",3,"c",2,"d",1,"e",0,"-","") | PK8: =_xlfn.SWITCH(PB8,"a",4,"b",3,"c",2,"d",1,"e",0,"-","") | PL8: =_xlfn.SWITCH(PC8,"a",4,"b",3,"c",2,"d",1,"e",0,"-","") | PM8: =IF(COUNT(PE8:PL8)=0,"-",SUM(PE8:PL8)/COUNT(PE8:PL8)/4) -> 0.625 | PN8: =_xlfn.IFS(PQ8="-","-",PQ8>=0.8,"a",PQ8>=0.6,"b",PQ8>=0.4,"c",PQ8>=0.2,"d",PQ8<0.2,"e") -> c | PO8: =_xlfn.SWITCH(OK8,"a",4,"b",3,"c",2,"d",1,"e",0,"-","") -> 2 | PP8: =_xlfn.SWITCH(PD8,"a",4/2,"b",3/2,"c",2/2,"d",1/2,"e",0,"-","") -> 1.5 | PQ8: {=_xlfn.IFS(COUNT(PO8:PP8)=2,SUM(PO8:PP8)/6,COUNT(PO8:PP8)=0,"-",PO8="",PM8,PP8="",OU8)} -> 0.58333333 | PR8: =VLOOKUP($A8&"-"&PR$4,'05市民生活実感調査'!$A$3:$BM$218,COLUMN('05市民生活実感調査'!$BM:$BM),FALSE) -> c | PS8: =VLOOKUP($A8&"-"&PS$4,'05市民生活実感調査'!$A$3:$BM$218,COLUMN('05市民生活実感調査'!$BM:$BM),FALSE) -> c | PT8: =VLOOKUP($A8&"-"&PT$4,'05市民生活実感調査'!$A$3:$BM$218,COLUMN('05市民生活実感調査'!$BM:$BM),FALSE) -> c | PU8: =VLOOKUP($A8&"-"&PU$4,'05市民生活実感調査'!$A$3:$BM$218,COLUMN('05市民生活実感調査'!$BM:$BM),FALSE) -> c | PV8: =VLOOKUP($A8&"-"&PV$4,'05市民生活実感調査'!$A$3:$BM$218,COLUMN('05市民生活実感調査'!$BM:$BM),FALSE) -> - | PW8: =VLOOKUP($A8&"-"&PW$4,'05市民生活実感調査'!$A$3:$BM$218,COLUMN('05市民生活実感調査'!$BM:$BM),FALSE) -> - | PX8: =VLOOKUP($A8&"-"&PX$4,'05市民生活実感調査'!$A$3:$BM$218,COLUMN('05市民生活実感調査'!$BM:$BM),FALSE) -> - | PY8: =VLOOKUP($A8&"-"&PY$4,'05市民生活実感調査'!$A$3:$BM$218,COLUMN('05市民生活実感調査'!$BM:$BM),FALSE) -> - | PZ8: =_xlfn.IFS(QI8>=0.8,"a",QI8>=0.6,"b",QI8>=0.4,"c",QI8>=0.2,"d",QI8<0.2,"e") -> c | QA8: =_xlfn.SWITCH(PR8,"a",4,"b",3,"c",2,"d",1,"e",0,"-","") -> 2 | QB8: =_xlfn.SWITCH(PS8,"a",4,"b",3,"c",2,"d",1,"e",0,"-","") -> 2 | QC8: =_xlfn.SWITCH(PT8,"a",4,"b",3,"c",2,"d",1,"e",0,"-","") -> 2 | QD8: =_xlfn.SWITCH(PU8,"a",4,"b",3,"c",2,"d",1,"e",0,"-","") -> 2 | QE8: =_xlfn.SWITCH(PV8,"a",4,"b",3,"c",2,"d",1,"e",0,"-","") | QF8: =_xlfn.SWITCH(PW8,"a",4,"b",3,"c",2,"d",1,"e",0,"-","") | QG8: =_xlfn.SWITCH(PX8,"a",4,"b",3,"c",2,"d",1,"e",0,"-","") | QH8: =_xlfn.SWITCH(PY8,"a",4,"b",3,"c",2,"d",1,"e",0,"-","") | QI8: =SUM(QA8:QH8)/COUNT(QA8:QH8)/4 -> 0.5 | QJ8: =VLOOKUP($A8,'05市民生活実感調査'!$D$223:$Q$249,13,FALSE) -> 2 | QK8: =VLOOKUP($A8,'05市民生活実感調査'!$D$223:$Q$249,14,FALSE) -> 79.476139 | QL8: C | QM8: =VLOOKUP(QL8,プルダウン!$A$1:$B$6,2,FALSE) -> 政策の目的がそこそこ達成されている | QN8: 市民実感 | QO8: 市民が安全を実感した「体感治安」の現れや消費者である市民の自立意識の広がりなど、施策に係る市民の意識や生活実感が重要な分野であることから、市民生活実感評価を重視する。 | QP8: 政策の指標である消費生活相談に関して、消費者と事業者の主張の乖離が大きく、あっせんを行っても解決に至らない「不調」となる事案が増加したことにより、解決率が低下したほか、施策の指標である交通事故死者数が増加したこと等により、全体としてはｃ評価になった。 | QQ8: 犯罪や事故に関するニュースが日常的に報道されており、犯罪や事故が身近に起こりうるという感覚があるほか、デジタル社会の進展に伴い消費者トラブルが複雑化・多様化していることに対する不安感も相まって、ｃ評価になったと考えられる。 | QR8: =IFERROR(VLOOKUP($A8*100+QR$4,'03施策評価'!$A$5:$MF$118,COLUMN('03施策評価'!$MC:$MC),FALSE),"-") -> C | QS8: =IFERROR(VLOOKUP($A8*100+QS$4,'03施策評価'!$A$5:$MF$118,COLUMN('03施策評価'!$MC:$MC),FALSE),"-") -> C | QT8: =IFERROR(VLOOKUP($A8*100+QT$4,'03施策評価'!$A$5:$MF$118,COLUMN('03施策評価'!$MC:$MC),FALSE),"-") -> - | QU8: =IFERROR(VLOOKUP($A8*100+QU$4,'03施策評価'!$A$5:$MF$118,COLUMN('03施策評価'!$MC:$MC),FALSE),"-") -> - | QV8: =IFERROR(VLOOKUP($A8*100+QV$4,'03施策評価'!$A$5:$MF$118,COLUMN('03施策評価'!$MC:$MC),FALSE),"-") -> - | QW8: =IFERROR(VLOOKUP($A8*100+QW$4,'03施策評価'!$A$5:$MF$118,COLUMN('03施策評価'!$MC:$MC),FALSE),"-") -> - | QX8: =IFERROR(VLOOKUP($A8*100+QX$4,'03施策評価'!$A$5:$MF$118,COLUMN('03施策評価'!$MC:$MC),FALSE),"-") -> - | QY8: =IFERROR(VLOOKUP($A8*100+QY$4,'03施策評価'!$A$5:$MF$118,COLUMN('03施策評価'!$MC:$MC),FALSE),"-") -> - | QZ8: 客観指標評価、市民生活実感評価が共にｃ評価となり、総合評価結果はＣ評価となった。 令和８年３月に策定した「京都市生活安全ビジョン」に基づき、地域の交通安全運動における市民の積極的な参加や「見せる防犯」の普及促進等の様々な取組の展開によって、一人ひとりの交通安全意識の向上を図る。 また、複雑化・多様化する消費者トラブルに対応するため、被害の救済と未然防止を図りながら、多様な媒体を活用した注意喚起・啓発活動の推進や、地域における消費者見守りネットワークの充実・強化に取り組む。これらの施策を通じて、誰もが安心して安全に暮らせる地域共生社会の実現を目指す。
